Workbook

Sheet Assets
A1: Asset | B1: Placed in service | C1: Cost | D1: Recovery period (years) | E1: Business use | F1: Vehicle (No, Car, SUV, Heavy) | G1: Section 179 elected | H1: Bonus (Yes, No or a rate) | I1: Convention | J1: Bonus rate | K1: Section 179 allowed | L1: Bonus depreciation | M1: MACRS basis | N1: Depreciation this tax year | O1: Accumulated at year end | P1: Remaining basis | R1: Valid | S1: Use | T1: Cost x use | U1: Placed year | V1: Real property | W1: ADS | X1: Car | Y1: 179 eligible | Z1: Car first-year cap | AA1: 179 capped | AB1: Mid-quarter test basis | AC1: Fourth quarter | AD1: Table key | AE1: Listed | AF1: 179 deducted
I2: =IF(R2=0,"",IF(V2=1,"MM",IF(IFERROR(SUMPRODUCT(($U$2:$U$201=U2)*$AB$2:$AB$201*$AC$2:$AC$201)/SUMPRODUCT(($U$2:$U$201=U2)*$AB$2:$AB$201),0)>0.4,"MQ","HY"))) | J2: =IF(OR(R2=0,V2=1,W2=1),0,IF(ISNUMBER(H2),H2,IF(H2="No",0,IFERROR(VLOOKUP(B2,Limits!$D$2:$E$9,2,1),0)))) | K2: =AA2*IF(U2='Form 4562'!$B$3,'Form 4562'!$B$15,1) | L2: =(T2-K2)*J2 | M2: =T2-K2-L2 | N2: =IF(R2=0,0,IF(AND(('Form 4562'!$B$3-U2+1)>=1,('Form 4562'!$B$3-U2+1)<=40),INDEX(Schedule!$I$2:$AV$2,1,('Form 4562'!$B$3-U2+1)),0)) | O2: =IF(R2=0,0,SUMIF(Schedule!$I$1:$AV$1,"<="&('Form 4562'!$B$3-U2+1),Schedule!$I$2:$AV$2)) | P2: =T2-O2-(K2-AF2) | R2: =IF(AND(ISNUMBER(B2),ISNUMBER(C2)),IF(C2>0,1,0),0) | S2: =IF(ISNUMBER(E2),MIN(1,MAX(0,E2)),1) | T2: =IF(R2=1,C2*S2,0) | U2: =IF(R2=1,YEAR(B2),0) | V2: =IF(OR(D2=27.5,D2=39),1,0) | W2: =IF(AND(AE2=1,S2<=0.5),1,0) | X2: =IF(F2="Car",1,0) | Y2: =IF(AND(R2=1,OR(V2=0,AND(D2=39,IF(ISNUMBER(G2),G2,0)>0)),W2=0,S2>0.5),1,0) | Z2: =IF(X2=1,IF(J2>0,Limits!$B$5,Limits!$B$6)*S2,0) | AA2: =IF(Y2=1,MIN(IF(ISNUMBER(G2),MAX(0,G2),0),T2,IF(F2="SUV",Limits!$B$4,T2),IF(X2=1,Z2,T2)),0) | AB2: =IF(AND(R2=1,V2=0),T2-K2,0) | AC2: =IF(R2=1,IF(MONTH(B2)>=10,1,0),0) | AD2: =IF(R2=0,"",IF(V2=1,D2&"-MM"&MONTH(B2),IF(W2=1,"ADS",D2&"")&"-"&IF(I2="MQ","MQ"&ROUNDUP(MONTH(B2)/3,0),"HY"))) | AE2: =IF(OR(F2="",F2="No"),0,1) | AF2: =K2*IF(U2='Form 4562'!$B$3,'Form 4562'!$B$16,1)
I3: =IF(R3=0,"",IF(V3=1,"MM",IF(IFERROR(SUMPRODUCT(($U$2:$U$201=U3)*$AB$2:$AB$201*$AC$2:$AC$201)/SUMPRODUCT(($U$2:$U$201=U3)*$AB$2:$AB$201),0)>0.4,"MQ","HY"))) | J3: =IF(OR(R3=0,V3=1,W3=1),0,IF(ISNUMBER(H3),H3,IF(H3="No",0,IFERROR(VLOOKUP(B3,Limits!$D$2:$E$9,2,1),0)))) | K3: =AA3*IF(U3='Form 4562'!$B$3,'Form 4562'!$B$15,1) | L3: =(T3-K3)*J3 | M3: =T3-K3-L3 | N3: =IF(R3=0,0,IF(AND(('Form 4562'!$B$3-U3+1)>=1,('Form 4562'!$B$3-U3+1)<=40),INDEX(Schedule!$I$3:$AV$3,1,('Form 4562'!$B$3-U3+1)),0)) | O3: =IF(R3=0,0,SUMIF(Schedule!$I$1:$AV$1,"<="&('Form 4562'!$B$3-U3+1),Schedule!$I$3:$AV$3)) | P3: =T3-O3-(K3-AF3) | R3: =IF(AND(ISNUMBER(B3),ISNUMBER(C3)),IF(C3>0,1,0),0) | S3: =IF(ISNUMBER(E3),MIN(1,MAX(0,E3)),1) | T3: =IF(R3=1,C3*S3,0) | U3: =IF(R3=1,YEAR(B3),0) | V3: =IF(OR(D3=27.5,D3=39),1,0) | W3: =IF(AND(AE3=1,S3<=0.5),1,0) | X3: =IF(F3="Car",1,0) | Y3: =IF(AND(R3=1,OR(V3=0,AND(D3=39,IF(ISNUMBER(G3),G3,0)>0)),W3=0,S3>0.5),1,0) | Z3: =IF(X3=1,IF(J3>0,Limits!$B$5,Limits!$B$6)*S3,0) | AA3: =IF(Y3=1,MIN(IF(ISNUMBER(G3),MAX(0,G3),0),T3,IF(F3="SUV",Limits!$B$4,T3),IF(X3=1,Z3,T3)),0) | AB3: =IF(AND(R3=1,V3=0),T3-K3,0) | AC3: =IF(R3=1,IF(MONTH(B3)>=10,1,0),0) | AD3: =IF(R3=0,"",IF(V3=1,D3&"-MM"&MONTH(B3),IF(W3=1,"ADS",D3&"")&"-"&IF(I3="MQ","MQ"&ROUNDUP(MONTH(B3)/3,0),"HY"))) | AE3: =IF(OR(F3="",F3="No"),0,1) | AF3: =K3*IF(U3='Form 4562'!$B$3,'Form 4562'!$B$16,1)
I4: =IF(R4=0,"",IF(V4=1,"MM",IF(IFERROR(SUMPRODUCT(($U$2:$U$201=U4)*$AB$2:$AB$201*$AC$2:$AC$201)/SUMPRODUCT(($U$2:$U$201=U4)*$AB$2:$AB$201),0)>0.4,"MQ","HY"))) | J4: =IF(OR(R4=0,V4=1,W4=1),0,IF(ISNUMBER(H4),H4,IF(H4="No",0,IFERROR(VLOOKUP(B4,Limits!$D$2:$E$9,2,1),0)))) | K4: =AA4*IF(U4='Form 4562'!$B$3,'Form 4562'!$B$15,1) | L4: =(T4-K4)*J4 | M4: =T4-K4-L4 | N4: =IF(R4=0,0,IF(AND(('Form 4562'!$B$3-U4+1)>=1,('Form 4562'!$B$3-U4+1)<=40),INDEX(Schedule!$I$4:$AV$4,1,('Form 4562'!$B$3-U4+1)),0)) | O4: =IF(R4=0,0,SUMIF(Schedule!$I$1:$AV$1,"<="&('Form 4562'!$B$3-U4+1),Schedule!$I$4:$AV$4)) | P4: =T4-O4-(K4-AF4) | R4: =IF(AND(ISNUMBER(B4),ISNUMBER(C4)),IF(C4>0,1,0),0) | S4: =IF(ISNUMBER(E4),MIN(1,MAX(0,E4)),1) | T4: =IF(R4=1,C4*S4,0) | U4: =IF(R4=1,YEAR(B4),0) | V4: =IF(OR(D4=27.5,D4=39),1,0) | W4: =IF(AND(AE4=1,S4<=0.5),1,0) | X4: =IF(F4="Car",1,0) | Y4: =IF(AND(R4=1,OR(V4=0,AND(D4=39,IF(ISNUMBER(G4),G4,0)>0)),W4=0,S4>0.5),1,0) | Z4: =IF(X4=1,IF(J4>0,Limits!$B$5,Limits!$B$6)*S4,0) | AA4: =IF(Y4=1,MIN(IF(ISNUMBER(G4),MAX(0,G4),0),T4,IF(F4="SUV",Limits!$B$4,T4),IF(X4=1,Z4,T4)),0) | AB4: =IF(AND(R4=1,V4=0),T4-K4,0) | AC4: =IF(R4=1,IF(MONTH(B4)>=10,1,0),0) | AD4: =IF(R4=0,"",IF(V4=1,D4&"-MM"&MONTH(B4),IF(W4=1,"ADS",D4&"")&"-"&IF(I4="MQ","MQ"&ROUNDUP(MONTH(B4)/3,0),"HY"))) | AE4: =IF(OR(F4="",F4="No"),0,1) | AF4: =K4*IF(U4='Form 4562'!$B$3,'Form 4562'!$B$16,1)
I5: =IF(R5=0,"",IF(V5=1,"MM",IF(IFERROR(SUMPRODUCT(($U$2:$U$201=U5)*$AB$2:$AB$201*$AC$2:$AC$201)/SUMPRODUCT(($U$2:$U$201=U5)*$AB$2:$AB$201),0)>0.4,"MQ","HY"))) | J5: =IF(OR(R5=0,V5=1,W5=1),0,IF(ISNUMBER(H5),H5,IF(H5="No",0,IFERROR(VLOOKUP(B5,Limits!$D$2:$E$9,2,1),0)))) | K5: =AA5*IF(U5='Form 4562'!$B$3,'Form 4562'!$B$15,1) | L5: =(T5-K5)*J5 | M5: =T5-K5-L5 | N5: =IF(R5=0,0,IF(AND(('Form 4562'!$B$3-U5+1)>=1,('Form 4562'!$B$3-U5+1)<=40),INDEX(Schedule!$I$5:$AV$5,1,('Form 4562'!$B$3-U5+1)),0)) | O5: =IF(R5=0,0,SUMIF(Schedule!$I$1:$AV$1,"<="&('Form 4562'!$B$3-U5+1),Schedule!$I$5:$AV$5)) | P5: =T5-O5-(K5-AF5) | R5: =IF(AND(ISNUMBER(B5),ISNUMBER(C5)),IF(C5>0,1,0),0) | S5: =IF(ISNUMBER(E5),MIN(1,MAX(0,E5)),1) | T5: =IF(R5=1,C5*S5,0) | U5: =IF(R5=1,YEAR(B5),0) | V5: =IF(OR(D5=27.5,D5=39),1,0) | W5: =IF(AND(AE5=1,S5<=0.5),1,0) | X5: =IF(F5="Car",1,0) | Y5: =IF(AND(R5=1,OR(V5=0,AND(D5=39,IF(ISNUMBER(G5),G5,0)>0)),W5=0,S5>0.5),1,0) | Z5: =IF(X5=1,IF(J5>0,Limits!$B$5,Limits!$B$6)*S5,0) | AA5: =IF(Y5=1,MIN(IF(ISNUMBER(G5),MAX(0,G5),0),T5,IF(F5="SUV",Limits!$B$4,T5),IF(X5=1,Z5,T5)),0) | AB5: =IF(AND(R5=1,V5=0),T5-K5,0) | AC5: =IF(R5=1,IF(MONTH(B5)>=10,1,0),0) | AD5: =IF(R5=0,"",IF(V5=1,D5&"-MM"&MONTH(B5),IF(W5=1,"ADS",D5&"")&"-"&IF(I5="MQ","MQ"&ROUNDUP(MONTH(B5)/3,0),"HY"))) | AE5: =IF(OR(F5="",F5="No"),0,1) | AF5: =K5*IF(U5='Form 4562'!$B$3,'Form 4562'!$B$16,1)
I6: =IF(R6=0,"",IF(V6=1,"MM",IF(IFERROR(SUMPRODUCT(($U$2:$U$201=U6)*$AB$2:$AB$201*$AC$2:$AC$201)/SUMPRODUCT(($U$2:$U$201=U6)*$AB$2:$AB$201),0)>0.4,"MQ","HY"))) | J6: =IF(OR(R6=0,V6=1,W6=1),0,IF(ISNUMBER(H6),H6,IF(H6="No",0,IFERROR(VLOOKUP(B6,Limits!$D$2:$E$9,2,1),0)))) | K6: =AA6*IF(U6='Form 4562'!$B$3,'Form 4562'!$B$15,1) | L6: =(T6-K6)*J6 | M6: =T6-K6-L6 | N6: =IF(R6=0,0,IF(AND(('Form 4562'!$B$3-U6+1)>=1,('Form 4562'!$B$3-U6+1)<=40),INDEX(Schedule!$I$6:$AV$6,1,('Form 4562'!$B$3-U6+1)),0)) | O6: =IF(R6=0,0,SUMIF(Schedule!$I$1:$AV$1,"<="&('Form 4562'!$B$3-U6+1),Schedule!$I$6:$AV$6)) | P6: =T6-O6-(K6-AF6) | R6: =IF(AND(ISNUMBER(B6),ISNUMBER(C6)),IF(C6>0,1,0),0) | S6: =IF(ISNUMBER(E6),MIN(1,MAX(0,E6)),1) | T6: =IF(R6=1,C6*S6,0) | U6: =IF(R6=1,YEAR(B6),0) | V6: =IF(OR(D6=27.5,D6=39),1,0) | W6: =IF(AND(AE6=1,S6<=0.5),1,0) | X6: =IF(F6="Car",1,0) | Y6: =IF(AND(R6=1,OR(V6=0,AND(D6=39,IF(ISNUMBER(G6),G6,0)>0)),W6=0,S6>0.5),1,0) | Z6: =IF(X6=1,IF(J6>0,Limits!$B$5,Limits!$B$6)*S6,0) | AA6: =IF(Y6=1,MIN(IF(ISNUMBER(G6),MAX(0,G6),0),T6,IF(F6="SUV",Limits!$B$4,T6),IF(X6=1,Z6,T6)),0) | AB6: =IF(AND(R6=1,V6=0),T6-K6,0) | AC6: =IF(R6=1,IF(MONTH(B6)>=10,1,0),0) | AD6: =IF(R6=0,"",IF(V6=1,D6&"-MM"&MONTH(B6),IF(W6=1,"ADS",D6&"")&"-"&IF(I6="MQ","MQ"&ROUNDUP(MONTH(B6)/3,0),"HY"))) | AE6: =IF(OR(F6="",F6="No"),0,1) | AF6: =K6*IF(U6='Form 4562'!$B$3,'Form 4562'!$B$16,1)
I7: =IF(R7=0,"",IF(V7=1,"MM",IF(IFERROR(SUMPRODUCT(($U$2:$U$201=U7)*$AB$2:$AB$201*$AC$2:$AC$201)/SUMPRODUCT(($U$2:$U$201=U7)*$AB$2:$AB$201),0)>0.4,"MQ","HY"))) | J7: =IF(OR(R7=0,V7=1,W7=1),0,IF(ISNUMBER(H7),H7,IF(H7="No",0,IFERROR(VLOOKUP(B7,Limits!$D$2:$E$9,2,1),0)))) | K7: =AA7*IF(U7='Form 4562'!$B$3,'Form 4562'!$B$15,1) | L7: =(T7-K7)*J7 | M7: =T7-K7-L7 | N7: =IF(R7=0,0,IF(AND(('Form 4562'!$B$3-U7+1)>=1,('Form 4562'!$B$3-U7+1)<=40),INDEX(Schedule!$I$7:$AV$7,1,('Form 4562'!$B$3-U7+1)),0)) | O7: =IF(R7=0,0,SUMIF(Schedule!$I$1:$AV$1,"<="&('Form 4562'!$B$3-U7+1),Schedule!$I$7:$AV$7)) | P7: =T7-O7-(K7-AF7) | R7: =IF(AND(ISNUMBER(B7),ISNUMBER(C7)),IF(C7>0,1,0),0) | S7: =IF(ISNUMBER(E7),MIN(1,MAX(0,E7)),1) | T7: =IF(R7=1,C7*S7,0) | U7: =IF(R7=1,YEAR(B7),0) | V7: =IF(OR(D7=27.5,D7=39),1,0) | W7: =IF(AND(AE7=1,S7<=0.5),1,0) | X7: =IF(F7="Car",1,0) | Y7: =IF(AND(R7=1,OR(V7=0,AND(D7=39,IF(ISNUMBER(G7),G7,0)>0)),W7=0,S7>0.5),1,0) | Z7: =IF(X7=1,IF(J7>0,Limits!$B$5,Limits!$B$6)*S7,0) | AA7: =IF(Y7=1,MIN(IF(ISNUMBER(G7),MAX(0,G7),0),T7,IF(F7="SUV",Limits!$B$4,T7),IF(X7=1,Z7,T7)),0) | AB7: =IF(AND(R7=1,V7=0),T7-K7,0) | AC7: =IF(R7=1,IF(MONTH(B7)>=10,1,0),0) | AD7: =IF(R7=0,"",IF(V7=1,D7&"-MM"&MONTH(B7),IF(W7=1,"ADS",D7&"")&"-"&IF(I7="MQ","MQ"&ROUNDUP(MONTH(B7)/3,0),"HY"))) | AE7: =IF(OR(F7="",F7="No"),0,1) | AF7: =K7*IF(U7='Form 4562'!$B$3,'Form 4562'!$B$16,1)
I8: =IF(R8=0,"",IF(V8=1,"MM",IF(IFERROR(SUMPRODUCT(($U$2:$U$201=U8)*$AB$2:$AB$201*$AC$2:$AC$201)/SUMPRODUCT(($U$2:$U$201=U8)*$AB$2:$AB$201),0)>0.4,"MQ","HY"))) | J8: =IF(OR(R8=0,V8=1,W8=1),0,IF(ISNUMBER(H8),H8,IF(H8="No",0,IFERROR(VLOOKUP(B8,Limits!$D$2:$E$9,2,1),0)))) | K8: =AA8*IF(U8='Form 4562'!$B$3,'Form 4562'!$B$15,1) | L8: =(T8-K8)*J8 | M8: =T8-K8-L8 | N8: =IF(R8=0,0,IF(AND(('Form 4562'!$B$3-U8+1)>=1,('Form 4562'!$B$3-U8+1)<=40),INDEX(Schedule!$I$8:$AV$8,1,('Form 4562'!$B$3-U8+1)),0)) | O8: =IF(R8=0,0,SUMIF(Schedule!$I$1:$AV$1,"<="&('Form 4562'!$B$3-U8+1),Schedule!$I$8:$AV$8)) | P8: =T8-O8-(K8-AF8) | R8: =IF(AND(ISNUMBER(B8),ISNUMBER(C8)),IF(C8>0,1,0),0) | S8: =IF(ISNUMBER(E8),MIN(1,MAX(0,E8)),1) | T8: =IF(R8=1,C8*S8,0) | U8: =IF(R8=1,YEAR(B8),0) | V8: =IF(OR(D8=27.5,D8=39),1,0) | W8: =IF(AND(AE8=1,S8<=0.5),1,0) | X8: =IF(F8="Car",1,0) | Y8: =IF(AND(R8=1,OR(V8=0,AND(D8=39,IF(ISNUMBER(G8),G8,0)>0)),W8=0,S8>0.5),1,0) | Z8: =IF(X8=1,IF(J8>0,Limits!$B$5,Limits!$B$6)*S8,0) | AA8: =IF(Y8=1,MIN(IF(ISNUMBER(G8),MAX(0,G8),0),T8,IF(F8="SUV",Limits!$B$4,T8),IF(X8=1,Z8,T8)),0) | AB8: =IF(AND(R8=1,V8=0),T8-K8,0) | AC8: =IF(R8=1,IF(MONTH(B8)>=10,1,0),0) | AD8: =IF(R8=0,"",IF(V8=1,D8&"-MM"&MONTH(B8),IF(W8=1,"ADS",D8&"")&"-"&IF(I8="MQ","MQ"&ROUNDUP(MONTH(B8)/3,0),"HY"))) | AE8: =IF(OR(F8="",F8="No"),0,1) | AF8: =K8*IF(U8='Form 4562'!$B$3,'Form 4562'!$B$16,1)
I9: =IF(R9=0,"",IF(V9=1,"MM",IF(IFERROR(SUMPRODUCT(($U$2:$U$201=U9)*$AB$2:$AB$201*$AC$2:$AC$201)/SUMPRODUCT(($U$2:$U$201=U9)*$AB$2:$AB$201),0)>0.4,"MQ","HY"))) | J9: =IF(OR(R9=0,V9=1,W9=1),0,IF(ISNUMBER(H9),H9,IF(H9="No",0,IFERROR(VLOOKUP(B9,Limits!$D$2:$E$9,2,1),0)))) | K9: =AA9*IF(U9='Form 4562'!$B$3,'Form 4562'!$B$15,1) | L9: =(T9-K9)*J9 | M9: =T9-K9-L9 | N9: =IF(R9=0,0,IF(AND(('Form 4562'!$B$3-U9+1)>=1,('Form 4562'!$B$3-U9+1)<=40),INDEX(Schedule!$I$9:$AV$9,1,('Form 4562'!$B$3-U9+1)),0)) | O9: =IF(R9=0,0,SUMIF(Schedule!$I$1:$AV$1,"<="&('Form 4562'!$B$3-U9+1),Schedule!$I$9:$AV$9)) | P9: =T9-O9-(K9-AF9) | R9: =IF(AND(ISNUMBER(B9),ISNUMBER(C9)),IF(C9>0,1,0),0) | S9: =IF(ISNUMBER(E9),MIN(1,MAX(0,E9)),1) | T9: =IF(R9=1,C9*S9,0) | U9: =IF(R9=1,YEAR(B9),0) | V9: =IF(OR(D9=27.5,D9=39),1,0) | W9: =IF(AND(AE9=1,S9<=0.5),1,0) | X9: =IF(F9="Car",1,0) | Y9: =IF(AND(R9=1,OR(V9=0,AND(D9=39,IF(ISNUMBER(G9),G9,0)>0)),W9=0,S9>0.5),1,0) | Z9: =IF(X9=1,IF(J9>0,Limits!$B$5,Limits!$B$6)*S9,0) | AA9: =IF(Y9=1,MIN(IF(ISNUMBER(G9),MAX(0,G9),0),T9,IF(F9="SUV",Limits!$B$4,T9),IF(X9=1,Z9,T9)),0) | AB9: =IF(AND(R9=1,V9=0),T9-K9,0) | AC9: =IF(R9=1,IF(MONTH(B9)>=10,1,0),0) | AD9: =IF(R9=0,"",IF(V9=1,D9&"-MM"&MONTH(B9),IF(W9=1,"ADS",D9&"")&"-"&IF(I9="MQ","MQ"&ROUNDUP(MONTH(B9)/3,0),"HY"))) | AE9: =IF(OR(F9="",F9="No"),0,1) | AF9: =K9*IF(U9='Form 4562'!$B$3,'Form 4562'!$B$16,1)
I10: =IF(R10=0,"",IF(V10=1,"MM",IF(IFERROR(SUMPRODUCT(($U$2:$U$201=U10)*$AB$2:$AB$201*$AC$2:$AC$201)/SUMPRODUCT(($U$2:$U$201=U10)*$AB$2:$AB$201),0)>0.4,"MQ","HY"))) | J10: =IF(OR(R10=0,V10=1,W10=1),0,IF(ISNUMBER(H10),H10,IF(H10="No",0,IFERROR(VLOOKUP(B10,Limits!$D$2:$E$9,2,1),0)))) | K10: =AA10*IF(U10='Form 4562'!$B$3,'Form 4562'!$B$15,1) | L10: =(T10-K10)*J10 | M10: =T10-K10-L10 | N10: =IF(R10=0,0,IF(AND(('Form 4562'!$B$3-U10+1)>=1,('Form 4562'!$B$3-U10+1)<=40),INDEX(Schedule!$I$10:$AV$10,1,('Form 4562'!$B$3-U10+1)),0)) | O10: =IF(R10=0,0,SUMIF(Schedule!$I$1:$AV$1,"<="&('Form 4562'!$B$3-U10+1),Schedule!$I$10:$AV$10)) | P10: =T10-O10-(K10-AF10) | R10: =IF(AND(ISNUMBER(B10),ISNUMBER(C10)),IF(C10>0,1,0),0) | S10: =IF(ISNUMBER(E10),MIN(1,MAX(0,E10)),1) | T10: =IF(R10=1,C10*S10,0) | U10: =IF(R10=1,YEAR(B10),0) | V10: =IF(OR(D10=27.5,D10=39),1,0) | W10: =IF(AND(AE10=1,S10<=0.5),1,0) | X10: =IF(F10="Car",1,0) | Y10: =IF(AND(R10=1,OR(V10=0,AND(D10=39,IF(ISNUMBER(G10),G10,0)>0)),W10=0,S10>0.5),1,0) | Z10: =IF(X10=1,IF(J10>0,Limits!$B$5,Limits!$B$6)*S10,0) | AA10: =IF(Y10=1,MIN(IF(ISNUMBER(G10),MAX(0,G10),0),T10,IF(F10="SUV",Limits!$B$4,T10),IF(X10=1,Z10,T10)),0) | AB10: =IF(AND(R10=1,V10=0),T10-K10,0) | AC10: =IF(R10=1,IF(MONTH(B10)>=10,1,0),0) | AD10: =IF(R10=0,"",IF(V10=1,D10&"-MM"&MONTH(B10),IF(W10=1,"ADS",D10&"")&"-"&IF(I10="MQ","MQ"&ROUNDUP(MONTH(B10)/3,0),"HY"))) | AE10: =IF(OR(F10="",F10="No"),0,1) | AF10: =K10*IF(U10='Form 4562'!$B$3,'Form 4562'!$B$16,1)
I11: =IF(R11=0,"",IF(V11=1,"MM",IF(IFERROR(SUMPRODUCT(($U$2:$U$201=U11)*$AB$2:$AB$201*$AC$2:$AC$201)/SUMPRODUCT(($U$2:$U$201=U11)*$AB$2:$AB$201),0)>0.4,"MQ","HY"))) | J11: =IF(OR(R11=0,V11=1,W11=1),0,IF(ISNUMBER(H11),H11,IF(H11="No",0,IFERROR(VLOOKUP(B11,Limits!$D$2:$E$9,2,1),0)))) | K11: =AA11*IF(U11='Form 4562'!$B$3,'Form 4562'!$B$15,1) | L11: =(T11-K11)*J11 | M11: =T11-K11-L11 | N11: =IF(R11=0,0,IF(AND(('Form 4562'!$B$3-U11+1)>=1,('Form 4562'!$B$3-U11+1)<=40),INDEX(Schedule!$I$11:$AV$11,1,('Form 4562'!$B$3-U11+1)),0)) | O11: =IF(R11=0,0,SUMIF(Schedule!$I$1:$AV$1,"<="&('Form 4562'!$B$3-U11+1),Schedule!$I$11:$AV$11)) | P11: =T11-O11-(K11-AF11) | R11: =IF(AND(ISNUMBER(B11),ISNUMBER(C11)),IF(C11>0,1,0),0) | S11: =IF(ISNUMBER(E11),MIN(1,MAX(0,E11)),1) | T11: =IF(R11=1,C11*S11,0) | U11: =IF(R11=1,YEAR(B11),0) | V11: =IF(OR(D11=27.5,D11=39),1,0) | W11: =IF(AND(AE11=1,S11<=0.5),1,0) | X11: =IF(F11="Car",1,0) | Y11: =IF(AND(R11=1,OR(V11=0,AND(D11=39,IF(ISNUMBER(G11),G11,0)>0)),W11=0,S11>0.5),1,0) | Z11: =IF(X11=1,IF(J11>0,Limits!$B$5,Limits!$B$6)*S11,0) | AA11: =IF(Y11=1,MIN(IF(ISNUMBER(G11),MAX(0,G11),0),T11,IF(F11="SUV",Limits!$B$4,T11),IF(X11=1,Z11,T11)),0) | AB11: =IF(AND(R11=1,V11=0),T11-K11,0) | AC11: =IF(R11=1,IF(MONTH(B11)>=10,1,0),0) | AD11: =IF(R11=0,"",IF(V11=1,D11&"-MM"&MONTH(B11),IF(W11=1,"ADS",D11&"")&"-"&IF(I11="MQ","MQ"&ROUNDUP(MONTH(B11)/3,0),"HY"))) | AE11: =IF(OR(F11="",F11="No"),0,1) | AF11: =K11*IF(U11='Form 4562'!$B$3,'Form 4562'!$B$16,1)
I12: =IF(R12=0,"",IF(V12=1,"MM",IF(IFERROR(SUMPRODUCT(($U$2:$U$201=U12)*$AB$2:$AB$201*$AC$2:$AC$201)/SUMPRODUCT(($U$2:$U$201=U12)*$AB$2:$AB$201),0)>0.4,"MQ","HY"))) | J12: =IF(OR(R12=0,V12=1,W12=1),0,IF(ISNUMBER(H12),H12,IF(H12="No",0,IFERROR(VLOOKUP(B12,Limits!$D$2:$E$9,2,1),0)))) | K12: =AA12*IF(U12='Form 4562'!$B$3,'Form 4562'!$B$15,1) | L12: =(T12-K12)*J12 | M12: =T12-K12-L12 | N12: =IF(R12=0,0,IF(AND(('Form 4562'!$B$3-U12+1)>=1,('Form 4562'!$B$3-U12+1)<=40),INDEX(Schedule!$I$12:$AV$12,1,('Form 4562'!$B$3-U12+1)),0)) | O12: =IF(R12=0,0,SUMIF(Schedule!$I$1:$AV$1,"<="&('Form 4562'!$B$3-U12+1),Schedule!$I$12:$AV$12)) | P12: =T12-O12-(K12-AF12) | R12: =IF(AND(ISNUMBER(B12),ISNUMBER(C12)),IF(C12>0,1,0),0) | S12: =IF(ISNUMBER(E12),MIN(1,MAX(0,E12)),1) | T12: =IF(R12=1,C12*S12,0) | U12: =IF(R12=1,YEAR(B12),0) | V12: =IF(OR(D12=27.5,D12=39),1,0) | W12: =IF(AND(AE12=1,S12<=0.5),1,0) | X12: =IF(F12="Car",1,0) | Y12: =IF(AND(R12=1,OR(V12=0,AND(D12=39,IF(ISNUMBER(G12),G12,0)>0)),W12=0,S12>0.5),1,0) | Z12: =IF(X12=1,IF(J12>0,Limits!$B$5,Limits!$B$6)*S12,0) | AA12: =IF(Y12=1,MIN(IF(ISNUMBER(G12),MAX(0,G12),0),T12,IF(F12="SUV",Limits!$B$4,T12),IF(X12=1,Z12,T12)),0) | AB12: =IF(AND(R12=1,V12=0),T12-K12,0) | AC12: =IF(R12=1,IF(MONTH(B12)>=10,1,0),0) | AD12: =IF(R12=0,"",IF(V12=1,D12&"-MM"&MONTH(B12),IF(W12=1,"ADS",D12&"")&"-"&IF(I12="MQ","MQ"&ROUNDUP(MONTH(B12)/3,0),"HY"))) | AE12: =IF(OR(F12="",F12="No"),0,1) | AF12: =K12*IF(U12='Form 4562'!$B$3,'Form 4562'!$B$16,1)
I13: =IF(R13=0,"",IF(V13=1,"MM",IF(IFERROR(SUMPRODUCT(($U$2:$U$201=U13)*$AB$2:$AB$201*$AC$2:$AC$201)/SUMPRODUCT(($U$2:$U$201=U13)*$AB$2:$AB$201),0)>0.4,"MQ","HY"))) | J13: =IF(OR(R13=0,V13=1,W13=1),0,IF(ISNUMBER(H13),H13,IF(H13="No",0,IFERROR(VLOOKUP(B13,Limits!$D$2:$E$9,2,1),0)))) | K13: =AA13*IF(U13='Form 4562'!$B$3,'Form 4562'!$B$15,1) | L13: =(T13-K13)*J13 | M13: =T13-K13-L13 | N13: =IF(R13=0,0,IF(AND(('Form 4562'!$B$3-U13+1)>=1,('Form 4562'!$B$3-U13+1)<=40),INDEX(Schedule!$I$13:$AV$13,1,('Form 4562'!$B$3-U13+1)),0)) | O13: =IF(R13=0,0,SUMIF(Schedule!$I$1:$AV$1,"<="&('Form 4562'!$B$3-U13+1),Schedule!$I$13:$AV$13)) | P13: =T13-O13-(K13-AF13) | R13: =IF(AND(ISNUMBER(B13),ISNUMBER(C13)),IF(C13>0,1,0),0) | S13: =IF(ISNUMBER(E13),MIN(1,MAX(0,E13)),1) | T13: =IF(R13=1,C13*S13,0) | U13: =IF(R13=1,YEAR(B13),0) | V13: =IF(OR(D13=27.5,D13=39),1,0) | W13: =IF(AND(AE13=1,S13<=0.5),1,0) | X13: =IF(F13="Car",1,0) | Y13: =IF(AND(R13=1,OR(V13=0,AND(D13=39,IF(ISNUMBER(G13),G13,0)>0)),W13=0,S13>0.5),1,0) | Z13: =IF(X13=1,IF(J13>0,Limits!$B$5,Limits!$B$6)*S13,0) | AA13: =IF(Y13=1,MIN(IF(ISNUMBER(G13),MAX(0,G13),0),T13,IF(F13="SUV",Limits!$B$4,T13),IF(X13=1,Z13,T13)),0) | AB13: =IF(AND(R13=1,V13=0),T13-K13,0) | AC13: =IF(R13=1,IF(MONTH(B13)>=10,1,0),0) | AD13: =IF(R13=0,"",IF(V13=1,D13&"-MM"&MONTH(B13),IF(W13=1,"ADS",D13&"")&"-"&IF(I13="MQ","MQ"&ROUNDUP(MONTH(B13)/3,0),"HY"))) | AE13: =IF(OR(F13="",F13="No"),0,1) | AF13: =K13*IF(U13='Form 4562'!$B$3,'Form 4562'!$B$16,1)
I14: =IF(R14=0,"",IF(V14=1,"MM",IF(IFERROR(SUMPRODUCT(($U$2:$U$201=U14)*$AB$2:$AB$201*$AC$2:$AC$201)/SUMPRODUCT(($U$2:$U$201=U14)*$AB$2:$AB$201),0)>0.4,"MQ","HY"))) | J14: =IF(OR(R14=0,V14=1,W14=1),0,IF(ISNUMBER(H14),H14,IF(H14="No",0,IFERROR(VLOOKUP(B14,Limits!$D$2:$E$9,2,1),0)))) | K14: =AA14*IF(U14='Form 4562'!$B$3,'Form 4562'!$B$15,1) | L14: =(T14-K14)*J14 | M14: =T14-K14-L14 | N14: =IF(R14=0,0,IF(AND(('Form 4562'!$B$3-U14+1)>=1,('Form 4562'!$B$3-U14+1)<=40),INDEX(Schedule!$I$14:$AV$14,1,('Form 4562'!$B$3-U14+1)),0)) | O14: =IF(R14=0,0,SUMIF(Schedule!$I$1:$AV$1,"<="&('Form 4562'!$B$3-U14+1),Schedule!$I$14:$AV$14)) | P14: =T14-O14-(K14-AF14) | R14: =IF(AND(ISNUMBER(B14),ISNUMBER(C14)),IF(C14>0,1,0),0) | S14: =IF(ISNUMBER(E14),MIN(1,MAX(0,E14)),1) | T14: =IF(R14=1,C14*S14,0) | U14: =IF(R14=1,YEAR(B14),0) | V14: =IF(OR(D14=27.5,D14=39),1,0) | W14: =IF(AND(AE14=1,S14<=0.5),1,0) | X14: =IF(F14="Car",1,0) | Y14: =IF(AND(R14=1,OR(V14=0,AND(D14=39,IF(ISNUMBER(G14),G14,0)>0)),W14=0,S14>0.5),1,0) | Z14: =IF(X14=1,IF(J14>0,Limits!$B$5,Limits!$B$6)*S14,0) | AA14: =IF(Y14=1,MIN(IF(ISNUMBER(G14),MAX(0,G14),0),T14,IF(F14="SUV",Limits!$B$4,T14),IF(X14=1,Z14,T14)),0) | AB14: =IF(AND(R14=1,V14=0),T14-K14,0) | AC14: =IF(R14=1,IF(MONTH(B14)>=10,1,0),0) | AD14: =IF(R14=0,"",IF(V14=1,D14&"-MM"&MONTH(B14),IF(W14=1,"ADS",D14&"")&"-"&IF(I14="MQ","MQ"&ROUNDUP(MONTH(B14)/3,0),"HY"))) | AE14: =IF(OR(F14="",F14="No"),0,1) | AF14: =K14*IF(U14='Form 4562'!$B$3,'Form 4562'!$B$16,1)
I15: =IF(R15=0,"",IF(V15=1,"MM",IF(IFERROR(SUMPRODUCT(($U$2:$U$201=U15)*$AB$2:$AB$201*$AC$2:$AC$201)/SUMPRODUCT(($U$2:$U$201=U15)*$AB$2:$AB$201),0)>0.4,"MQ","HY"))) | J15: =IF(OR(R15=0,V15=1,W15=1),0,IF(ISNUMBER(H15),H15,IF(H15="No",0,IFERROR(VLOOKUP(B15,Limits!$D$2:$E$9,2,1),0)))) | K15: =AA15*IF(U15='Form 4562'!$B$3,'Form 4562'!$B$15,1) | L15: =(T15-K15)*J15 | M15: =T15-K15-L15 | N15: =IF(R15=0,0,IF(AND(('Form 4562'!$B$3-U15+1)>=1,('Form 4562'!$B$3-U15+1)<=40),INDEX(Schedule!$I$15:$AV$15,1,('Form 4562'!$B$3-U15+1)),0)) | O15: =IF(R15=0,0,SUMIF(Schedule!$I$1:$AV$1,"<="&('Form 4562'!$B$3-U15+1),Schedule!$I$15:$AV$15)) | P15: =T15-O15-(K15-AF15) | R15: =IF(AND(ISNUMBER(B15),ISNUMBER(C15)),IF(C15>0,1,0),0) | S15: =IF(ISNUMBER(E15),MIN(1,MAX(0,E15)),1) | T15: =IF(R15=1,C15*S15,0) | U15: =IF(R15=1,YEAR(B15),0) | V15: =IF(OR(D15=27.5,D15=39),1,0) | W15: =IF(AND(AE15=1,S15<=0.5),1,0) | X15: =IF(F15="Car",1,0) | Y15: =IF(AND(R15=1,OR(V15=0,AND(D15=39,IF(ISNUMBER(G15),G15,0)>0)),W15=0,S15>0.5),1,0) | Z15: =IF(X15=1,IF(J15>0,Limits!$B$5,Limits!$B$6)*S15,0) | AA15: =IF(Y15=1,MIN(IF(ISNUMBER(G15),MAX(0,G15),0),T15,IF(F15="SUV",Limits!$B$4,T15),IF(X15=1,Z15,T15)),0) | AB15: =IF(AND(R15=1,V15=0),T15-K15,0) | AC15: =IF(R15=1,IF(MONTH(B15)>=10,1,0),0) | AD15: =IF(R15=0,"",IF(V15=1,D15&"-MM"&MONTH(B15),IF(W15=1,"ADS",D15&"")&"-"&IF(I15="MQ","MQ"&ROUNDUP(MONTH(B15)/3,0),"HY"))) | AE15: =IF(OR(F15="",F15="No"),0,1) | AF15: =K15*IF(U15='Form 4562'!$B$3,'Form 4562'!$B$16,1)
I16: =IF(R16=0,"",IF(V16=1,"MM",IF(IFERROR(SUMPRODUCT(($U$2:$U$201=U16)*$AB$2:$AB$201*$AC$2:$AC$201)/SUMPRODUCT(($U$2:$U$201=U16)*$AB$2:$AB$201),0)>0.4,"MQ","HY"))) | J16: =IF(OR(R16=0,V16=1,W16=1),0,IF(ISNUMBER(H16),H16,IF(H16="No",0,IFERROR(VLOOKUP(B16,Limits!$D$2:$E$9,2,1),0)))) | K16: =AA16*IF(U16='Form 4562'!$B$3,'Form 4562'!$B$15,1) | L16: =(T16-K16)*J16 | M16: =T16-K16-L16 | N16: =IF(R16=0,0,IF(AND(('Form 4562'!$B$3-U16+1)>=1,('Form 4562'!$B$3-U16+1)<=40),INDEX(Schedule!$I$16:$AV$16,1,('Form 4562'!$B$3-U16+1)),0)) | O16: =IF(R16=0,0,SUMIF(Schedule!$I$1:$AV$1,"<="&('Form 4562'!$B$3-U16+1),Schedule!$I$16:$AV$16)) | P16: =T16-O16-(K16-AF16) | R16: =IF(AND(ISNUMBER(B16),ISNUMBER(C16)),IF(C16>0,1,0),0) | S16: =IF(ISNUMBER(E16),MIN(1,MAX(0,E16)),1) | T16: =IF(R16=1,C16*S16,0) | U16: =IF(R16=1,YEAR(B16),0) | V16: =IF(OR(D16=27.5,D16=39),1,0) | W16: =IF(AND(AE16=1,S16<=0.5),1,0) | X16: =IF(F16="Car",1,0) | Y16: =IF(AND(R16=1,OR(V16=0,AND(D16=39,IF(ISNUMBER(G16),G16,0)>0)),W16=0,S16>0.5),1,0) | Z16: =IF(X16=1,IF(J16>0,Limits!$B$5,Limits!$B$6)*S16,0) | AA16: =IF(Y16=1,MIN(IF(ISNUMBER(G16),MAX(0,G16),0),T16,IF(F16="SUV",Limits!$B$4,T16),IF(X16=1,Z16,T16)),0) | AB16: =IF(AND(R16=1,V16=0),T16-K16,0) | AC16: =IF(R16=1,IF(MONTH(B16)>=10,1,0),0) | AD16: =IF(R16=0,"",IF(V16=1,D16&"-MM"&MONTH(B16),IF(W16=1,"ADS",D16&"")&"-"&IF(I16="MQ","MQ"&ROUNDUP(MONTH(B16)/3,0),"HY"))) | AE16: =IF(OR(F16="",F16="No"),0,1) | AF16: =K16*IF(U16='Form 4562'!$B$3,'Form 4562'!$B$16,1)
I17: =IF(R17=0,"",IF(V17=1,"MM",IF(IFERROR(SUMPRODUCT(($U$2:$U$201=U17)*$AB$2:$AB$201*$AC$2:$AC$201)/SUMPRODUCT(($U$2:$U$201=U17)*$AB$2:$AB$201),0)>0.4,"MQ","HY"))) | J17: =IF(OR(R17=0,V17=1,W17=1),0,IF(ISNUMBER(H17),H17,IF(H17="No",0,IFERROR(VLOOKUP(B17,Limits!$D$2:$E$9,2,1),0)))) | K17: =AA17*IF(U17='Form 4562'!$B$3,'Form 4562'!$B$15,1) | L17: =(T17-K17)*J17 | M17: =T17-K17-L17 | N17: =IF(R17=0,0,IF(AND(('Form 4562'!$B$3-U17+1)>=1,('Form 4562'!$B$3-U17+1)<=40),INDEX(Schedule!$I$17:$AV$17,1,('Form 4562'!$B$3-U17+1)),0)) | O17: =IF(R17=0,0,SUMIF(Schedule!$I$1:$AV$1,"<="&('Form 4562'!$B$3-U17+1),Schedule!$I$17:$AV$17)) | P17: =T17-O17-(K17-AF17) | R17: =IF(AND(ISNUMBER(B17),ISNUMBER(C17)),IF(C17>0,1,0),0) | S17: =IF(ISNUMBER(E17),MIN(1,MAX(0,E17)),1) | T17: =IF(R17=1,C17*S17,0) | U17: =IF(R17=1,YEAR(B17),0) | V17: =IF(OR(D17=27.5,D17=39),1,0) | W17: =IF(AND(AE17=1,S17<=0.5),1,0) | X17: =IF(F17="Car",1,0) | Y17: =IF(AND(R17=1,OR(V17=0,AND(D17=39,IF(ISNUMBER(G17),G17,0)>0)),W17=0,S17>0.5),1,0) | Z17: =IF(X17=1,IF(J17>0,Limits!$B$5,Limits!$B$6)*S17,0) | AA17: =IF(Y17=1,MIN(IF(ISNUMBER(G17),MAX(0,G17),0),T17,IF(F17="SUV",Limits!$B$4,T17),IF(X17=1,Z17,T17)),0) | AB17: =IF(AND(R17=1,V17=0),T17-K17,0) | AC17: =IF(R17=1,IF(MONTH(B17)>=10,1,0),0) | AD17: =IF(R17=0,"",IF(V17=1,D17&"-MM"&MONTH(B17),IF(W17=1,"ADS",D17&"")&"-"&IF(I17="MQ","MQ"&ROUNDUP(MONTH(B17)/3,0),"HY"))) | AE17: =IF(OR(F17="",F17="No"),0,1) | AF17: =K17*IF(U17='Form 4562'!$B$3,'Form 4562'!$B$16,1)
I18: =IF(R18=0,"",IF(V18=1,"MM",IF(IFERROR(SUMPRODUCT(($U$2:$U$201=U18)*$AB$2:$AB$201*$AC$2:$AC$201)/SUMPRODUCT(($U$2:$U$201=U18)*$AB$2:$AB$201),0)>0.4,"MQ","HY"))) | J18: =IF(OR(R18=0,V18=1,W18=1),0,IF(ISNUMBER(H18),H18,IF(H18="No",0,IFERROR(VLOOKUP(B18,Limits!$D$2:$E$9,2,1),0)))) | K18: =AA18*IF(U18='Form 4562'!$B$3,'Form 4562'!$B$15,1) | L18: =(T18-K18)*J18 | M18: =T18-K18-L18 | N18: =IF(R18=0,0,IF(AND(('Form 4562'!$B$3-U18+1)>=1,('Form 4562'!$B$3-U18+1)<=40),INDEX(Schedule!$I$18:$AV$18,1,('Form 4562'!$B$3-U18+1)),0)) | O18: =IF(R18=0,0,SUMIF(Schedule!$I$1:$AV$1,"<="&('Form 4562'!$B$3-U18+1),Schedule!$I$18:$AV$18)) | P18: =T18-O18-(K18-AF18) | R18: =IF(AND(ISNUMBER(B18),ISNUMBER(C18)),IF(C18>0,1,0),0) | S18: =IF(ISNUMBER(E18),MIN(1,MAX(0,E18)),1) | T18: =IF(R18=1,C18*S18,0) | U18: =IF(R18=1,YEAR(B18),0) | V18: =IF(OR(D18=27.5,D18=39),1,0) | W18: =IF(AND(AE18=1,S18<=0.5),1,0) | X18: =IF(F18="Car",1,0) | Y18: =IF(AND(R18=1,OR(V18=0,AND(D18=39,IF(ISNUMBER(G18),G18,0)>0)),W18=0,S18>0.5),1,0) | Z18: =IF(X18=1,IF(J18>0,Limits!$B$5,Limits!$B$6)*S18,0) | AA18: =IF(Y18=1,MIN(IF(ISNUMBER(G18),MAX(0,G18),0),T18,IF(F18="SUV",Limits!$B$4,T18),IF(X18=1,Z18,T18)),0) | AB18: =IF(AND(R18=1,V18=0),T18-K18,0) | AC18: =IF(R18=1,IF(MONTH(B18)>=10,1,0),0) | AD18: =IF(R18=0,"",IF(V18=1,D18&"-MM"&MONTH(B18),IF(W18=1,"ADS",D18&"")&"-"&IF(I18="MQ","MQ"&ROUNDUP(MONTH(B18)/3,0),"HY"))) | AE18: =IF(OR(F18="",F18="No"),0,1) | AF18: =K18*IF(U18='Form 4562'!$B$3,'Form 4562'!$B$16,1)
I19: =IF(R19=0,"",IF(V19=1,"MM",IF(IFERROR(SUMPRODUCT(($U$2:$U$201=U19)*$AB$2:$AB$201*$AC$2:$AC$201)/SUMPRODUCT(($U$2:$U$201=U19)*$AB$2:$AB$201),0)>0.4,"MQ","HY"))) | J19: =IF(OR(R19=0,V19=1,W19=1),0,IF(ISNUMBER(H19),H19,IF(H19="No",0,IFERROR(VLOOKUP(B19,Limits!$D$2:$E$9,2,1),0)))) | K19: =AA19*IF(U19='Form 4562'!$B$3,'Form 4562'!$B$15,1) | L19: =(T19-K19)*J19 | M19: =T19-K19-L19 | N19: =IF(R19=0,0,IF(AND(('Form 4562'!$B$3-U19+1)>=1,('Form 4562'!$B$3-U19+1)<=40),INDEX(Schedule!$I$19:$AV$19,1,('Form 4562'!$B$3-U19+1)),0)) | O19: =IF(R19=0,0,SUMIF(Schedule!$I$1:$AV$1,"<="&('Form 4562'!$B$3-U19+1),Schedule!$I$19:$AV$19)) | P19: =T19-O19-(K19-AF19) | R19: =IF(AND(ISNUMBER(B19),ISNUMBER(C19)),IF(C19>0,1,0),0) | S19: =IF(ISNUMBER(E19),MIN(1,MAX(0,E19)),1) | T19: =IF(R19=1,C19*S19,0) | U19: =IF(R19=1,YEAR(B19),0) | V19: =IF(OR(D19=27.5,D19=39),1,0) | W19: =IF(AND(AE19=1,S19<=0.5),1,0) | X19: =IF(F19="Car",1,0) | Y19: =IF(AND(R19=1,OR(V19=0,AND(D19=39,IF(ISNUMBER(G19),G19,0)>0)),W19=0,S19>0.5),1,0) | Z19: =IF(X19=1,IF(J19>0,Limits!$B$5,Limits!$B$6)*S19,0) | AA19: =IF(Y19=1,MIN(IF(ISNUMBER(G19),MAX(0,G19),0),T19,IF(F19="SUV",Limits!$B$4,T19),IF(X19=1,Z19,T19)),0) | AB19: =IF(AND(R19=1,V19=0),T19-K19,0) | AC19: =IF(R19=1,IF(MONTH(B19)>=10,1,0),0) | AD19: =IF(R19=0,"",IF(V19=1,D19&"-MM"&MONTH(B19),IF(W19=1,"ADS",D19&"")&"-"&IF(I19="MQ","MQ"&ROUNDUP(MONTH(B19)/3,0),"HY"))) | AE19: =IF(OR(F19="",F19="No"),0,1) | AF19: =K19*IF(U19='Form 4562'!$B$3,'Form 4562'!$B$16,1)
I20: =IF(R20=0,"",IF(V20=1,"MM",IF(IFERROR(SUMPRODUCT(($U$2:$U$201=U20)*$AB$2:$AB$201*$AC$2:$AC$201)/SUMPRODUCT(($U$2:$U$201=U20)*$AB$2:$AB$201),0)>0.4,"MQ","HY"))) | J20: =IF(OR(R20=0,V20=1,W20=1),0,IF(ISNUMBER(H20),H20,IF(H20="No",0,IFERROR(VLOOKUP(B20,Limits!$D$2:$E$9,2,1),0)))) | K20: =AA20*IF(U20='Form 4562'!$B$3,'Form 4562'!$B$15,1) | L20: =(T20-K20)*J20 | M20: =T20-K20-L20 | N20: =IF(R20=0,0,IF(AND(('Form 4562'!$B$3-U20+1)>=1,('Form 4562'!$B$3-U20+1)<=40),INDEX(Schedule!$I$20:$AV$20,1,('Form 4562'!$B$3-U20+1)),0)) | O20: =IF(R20=0,0,SUMIF(Schedule!$I$1:$AV$1,"<="&('Form 4562'!$B$3-U20+1),Schedule!$I$20:$AV$20)) | P20: =T20-O20-(K20-AF20) | R20: =IF(AND(ISNUMBER(B20),ISNUMBER(C20)),IF(C20>0,1,0),0) | S20: =IF(ISNUMBER(E20),MIN(1,MAX(0,E20)),1) | T20: =IF(R20=1,C20*S20,0) | U20: =IF(R20=1,YEAR(B20),0) | V20: =IF(OR(D20=27.5,D20=39),1,0) | W20: =IF(AND(AE20=1,S20<=0.5),1,0) | X20: =IF(F20="Car",1,0) | Y20: =IF(AND(R20=1,OR(V20=0,AND(D20=39,IF(ISNUMBER(G20),G20,0)>0)),W20=0,S20>0.5),1,0) | Z20: =IF(X20=1,IF(J20>0,Limits!$B$5,Limits!$B$6)*S20,0) | AA20: =IF(Y20=1,MIN(IF(ISNUMBER(G20),MAX(0,G20),0),T20,IF(F20="SUV",Limits!$B$4,T20),IF(X20=1,Z20,T20)),0) | AB20: =IF(AND(R20=1,V20=0),T20-K20,0) | AC20: =IF(R20=1,IF(MONTH(B20)>=10,1,0),0) | AD20: =IF(R20=0,"",IF(V20=1,D20&"-MM"&MONTH(B20),IF(W20=1,"ADS",D20&"")&"-"&IF(I20="MQ","MQ"&ROUNDUP(MONTH(B20)/3,0),"HY"))) | AE20: =IF(OR(F20="",F20="No"),0,1) | AF20: =K20*IF(U20='Form 4562'!$B$3,'Form 4562'!$B$16,1)
I21: =IF(R21=0,"",IF(V21=1,"MM",IF(IFERROR(SUMPRODUCT(($U$2:$U$201=U21)*$AB$2:$AB$201*$AC$2:$AC$201)/SUMPRODUCT(($U$2:$U$201=U21)*$AB$2:$AB$201),0)>0.4,"MQ","HY"))) | J21: =IF(OR(R21=0,V21=1,W21=1),0,IF(ISNUMBER(H21),H21,IF(H21="No",0,IFERROR(VLOOKUP(B21,Limits!$D$2:$E$9,2,1),0)))) | K21: =AA21*IF(U21='Form 4562'!$B$3,'Form 4562'!$B$15,1) | L21: =(T21-K21)*J21 | M21: =T21-K21-L21 | N21: =IF(R21=0,0,IF(AND(('Form 4562'!$B$3-U21+1)>=1,('Form 4562'!$B$3-U21+1)<=40),INDEX(Schedule!$I$21:$AV$21,1,('Form 4562'!$B$3-U21+1)),0)) | O21: =IF(R21=0,0,SUMIF(Schedule!$I$1:$AV$1,"<="&('Form 4562'!$B$3-U21+1),Schedule!$I$21:$AV$21)) | P21: =T21-O21-(K21-AF21) | R21: =IF(AND(ISNUMBER(B21),ISNUMBER(C21)),IF(C21>0,1,0),0) | S21: =IF(ISNUMBER(E21),MIN(1,MAX(0,E21)),1) | T21: =IF(R21=1,C21*S21,0) | U21: =IF(R21=1,YEAR(B21),0) | V21: =IF(OR(D21=27.5,D21=39),1,0) | W21: =IF(AND(AE21=1,S21<=0.5),1,0) | X21: =IF(F21="Car",1,0) | Y21: =IF(AND(R21=1,OR(V21=0,AND(D21=39,IF(ISNUMBER(G21),G21,0)>0)),W21=0,S21>0.5),1,0) | Z21: =IF(X21=1,IF(J21>0,Limits!$B$5,Limits!$B$6)*S21,0) | AA21: =IF(Y21=1,MIN(IF(ISNUMBER(G21),MAX(0,G21),0),T21,IF(F21="SUV",Limits!$B$4,T21),IF(X21=1,Z21,T21)),0) | AB21: =IF(AND(R21=1,V21=0),T21-K21,0) | AC21: =IF(R21=1,IF(MONTH(B21)>=10,1,0),0) | AD21: =IF(R21=0,"",IF(V21=1,D21&"-MM"&MONTH(B21),IF(W21=1,"ADS",D21&"")&"-"&IF(I21="MQ","MQ"&ROUNDUP(MONTH(B21)/3,0),"HY"))) | AE21: =IF(OR(F21="",F21="No"),0,1) | AF21: =K21*IF(U21='Form 4562'!$B$3,'Form 4562'!$B$16,1)
I22: =IF(R22=0,"",IF(V22=1,"MM",IF(IFERROR(SUMPRODUCT(($U$2:$U$201=U22)*$AB$2:$AB$201*$AC$2:$AC$201)/SUMPRODUCT(($U$2:$U$201=U22)*$AB$2:$AB$201),0)>0.4,"MQ","HY"))) | J22: =IF(OR(R22=0,V22=1,W22=1),0,IF(ISNUMBER(H22),H22,IF(H22="No",0,IFERROR(VLOOKUP(B22,Limits!$D$2:$E$9,2,1),0)))) | K22: =AA22*IF(U22='Form 4562'!$B$3,'Form 4562'!$B$15,1) | L22: =(T22-K22)*J22 | M22: =T22-K22-L22 | N22: =IF(R22=0,0,IF(AND(('Form 4562'!$B$3-U22+1)>=1,('Form 4562'!$B$3-U22+1)<=40),INDEX(Schedule!$I$22:$AV$22,1,('Form 4562'!$B$3-U22+1)),0)) | O22: =IF(R22=0,0,SUMIF(Schedule!$I$1:$AV$1,"<="&('Form 4562'!$B$3-U22+1),Schedule!$I$22:$AV$22)) | P22: =T22-O22-(K22-AF22) | R22: =IF(AND(ISNUMBER(B22),ISNUMBER(C22)),IF(C22>0,1,0),0) | S22: =IF(ISNUMBER(E22),MIN(1,MAX(0,E22)),1) | T22: =IF(R22=1,C22*S22,0) | U22: =IF(R22=1,YEAR(B22),0) | V22: =IF(OR(D22=27.5,D22=39),1,0) | W22: =IF(AND(AE22=1,S22<=0.5),1,0) | X22: =IF(F22="Car",1,0) | Y22: =IF(AND(R22=1,OR(V22=0,AND(D22=39,IF(ISNUMBER(G22),G22,0)>0)),W22=0,S22>0.5),1,0) | Z22: =IF(X22=1,IF(J22>0,Limits!$B$5,Limits!$B$6)*S22,0) | AA22: =IF(Y22=1,MIN(IF(ISNUMBER(G22),MAX(0,G22),0),T22,IF(F22="SUV",Limits!$B$4,T22),IF(X22=1,Z22,T22)),0) | AB22: =IF(AND(R22=1,V22=0),T22-K22,0) | AC22: =IF(R22=1,IF(MONTH(B22)>=10,1,0),0) | AD22: =IF(R22=0,"",IF(V22=1,D22&"-MM"&MONTH(B22),IF(W22=1,"ADS",D22&"")&"-"&IF(I22="MQ","MQ"&ROUNDUP(MONTH(B22)/3,0),"HY"))) | AE22: =IF(OR(F22="",F22="No"),0,1) | AF22: =K22*IF(U22='Form 4562'!$B$3,'Form 4562'!$B$16,1)
I23: =IF(R23=0,"",IF(V23=1,"MM",IF(IFERROR(SUMPRODUCT(($U$2:$U$201=U23)*$AB$2:$AB$201*$AC$2:$AC$201)/SUMPRODUCT(($U$2:$U$201=U23)*$AB$2:$AB$201),0)>0.4,"MQ","HY"))) | J23: =IF(OR(R23=0,V23=1,W23=1),0,IF(ISNUMBER(H23),H23,IF(H23="No",0,IFERROR(VLOOKUP(B23,Limits!$D$2:$E$9,2,1),0)))) | K23: =AA23*IF(U23='Form 4562'!$B$3,'Form 4562'!$B$15,1) | L23: =(T23-K23)*J23 | M23: =T23-K23-L23 | N23: =IF(R23=0,0,IF(AND(('Form 4562'!$B$3-U23+1)>=1,('Form 4562'!$B$3-U23+1)<=40),INDEX(Schedule!$I$23:$AV$23,1,('Form 4562'!$B$3-U23+1)),0)) | O23: =IF(R23=0,0,SUMIF(Schedule!$I$1:$AV$1,"<="&('Form 4562'!$B$3-U23+1),Schedule!$I$23:$AV$23)) | P23: =T23-O23-(K23-AF23) | R23: =IF(AND(ISNUMBER(B23),ISNUMBER(C23)),IF(C23>0,1,0),0) | S23: =IF(ISNUMBER(E23),MIN(1,MAX(0,E23)),1) | T23: =IF(R23=1,C23*S23,0) | U23: =IF(R23=1,YEAR(B23),0) | V23: =IF(OR(D23=27.5,D23=39),1,0) | W23: =IF(AND(AE23=1,S23<=0.5),1,0) | X23: =IF(F23="Car",1,0) | Y23: =IF(AND(R23=1,OR(V23=0,AND(D23=39,IF(ISNUMBER(G23),G23,0)>0)),W23=0,S23>0.5),1,0) | Z23: =IF(X23=1,IF(J23>0,Limits!$B$5,Limits!$B$6)*S23,0) | AA23: =IF(Y23=1,MIN(IF(ISNUMBER(G23),MAX(0,G23),0),T23,IF(F23="SUV",Limits!$B$4,T23),IF(X23=1,Z23,T23)),0) | AB23: =IF(AND(R23=1,V23=0),T23-K23,0) | AC23: =IF(R23=1,IF(MONTH(B23)>=10,1,0),0) | AD23: =IF(R23=0,"",IF(V23=1,D23&"-MM"&MONTH(B23),IF(W23=1,"ADS",D23&"")&"-"&IF(I23="MQ","MQ"&ROUNDUP(MONTH(B23)/3,0),"HY"))) | AE23: =IF(OR(F23="",F23="No"),0,1) | AF23: =K23*IF(U23='Form 4562'!$B$3,'Form 4562'!$B$16,1)
I24: =IF(R24=0,"",IF(V24=1,"MM",IF(IFERROR(SUMPRODUCT(($U$2:$U$201=U24)*$AB$2:$AB$201*$AC$2:$AC$201)/SUMPRODUCT(($U$2:$U$201=U24)*$AB$2:$AB$201),0)>0.4,"MQ","HY"))) | J24: =IF(OR(R24=0,V24=1,W24=1),0,IF(ISNUMBER(H24),H24,IF(H24="No",0,IFERROR(VLOOKUP(B24,Limits!$D$2:$E$9,2,1),0)))) | K24: =AA24*IF(U24='Form 4562'!$B$3,'Form 4562'!$B$15,1) | L24: =(T24-K24)*J24 | M24: =T24-K24-L24 | N24: =IF(R24=0,0,IF(AND(('Form 4562'!$B$3-U24+1)>=1,('Form 4562'!$B$3-U24+1)<=40),INDEX(Schedule!$I$24:$AV$24,1,('Form 4562'!$B$3-U24+1)),0)) | O24: =IF(R24=0,0,SUMIF(Schedule!$I$1:$AV$1,"<="&('Form 4562'!$B$3-U24+1),Schedule!$I$24:$AV$24)) | P24: =T24-O24-(K24-AF24) | R24: =IF(AND(ISNUMBER(B24),ISNUMBER(C24)),IF(C24>0,1,0),0) | S24: =IF(ISNUMBER(E24),MIN(1,MAX(0,E24)),1) | T24: =IF(R24=1,C24*S24,0) | U24: =IF(R24=1,YEAR(B24),0) | V24: =IF(OR(D24=27.5,D24=39),1,0) | W24: =IF(AND(AE24=1,S24<=0.5),1,0) | X24: =IF(F24="Car",1,0) | Y24: =IF(AND(R24=1,OR(V24=0,AND(D24=39,IF(ISNUMBER(G24),G24,0)>0)),W24=0,S24>0.5),1,0) | Z24: =IF(X24=1,IF(J24>0,Limits!$B$5,Limits!$B$6)*S24,0) | AA24: =IF(Y24=1,MIN(IF(ISNUMBER(G24),MAX(0,G24),0),T24,IF(F24="SUV",Limits!$B$4,T24),IF(X24=1,Z24,T24)),0) | AB24: =IF(AND(R24=1,V24=0),T24-K24,0) | AC24: =IF(R24=1,IF(MONTH(B24)>=10,1,0),0) | AD24: =IF(R24=0,"",IF(V24=1,D24&"-MM"&MONTH(B24),IF(W24=1,"ADS",D24&"")&"-"&IF(I24="MQ","MQ"&ROUNDUP(MONTH(B24)/3,0),"HY"))) | AE24: =IF(OR(F24="",F24="No"),0,1) | AF24: =K24*IF(U24='Form 4562'!$B$3,'Form 4562'!$B$16,1)
I25: =IF(R25=0,"",IF(V25=1,"MM",IF(IFERROR(SUMPRODUCT(($U$2:$U$201=U25)*$AB$2:$AB$201*$AC$2:$AC$201)/SUMPRODUCT(($U$2:$U$201=U25)*$AB$2:$AB$201),0)>0.4,"MQ","HY"))) | J25: =IF(OR(R25=0,V25=1,W25=1),0,IF(ISNUMBER(H25),H25,IF(H25="No",0,IFERROR(VLOOKUP(B25,Limits!$D$2:$E$9,2,1),0)))) | K25: =AA25*IF(U25='Form 4562'!$B$3,'Form 4562'!$B$15,1) | L25: =(T25-K25)*J25 | M25: =T25-K25-L25 | N25: =IF(R25=0,0,IF(AND(('Form 4562'!$B$3-U25+1)>=1,('Form 4562'!$B$3-U25+1)<=40),INDEX(Schedule!$I$25:$AV$25,1,('Form 4562'!$B$3-U25+1)),0)) | O25: =IF(R25=0,0,SUMIF(Schedule!$I$1:$AV$1,"<="&('Form 4562'!$B$3-U25+1),Schedule!$I$25:$AV$25)) | P25: =T25-O25-(K25-AF25) | R25: =IF(AND(ISNUMBER(B25),ISNUMBER(C25)),IF(C25>0,1,0),0) | S25: =IF(ISNUMBER(E25),MIN(1,MAX(0,E25)),1) | T25: =IF(R25=1,C25*S25,0) | U25: =IF(R25=1,YEAR(B25),0) | V25: =IF(OR(D25=27.5,D25=39),1,0) | W25: =IF(AND(AE25=1,S25<=0.5),1,0) | X25: =IF(F25="Car",1,0) | Y25: =IF(AND(R25=1,OR(V25=0,AND(D25=39,IF(ISNUMBER(G25),G25,0)>0)),W25=0,S25>0.5),1,0) | Z25: =IF(X25=1,IF(J25>0,Limits!$B$5,Limits!$B$6)*S25,0) | AA25: =IF(Y25=1,MIN(IF(ISNUMBER(G25),MAX(0,G25),0),T25,IF(F25="SUV",Limits!$B$4,T25),IF(X25=1,Z25,T25)),0) | AB25: =IF(AND(R25=1,V25=0),T25-K25,0) | AC25: =IF(R25=1,IF(MONTH(B25)>=10,1,0),0) | AD25: =IF(R25=0,"",IF(V25=1,D25&"-MM"&MONTH(B25),IF(W25=1,"ADS",D25&"")&"-"&IF(I25="MQ","MQ"&ROUNDUP(MONTH(B25)/3,0),"HY"))) | AE25: =IF(OR(F25="",F25="No"),0,1) | AF25: =K25*IF(U25='Form 4562'!$B$3,'Form 4562'!$B$16,1)
I26: =IF(R26=0,"",IF(V26=1,"MM",IF(IFERROR(SUMPRODUCT(($U$2:$U$201=U26)*$AB$2:$AB$201*$AC$2:$AC$201)/SUMPRODUCT(($U$2:$U$201=U26)*$AB$2:$AB$201),0)>0.4,"MQ","HY"))) | J26: =IF(OR(R26=0,V26=1,W26=1),0,IF(ISNUMBER(H26),H26,IF(H26="No",0,IFERROR(VLOOKUP(B26,Limits!$D$2:$E$9,2,1),0)))) | K26: =AA26*IF(U26='Form 4562'!$B$3,'Form 4562'!$B$15,1) | L26: =(T26-K26)*J26 | M26: =T26-K26-L26 | N26: =IF(R26=0,0,IF(AND(('Form 4562'!$B$3-U26+1)>=1,('Form 4562'!$B$3-U26+1)<=40),INDEX(Schedule!$I$26:$AV$26,1,('Form 4562'!$B$3-U26+1)),0)) | O26: =IF(R26=0,0,SUMIF(Schedule!$I$1:$AV$1,"<="&('Form 4562'!$B$3-U26+1),Schedule!$I$26:$AV$26)) | P26: =T26-O26-(K26-AF26) | R26: =IF(AND(ISNUMBER(B26),ISNUMBER(C26)),IF(C26>0,1,0),0) | S26: =IF(ISNUMBER(E26),MIN(1,MAX(0,E26)),1) | T26: =IF(R26=1,C26*S26,0) | U26: =IF(R26=1,YEAR(B26),0) | V26: =IF(OR(D26=27.5,D26=39),1,0) | W26: =IF(AND(AE26=1,S26<=0.5),1,0) | X26: =IF(F26="Car",1,0) | Y26: =IF(AND(R26=1,OR(V26=0,AND(D26=39,IF(ISNUMBER(G26),G26,0)>0)),W26=0,S26>0.5),1,0) | Z26: =IF(X26=1,IF(J26>0,Limits!$B$5,Limits!$B$6)*S26,0) | AA26: =IF(Y26=1,MIN(IF(ISNUMBER(G26),MAX(0,G26),0),T26,IF(F26="SUV",Limits!$B$4,T26),IF(X26=1,Z26,T26)),0) | AB26: =IF(AND(R26=1,V26=0),T26-K26,0) | AC26: =IF(R26=1,IF(MONTH(B26)>=10,1,0),0) | AD26: =IF(R26=0,"",IF(V26=1,D26&"-MM"&MONTH(B26),IF(W26=1,"ADS",D26&"")&"-"&IF(I26="MQ","MQ"&ROUNDUP(MONTH(B26)/3,0),"HY"))) | AE26: =IF(OR(F26="",F26="No"),0,1) | AF26: =K26*IF(U26='Form 4562'!$B$3,'Form 4562'!$B$16,1)
I27: =IF(R27=0,"",IF(V27=1,"MM",IF(IFERROR(SUMPRODUCT(($U$2:$U$201=U27)*$AB$2:$AB$201*$AC$2:$AC$201)/SUMPRODUCT(($U$2:$U$201=U27)*$AB$2:$AB$201),0)>0.4,"MQ","HY"))) | J27: =IF(OR(R27=0,V27=1,W27=1),0,IF(ISNUMBER(H27),H27,IF(H27="No",0,IFERROR(VLOOKUP(B27,Limits!$D$2:$E$9,2,1),0)))) | K27: =AA27*IF(U27='Form 4562'!$B$3,'Form 4562'!$B$15,1) | L27: =(T27-K27)*J27 | M27: =T27-K27-L27 | N27: =IF(R27=0,0,IF(AND(('Form 4562'!$B$3-U27+1)>=1,('Form 4562'!$B$3-U27+1)<=40),INDEX(Schedule!$I$27:$AV$27,1,('Form 4562'!$B$3-U27+1)),0)) | O27: =IF(R27=0,0,SUMIF(Schedule!$I$1:$AV$1,"<="&('Form 4562'!$B$3-U27+1),Schedule!$I$27:$AV$27)) | P27: =T27-O27-(K27-AF27) | R27: =IF(AND(ISNUMBER(B27),ISNUMBER(C27)),IF(C27>0,1,0),0) | S27: =IF(ISNUMBER(E27),MIN(1,MAX(0,E27)),1) | T27: =IF(R27=1,C27*S27,0) | U27: =IF(R27=1,YEAR(B27),0) | V27: =IF(OR(D27=27.5,D27=39),1,0) | W27: =IF(AND(AE27=1,S27<=0.5),1,0) | X27: =IF(F27="Car",1,0) | Y27: =IF(AND(R27=1,OR(V27=0,AND(D27=39,IF(ISNUMBER(G27),G27,0)>0)),W27=0,S27>0.5),1,0) | Z27: =IF(X27=1,IF(J27>0,Limits!$B$5,Limits!$B$6)*S27,0) | AA27: =IF(Y27=1,MIN(IF(ISNUMBER(G27),MAX(0,G27),0),T27,IF(F27="SUV",Limits!$B$4,T27),IF(X27=1,Z27,T27)),0) | AB27: =IF(AND(R27=1,V27=0),T27-K27,0) | AC27: =IF(R27=1,IF(MONTH(B27)>=10,1,0),0) | AD27: =IF(R27=0,"",IF(V27=1,D27&"-MM"&MONTH(B27),IF(W27=1,"ADS",D27&"")&"-"&IF(I27="MQ","MQ"&ROUNDUP(MONTH(B27)/3,0),"HY"))) | AE27: =IF(OR(F27="",F27="No"),0,1) | AF27: =K27*IF(U27='Form 4562'!$B$3,'Form 4562'!$B$16,1)
I28: =IF(R28=0,"",IF(V28=1,"MM",IF(IFERROR(SUMPRODUCT(($U$2:$U$201=U28)*$AB$2:$AB$201*$AC$2:$AC$201)/SUMPRODUCT(($U$2:$U$201=U28)*$AB$2:$AB$201),0)>0.4,"MQ","HY"))) | J28: =IF(OR(R28=0,V28=1,W28=1),0,IF(ISNUMBER(H28),H28,IF(H28="No",0,IFERROR(VLOOKUP(B28,Limits!$D$2:$E$9,2,1),0)))) | K28: =AA28*IF(U28='Form 4562'!$B$3,'Form 4562'!$B$15,1) | L28: =(T28-K28)*J28 | M28: =T28-K28-L28 | N28: =IF(R28=0,0,IF(AND(('Form 4562'!$B$3-U28+1)>=1,('Form 4562'!$B$3-U28+1)<=40),INDEX(Schedule!$I$28:$AV$28,1,('Form 4562'!$B$3-U28+1)),0)) | O28: =IF(R28=0,0,SUMIF(Schedule!$I$1:$AV$1,"<="&('Form 4562'!$B$3-U28+1),Schedule!$I$28:$AV$28)) | P28: =T28-O28-(K28-AF28) | R28: =IF(AND(ISNUMBER(B28),ISNUMBER(C28)),IF(C28>0,1,0),0) | S28: =IF(ISNUMBER(E28),MIN(1,MAX(0,E28)),1) | T28: =IF(R28=1,C28*S28,0) | U28: =IF(R28=1,YEAR(B28),0) | V28: =IF(OR(D28=27.5,D28=39),1,0) | W28: =IF(AND(AE28=1,S28<=0.5),1,0) | X28: =IF(F28="Car",1,0) | Y28: =IF(AND(R28=1,OR(V28=0,AND(D28=39,IF(ISNUMBER(G28),G28,0)>0)),W28=0,S28>0.5),1,0) | Z28: =IF(X28=1,IF(J28>0,Limits!$B$5,Limits!$B$6)*S28,0) | AA28: =IF(Y28=1,MIN(IF(ISNUMBER(G28),MAX(0,G28),0),T28,IF(F28="SUV",Limits!$B$4,T28),IF(X28=1,Z28,T28)),0) | AB28: =IF(AND(R28=1,V28=0),T28-K28,0) | AC28: =IF(R28=1,IF(MONTH(B28)>=10,1,0),0) | AD28: =IF(R28=0,"",IF(V28=1,D28&"-MM"&MONTH(B28),IF(W28=1,"ADS",D28&"")&"-"&IF(I28="MQ","MQ"&ROUNDUP(MONTH(B28)/3,0),"HY"))) | AE28: =IF(OR(F28="",F28="No"),0,1) | AF28: =K28*IF(U28='Form 4562'!$B$3,'Form 4562'!$B$16,1)
I29: =IF(R29=0,"",IF(V29=1,"MM",IF(IFERROR(SUMPRODUCT(($U$2:$U$201=U29)*$AB$2:$AB$201*$AC$2:$AC$201)/SUMPRODUCT(($U$2:$U$201=U29)*$AB$2:$AB$201),0)>0.4,"MQ","HY"))) | J29: =IF(OR(R29=0,V29=1,W29=1),0,IF(ISNUMBER(H29),H29,IF(H29="No",0,IFERROR(VLOOKUP(B29,Limits!$D$2:$E$9,2,1),0)))) | K29: =AA29*IF(U29='Form 4562'!$B$3,'Form 4562'!$B$15,1) | L29: =(T29-K29)*J29 | M29: =T29-K29-L29 | N29: =IF(R29=0,0,IF(AND(('Form 4562'!$B$3-U29+1)>=1,('Form 4562'!$B$3-U29+1)<=40),INDEX(Schedule!$I$29:$AV$29,1,('Form 4562'!$B$3-U29+1)),0)) | O29: =IF(R29=0,0,SUMIF(Schedule!$I$1:$AV$1,"<="&('Form 4562'!$B$3-U29+1),Schedule!$I$29:$AV$29)) | P29: =T29-O29-(K29-AF29) | R29: =IF(AND(ISNUMBER(B29),ISNUMBER(C29)),IF(C29>0,1,0),0) | S29: =IF(ISNUMBER(E29),MIN(1,MAX(0,E29)),1) | T29: =IF(R29=1,C29*S29,0) | U29: =IF(R29=1,YEAR(B29),0) | V29: =IF(OR(D29=27.5,D29=39),1,0) | W29: =IF(AND(AE29=1,S29<=0.5),1,0) | X29: =IF(F29="Car",1,0) | Y29: =IF(AND(R29=1,OR(V29=0,AND(D29=39,IF(ISNUMBER(G29),G29,0)>0)),W29=0,S29>0.5),1,0) | Z29: =IF(X29=1,IF(J29>0,Limits!$B$5,Limits!$B$6)*S29,0) | AA29: =IF(Y29=1,MIN(IF(ISNUMBER(G29),MAX(0,G29),0),T29,IF(F29="SUV",Limits!$B$4,T29),IF(X29=1,Z29,T29)),0) | AB29: =IF(AND(R29=1,V29=0),T29-K29,0) | AC29: =IF(R29=1,IF(MONTH(B29)>=10,1,0),0) | AD29: =IF(R29=0,"",IF(V29=1,D29&"-MM"&MONTH(B29),IF(W29=1,"ADS",D29&"")&"-"&IF(I29="MQ","MQ"&ROUNDUP(MONTH(B29)/3,0),"HY"))) | AE29: =IF(OR(F29="",F29="No"),0,1) | AF29: =K29*IF(U29='Form 4562'!$B$3,'Form 4562'!$B$16,1)
I30: =IF(R30=0,"",IF(V30=1,"MM",IF(IFERROR(SUMPRODUCT(($U$2:$U$201=U30)*$AB$2:$AB$201*$AC$2:$AC$201)/SUMPRODUCT(($U$2:$U$201=U30)*$AB$2:$AB$201),0)>0.4,"MQ","HY"))) | J30: =IF(OR(R30=0,V30=1,W30=1),0,IF(ISNUMBER(H30),H30,IF(H30="No",0,IFERROR(VLOOKUP(B30,Limits!$D$2:$E$9,2,1),0)))) | K30: =AA30*IF(U30='Form 4562'!$B$3,'Form 4562'!$B$15,1) | L30: =(T30-K30)*J30 | M30: =T30-K30-L30 | N30: =IF(R30=0,0,IF(AND(('Form 4562'!$B$3-U30+1)>=1,('Form 4562'!$B$3-U30+1)<=40),INDEX(Schedule!$I$30:$AV$30,1,('Form 4562'!$B$3-U30+1)),0)) | O30: =IF(R30=0,0,SUMIF(Schedule!$I$1:$AV$1,"<="&('Form 4562'!$B$3-U30+1),Schedule!$I$30:$AV$30)) | P30: =T30-O30-(K30-AF30) | R30: =IF(AND(ISNUMBER(B30),ISNUMBER(C30)),IF(C30>0,1,0),0) | S30: =IF(ISNUMBER(E30),MIN(1,MAX(0,E30)),1) | T30: =IF(R30=1,C30*S30,0) | U30: =IF(R30=1,YEAR(B30),0) | V30: =IF(OR(D30=27.5,D30=39),1,0) | W30: =IF(AND(AE30=1,S30<=0.5),1,0) | X30: =IF(F30="Car",1,0) | Y30: =IF(AND(R30=1,OR(V30=0,AND(D30=39,IF(ISNUMBER(G30),G30,0)>0)),W30=0,S30>0.5),1,0) | Z30: =IF(X30=1,IF(J30>0,Limits!$B$5,Limits!$B$6)*S30,0) | AA30: =IF(Y30=1,MIN(IF(ISNUMBER(G30),MAX(0,G30),0),T30,IF(F30="SUV",Limits!$B$4,T30),IF(X30=1,Z30,T30)),0) | AB30: =IF(AND(R30=1,V30=0),T30-K30,0) | AC30: =IF(R30=1,IF(MONTH(B30)>=10,1,0),0) | AD30: =IF(R30=0,"",IF(V30=1,D30&"-MM"&MONTH(B30),IF(W30=1,"ADS",D30&"")&"-"&IF(I30="MQ","MQ"&ROUNDUP(MONTH(B30)/3,0),"HY"))) | AE30: =IF(OR(F30="",F30="No"),0,1) | AF30: =K30*IF(U30='Form 4562'!$B$3,'Form 4562'!$B$16,1)
I31: =IF(R31=0,"",IF(V31=1,"MM",IF(IFERROR(SUMPRODUCT(($U$2:$U$201=U31)*$AB$2:$AB$201*$AC$2:$AC$201)/SUMPRODUCT(($U$2:$U$201=U31)*$AB$2:$AB$201),0)>0.4,"MQ","HY"))) | J31: =IF(OR(R31=0,V31=1,W31=1),0,IF(ISNUMBER(H31),H31,IF(H31="No",0,IFERROR(VLOOKUP(B31,Limits!$D$2:$E$9,2,1),0)))) | K31: =AA31*IF(U31='Form 4562'!$B$3,'Form 4562'!$B$15,1) | L31: =(T31-K31)*J31 | M31: =T31-K31-L31 | N31: =IF(R31=0,0,IF(AND(('Form 4562'!$B$3-U31+1)>=1,('Form 4562'!$B$3-U31+1)<=40),INDEX(Schedule!$I$31:$AV$31,1,('Form 4562'!$B$3-U31+1)),0)) | O31: =IF(R31=0,0,SUMIF(Schedule!$I$1:$AV$1,"<="&('Form 4562'!$B$3-U31+1),Schedule!$I$31:$AV$31)) | P31: =T31-O31-(K31-AF31) | R31: =IF(AND(ISNUMBER(B31),ISNUMBER(C31)),IF(C31>0,1,0),0) | S31: =IF(ISNUMBER(E31),MIN(1,MAX(0,E31)),1) | T31: =IF(R31=1,C31*S31,0) | U31: =IF(R31=1,YEAR(B31),0) | V31: =IF(OR(D31=27.5,D31=39),1,0) | W31: =IF(AND(AE31=1,S31<=0.5),1,0) | X31: =IF(F31="Car",1,0) | Y31: =IF(AND(R31=1,OR(V31=0,AND(D31=39,IF(ISNUMBER(G31),G31,0)>0)),W31=0,S31>0.5),1,0) | Z31: =IF(X31=1,IF(J31>0,Limits!$B$5,Limits!$B$6)*S31,0) | AA31: =IF(Y31=1,MIN(IF(ISNUMBER(G31),MAX(0,G31),0),T31,IF(F31="SUV",Limits!$B$4,T31),IF(X31=1,Z31,T31)),0) | AB31: =IF(AND(R31=1,V31=0),T31-K31,0) | AC31: =IF(R31=1,IF(MONTH(B31)>=10,1,0),0) | AD31: =IF(R31=0,"",IF(V31=1,D31&"-MM"&MONTH(B31),IF(W31=1,"ADS",D31&"")&"-"&IF(I31="MQ","MQ"&ROUNDUP(MONTH(B31)/3,0),"HY"))) | AE31: =IF(OR(F31="",F31="No"),0,1) | AF31: =K31*IF(U31='Form 4562'!$B$3,'Form 4562'!$B$16,1)
I32: =IF(R32=0,"",IF(V32=1,"MM",IF(IFERROR(SUMPRODUCT(($U$2:$U$201=U32)*$AB$2:$AB$201*$AC$2:$AC$201)/SUMPRODUCT(($U$2:$U$201=U32)*$AB$2:$AB$201),0)>0.4,"MQ","HY"))) | J32: =IF(OR(R32=0,V32=1,W32=1),0,IF(ISNUMBER(H32),H32,IF(H32="No",0,IFERROR(VLOOKUP(B32,Limits!$D$2:$E$9,2,1),0)))) | K32: =AA32*IF(U32='Form 4562'!$B$3,'Form 4562'!$B$15,1) | L32: =(T32-K32)*J32 | M32: =T32-K32-L32 | N32: =IF(R32=0,0,IF(AND(('Form 4562'!$B$3-U32+1)>=1,('Form 4562'!$B$3-U32+1)<=40),INDEX(Schedule!$I$32:$AV$32,1,('Form 4562'!$B$3-U32+1)),0)) | O32: =IF(R32=0,0,SUMIF(Schedule!$I$1:$AV$1,"<="&('Form 4562'!$B$3-U32+1),Schedule!$I$32:$AV$32)) | P32: =T32-O32-(K32-AF32) | R32: =IF(AND(ISNUMBER(B32),ISNUMBER(C32)),IF(C32>0,1,0),0) | S32: =IF(ISNUMBER(E32),MIN(1,MAX(0,E32)),1) | T32: =IF(R32=1,C32*S32,0) | U32: =IF(R32=1,YEAR(B32),0) | V32: =IF(OR(D32=27.5,D32=39),1,0) | W32: =IF(AND(AE32=1,S32<=0.5),1,0) | X32: =IF(F32="Car",1,0) | Y32: =IF(AND(R32=1,OR(V32=0,AND(D32=39,IF(ISNUMBER(G32),G32,0)>0)),W32=0,S32>0.5),1,0) | Z32: =IF(X32=1,IF(J32>0,Limits!$B$5,Limits!$B$6)*S32,0) | AA32: =IF(Y32=1,MIN(IF(ISNUMBER(G32),MAX(0,G32),0),T32,IF(F32="SUV",Limits!$B$4,T32),IF(X32=1,Z32,T32)),0) | AB32: =IF(AND(R32=1,V32=0),T32-K32,0) | AC32: =IF(R32=1,IF(MONTH(B32)>=10,1,0),0) | AD32: =IF(R32=0,"",IF(V32=1,D32&"-MM"&MONTH(B32),IF(W32=1,"ADS",D32&"")&"-"&IF(I32="MQ","MQ"&ROUNDUP(MONTH(B32)/3,0),"HY"))) | AE32: =IF(OR(F32="",F32="No"),0,1) | AF32: =K32*IF(U32='Form 4562'!$B$3,'Form 4562'!$B$16,1)
I33: =IF(R33=0,"",IF(V33=1,"MM",IF(IFERROR(SUMPRODUCT(($U$2:$U$201=U33)*$AB$2:$AB$201*$AC$2:$AC$201)/SUMPRODUCT(($U$2:$U$201=U33)*$AB$2:$AB$201),0)>0.4,"MQ","HY"))) | J33: =IF(OR(R33=0,V33=1,W33=1),0,IF(ISNUMBER(H33),H33,IF(H33="No",0,IFERROR(VLOOKUP(B33,Limits!$D$2:$E$9,2,1),0)))) | K33: =AA33*IF(U33='Form 4562'!$B$3,'Form 4562'!$B$15,1) | L33: =(T33-K33)*J33 | M33: =T33-K33-L33 | N33: =IF(R33=0,0,IF(AND(('Form 4562'!$B$3-U33+1)>=1,('Form 4562'!$B$3-U33+1)<=40),INDEX(Schedule!$I$33:$AV$33,1,('Form 4562'!$B$3-U33+1)),0)) | O33: =IF(R33=0,0,SUMIF(Schedule!$I$1:$AV$1,"<="&('Form 4562'!$B$3-U33+1),Schedule!$I$33:$AV$33)) | P33: =T33-O33-(K33-AF33) | R33: =IF(AND(ISNUMBER(B33),ISNUMBER(C33)),IF(C33>0,1,0),0) | S33: =IF(ISNUMBER(E33),MIN(1,MAX(0,E33)),1) | T33: =IF(R33=1,C33*S33,0) | U33: =IF(R33=1,YEAR(B33),0) | V33: =IF(OR(D33=27.5,D33=39),1,0) | W33: =IF(AND(AE33=1,S33<=0.5),1,0) | X33: =IF(F33="Car",1,0) | Y33: =IF(AND(R33=1,OR(V33=0,AND(D33=39,IF(ISNUMBER(G33),G33,0)>0)),W33=0,S33>0.5),1,0) | Z33: =IF(X33=1,IF(J33>0,Limits!$B$5,Limits!$B$6)*S33,0) | AA33: =IF(Y33=1,MIN(IF(ISNUMBER(G33),MAX(0,G33),0),T33,IF(F33="SUV",Limits!$B$4,T33),IF(X33=1,Z33,T33)),0) | AB33: =IF(AND(R33=1,V33=0),T33-K33,0) | AC33: =IF(R33=1,IF(MONTH(B33)>=10,1,0),0) | AD33: =IF(R33=0,"",IF(V33=1,D33&"-MM"&MONTH(B33),IF(W33=1,"ADS",D33&"")&"-"&IF(I33="MQ","MQ"&ROUNDUP(MONTH(B33)/3,0),"HY"))) | AE33: =IF(OR(F33="",F33="No"),0,1) | AF33: =K33*IF(U33='Form 4562'!$B$3,'Form 4562'!$B$16,1)
I34: =IF(R34=0,"",IF(V34=1,"MM",IF(IFERROR(SUMPRODUCT(($U$2:$U$201=U34)*$AB$2:$AB$201*$AC$2:$AC$201)/SUMPRODUCT(($U$2:$U$201=U34)*$AB$2:$AB$201),0)>0.4,"MQ","HY"))) | J34: =IF(OR(R34=0,V34=1,W34=1),0,IF(ISNUMBER(H34),H34,IF(H34="No",0,IFERROR(VLOOKUP(B34,Limits!$D$2:$E$9,2,1),0)))) | K34: =AA34*IF(U34='Form 4562'!$B$3,'Form 4562'!$B$15,1) | L34: =(T34-K34)*J34 | M34: =T34-K34-L34 | N34: =IF(R34=0,0,IF(AND(('Form 4562'!$B$3-U34+1)>=1,('Form 4562'!$B$3-U34+1)<=40),INDEX(Schedule!$I$34:$AV$34,1,('Form 4562'!$B$3-U34+1)),0)) | O34: =IF(R34=0,0,SUMIF(Schedule!$I$1:$AV$1,"<="&('Form 4562'!$B$3-U34+1),Schedule!$I$34:$AV$34)) | P34: =T34-O34-(K34-AF34) | R34: =IF(AND(ISNUMBER(B34),ISNUMBER(C34)),IF(C34>0,1,0),0) | S34: =IF(ISNUMBER(E34),MIN(1,MAX(0,E34)),1) | T34: =IF(R34=1,C34*S34,0) | U34: =IF(R34=1,YEAR(B34),0) | V34: =IF(OR(D34=27.5,D34=39),1,0) | W34: =IF(AND(AE34=1,S34<=0.5),1,0) | X34: =IF(F34="Car",1,0) | Y34: =IF(AND(R34=1,OR(V34=0,AND(D34=39,IF(ISNUMBER(G34),G34,0)>0)),W34=0,S34>0.5),1,0) | Z34: =IF(X34=1,IF(J34>0,Limits!$B$5,Limits!$B$6)*S34,0) | AA34: =IF(Y34=1,MIN(IF(ISNUMBER(G34),MAX(0,G34),0),T34,IF(F34="SUV",Limits!$B$4,T34),IF(X34=1,Z34,T34)),0) | AB34: =IF(AND(R34=1,V34=0),T34-K34,0) | AC34: =IF(R34=1,IF(MONTH(B34)>=10,1,0),0) | AD34: =IF(R34=0,"",IF(V34=1,D34&"-MM"&MONTH(B34),IF(W34=1,"ADS",D34&"")&"-"&IF(I34="MQ","MQ"&ROUNDUP(MONTH(B34)/3,0),"HY"))) | AE34: =IF(OR(F34="",F34="No"),0,1) | AF34: =K34*IF(U34='Form 4562'!$B$3,'Form 4562'!$B$16,1)
I35: =IF(R35=0,"",IF(V35=1,"MM",IF(IFERROR(SUMPRODUCT(($U$2:$U$201=U35)*$AB$2:$AB$201*$AC$2:$AC$201)/SUMPRODUCT(($U$2:$U$201=U35)*$AB$2:$AB$201),0)>0.4,"MQ","HY"))) | J35: =IF(OR(R35=0,V35=1,W35=1),0,IF(ISNUMBER(H35),H35,IF(H35="No",0,IFERROR(VLOOKUP(B35,Limits!$D$2:$E$9,2,1),0)))) | K35: =AA35*IF(U35='Form 4562'!$B$3,'Form 4562'!$B$15,1) | L35: =(T35-K35)*J35 | M35: =T35-K35-L35 | N35: =IF(R35=0,0,IF(AND(('Form 4562'!$B$3-U35+1)>=1,('Form 4562'!$B$3-U35+1)<=40),INDEX(Schedule!$I$35:$AV$35,1,('Form 4562'!$B$3-U35+1)),0)) | O35: =IF(R35=0,0,SUMIF(Schedule!$I$1:$AV$1,"<="&('Form 4562'!$B$3-U35+1),Schedule!$I$35:$AV$35)) | P35: =T35-O35-(K35-AF35) | R35: =IF(AND(ISNUMBER(B35),ISNUMBER(C35)),IF(C35>0,1,0),0) | S35: =IF(ISNUMBER(E35),MIN(1,MAX(0,E35)),1) | T35: =IF(R35=1,C35*S35,0) | U35: =IF(R35=1,YEAR(B35),0) | V35: =IF(OR(D35=27.5,D35=39),1,0) | W35: =IF(AND(AE35=1,S35<=0.5),1,0) | X35: =IF(F35="Car",1,0) | Y35: =IF(AND(R35=1,OR(V35=0,AND(D35=39,IF(ISNUMBER(G35),G35,0)>0)),W35=0,S35>0.5),1,0) | Z35: =IF(X35=1,IF(J35>0,Limits!$B$5,Limits!$B$6)*S35,0) | AA35: =IF(Y35=1,MIN(IF(ISNUMBER(G35),MAX(0,G35),0),T35,IF(F35="SUV",Limits!$B$4,T35),IF(X35=1,Z35,T35)),0) | AB35: =IF(AND(R35=1,V35=0),T35-K35,0) | AC35: =IF(R35=1,IF(MONTH(B35)>=10,1,0),0) | AD35: =IF(R35=0,"",IF(V35=1,D35&"-MM"&MONTH(B35),IF(W35=1,"ADS",D35&"")&"-"&IF(I35="MQ","MQ"&ROUNDUP(MONTH(B35)/3,0),"HY"))) | AE35: =IF(OR(F35="",F35="No"),0,1) | AF35: =K35*IF(U35='Form 4562'!$B$3,'Form 4562'!$B$16,1)
I36: =IF(R36=0,"",IF(V36=1,"MM",IF(IFERROR(SUMPRODUCT(($U$2:$U$201=U36)*$AB$2:$AB$201*$AC$2:$AC$201)/SUMPRODUCT(($U$2:$U$201=U36)*$AB$2:$AB$201),0)>0.4,"MQ","HY"))) | J36: =IF(OR(R36=0,V36=1,W36=1),0,IF(ISNUMBER(H36),H36,IF(H36="No",0,IFERROR(VLOOKUP(B36,Limits!$D$2:$E$9,2,1),0)))) | K36: =AA36*IF(U36='Form 4562'!$B$3,'Form 4562'!$B$15,1) | L36: =(T36-K36)*J36 | M36: =T36-K36-L36 | N36: =IF(R36=0,0,IF(AND(('Form 4562'!$B$3-U36+1)>=1,('Form 4562'!$B$3-U36+1)<=40),INDEX(Schedule!$I$36:$AV$36,1,('Form 4562'!$B$3-U36+1)),0)) | O36: =IF(R36=0,0,SUMIF(Schedule!$I$1:$AV$1,"<="&('Form 4562'!$B$3-U36+1),Schedule!$I$36:$AV$36)) | P36: =T36-O36-(K36-AF36) | R36: =IF(AND(ISNUMBER(B36),ISNUMBER(C36)),IF(C36>0,1,0),0) | S36: =IF(ISNUMBER(E36),MIN(1,MAX(0,E36)),1) | T36: =IF(R36=1,C36*S36,0) | U36: =IF(R36=1,YEAR(B36),0) | V36: =IF(OR(D36=27.5,D36=39),1,0) | W36: =IF(AND(AE36=1,S36<=0.5),1,0) | X36: =IF(F36="Car",1,0) | Y36: =IF(AND(R36=1,OR(V36=0,AND(D36=39,IF(ISNUMBER(G36),G36,0)>0)),W36=0,S36>0.5),1,0) | Z36: =IF(X36=1,IF(J36>0,Limits!$B$5,Limits!$B$6)*S36,0) | AA36: =IF(Y36=1,MIN(IF(ISNUMBER(G36),MAX(0,G36),0),T36,IF(F36="SUV",Limits!$B$4,T36),IF(X36=1,Z36,T36)),0) | AB36: =IF(AND(R36=1,V36=0),T36-K36,0) | AC36: =IF(R36=1,IF(MONTH(B36)>=10,1,0),0) | AD36: =IF(R36=0,"",IF(V36=1,D36&"-MM"&MONTH(B36),IF(W36=1,"ADS",D36&"")&"-"&IF(I36="MQ","MQ"&ROUNDUP(MONTH(B36)/3,0),"HY"))) | AE36: =IF(OR(F36="",F36="No"),0,1) | AF36: =K36*IF(U36='Form 4562'!$B$3,'Form 4562'!$B$16,1)
I37: =IF(R37=0,"",IF(V37=1,"MM",IF(IFERROR(SUMPRODUCT(($U$2:$U$201=U37)*$AB$2:$AB$201*$AC$2:$AC$201)/SUMPRODUCT(($U$2:$U$201=U37)*$AB$2:$AB$201),0)>0.4,"MQ","HY"))) | J37: =IF(OR(R37=0,V37=1,W37=1),0,IF(ISNUMBER(H37),H37,IF(H37="No",0,IFERROR(VLOOKUP(B37,Limits!$D$2:$E$9,2,1),0)))) | K37: =AA37*IF(U37='Form 4562'!$B$3,'Form 4562'!$B$15,1) | L37: =(T37-K37)*J37 | M37: =T37-K37-L37 | N37: =IF(R37=0,0,IF(AND(('Form 4562'!$B$3-U37+1)>=1,('Form 4562'!$B$3-U37+1)<=40),INDEX(Schedule!$I$37:$AV$37,1,('Form 4562'!$B$3-U37+1)),0)) | O37: =IF(R37=0,0,SUMIF(Schedule!$I$1:$AV$1,"<="&('Form 4562'!$B$3-U37+1),Schedule!$I$37:$AV$37)) | P37: =T37-O37-(K37-AF37) | R37: =IF(AND(ISNUMBER(B37),ISNUMBER(C37)),IF(C37>0,1,0),0) | S37: =IF(ISNUMBER(E37),MIN(1,MAX(0,E37)),1) | T37: =IF(R37=1,C37*S37,0) | U37: =IF(R37=1,YEAR(B37),0) | V37: =IF(OR(D37=27.5,D37=39),1,0) | W37: =IF(AND(AE37=1,S37<=0.5),1,0) | X37: =IF(F37="Car",1,0) | Y37: =IF(AND(R37=1,OR(V37=0,AND(D37=39,IF(ISNUMBER(G37),G37,0)>0)),W37=0,S37>0.5),1,0) | Z37: =IF(X37=1,IF(J37>0,Limits!$B$5,Limits!$B$6)*S37,0) | AA37: =IF(Y37=1,MIN(IF(ISNUMBER(G37),MAX(0,G37),0),T37,IF(F37="SUV",Limits!$B$4,T37),IF(X37=1,Z37,T37)),0) | AB37: =IF(AND(R37=1,V37=0),T37-K37,0) | AC37: =IF(R37=1,IF(MONTH(B37)>=10,1,0),0) | AD37: =IF(R37=0,"",IF(V37=1,D37&"-MM"&MONTH(B37),IF(W37=1,"ADS",D37&"")&"-"&IF(I37="MQ","MQ"&ROUNDUP(MONTH(B37)/3,0),"HY"))) | AE37: =IF(OR(F37="",F37="No"),0,1) | AF37: =K37*IF(U37='Form 4562'!$B$3,'Form 4562'!$B$16,1)
I38: =IF(R38=0,"",IF(V38=1,"MM",IF(IFERROR(SUMPRODUCT(($U$2:$U$201=U38)*$AB$2:$AB$201*$AC$2:$AC$201)/SUMPRODUCT(($U$2:$U$201=U38)*$AB$2:$AB$201),0)>0.4,"MQ","HY"))) | J38: =IF(OR(R38=0,V38=1,W38=1),0,IF(ISNUMBER(H38),H38,IF(H38="No",0,IFERROR(VLOOKUP(B38,Limits!$D$2:$E$9,2,1),0)))) | K38: =AA38*IF(U38='Form 4562'!$B$3,'Form 4562'!$B$15,1) | L38: =(T38-K38)*J38 | M38: =T38-K38-L38 | N38: =IF(R38=0,0,IF(AND(('Form 4562'!$B$3-U38+1)>=1,('Form 4562'!$B$3-U38+1)<=40),INDEX(Schedule!$I$38:$AV$38,1,('Form 4562'!$B$3-U38+1)),0)) | O38: =IF(R38=0,0,SUMIF(Schedule!$I$1:$AV$1,"<="&('Form 4562'!$B$3-U38+1),Schedule!$I$38:$AV$38)) | P38: =T38-O38-(K38-AF38) | R38: =IF(AND(ISNUMBER(B38),ISNUMBER(C38)),IF(C38>0,1,0),0) | S38: =IF(ISNUMBER(E38),MIN(1,MAX(0,E38)),1) | T38: =IF(R38=1,C38*S38,0) | U38: =IF(R38=1,YEAR(B38),0) | V38: =IF(OR(D38=27.5,D38=39),1,0) | W38: =IF(AND(AE38=1,S38<=0.5),1,0) | X38: =IF(F38="Car",1,0) | Y38: =IF(AND(R38=1,OR(V38=0,AND(D38=39,IF(ISNUMBER(G38),G38,0)>0)),W38=0,S38>0.5),1,0) | Z38: =IF(X38=1,IF(J38>0,Limits!$B$5,Limits!$B$6)*S38,0) | AA38: =IF(Y38=1,MIN(IF(ISNUMBER(G38),MAX(0,G38),0),T38,IF(F38="SUV",Limits!$B$4,T38),IF(X38=1,Z38,T38)),0) | AB38: =IF(AND(R38=1,V38=0),T38-K38,0) | AC38: =IF(R38=1,IF(MONTH(B38)>=10,1,0),0) | AD38: =IF(R38=0,"",IF(V38=1,D38&"-MM"&MONTH(B38),IF(W38=1,"ADS",D38&"")&"-"&IF(I38="MQ","MQ"&ROUNDUP(MONTH(B38)/3,0),"HY"))) | AE38: =IF(OR(F38="",F38="No"),0,1) | AF38: =K38*IF(U38='Form 4562'!$B$3,'Form 4562'!$B$16,1)
I39: =IF(R39=0,"",IF(V39=1,"MM",IF(IFERROR(SUMPRODUCT(($U$2:$U$201=U39)*$AB$2:$AB$201*$AC$2:$AC$201)/SUMPRODUCT(($U$2:$U$201=U39)*$AB$2:$AB$201),0)>0.4,"MQ","HY"))) | J39: =IF(OR(R39=0,V39=1,W39=1),0,IF(ISNUMBER(H39),H39,IF(H39="No",0,IFERROR(VLOOKUP(B39,Limits!$D$2:$E$9,2,1),0)))) | K39: =AA39*IF(U39='Form 4562'!$B$3,'Form 4562'!$B$15,1) | L39: =(T39-K39)*J39 | M39: =T39-K39-L39 | N39: =IF(R39=0,0,IF(AND(('Form 4562'!$B$3-U39+1)>=1,('Form 4562'!$B$3-U39+1)<=40),INDEX(Schedule!$I$39:$AV$39,1,('Form 4562'!$B$3-U39+1)),0)) | O39: =IF(R39=0,0,SUMIF(Schedule!$I$1:$AV$1,"<="&('Form 4562'!$B$3-U39+1),Schedule!$I$39:$AV$39)) | P39: =T39-O39-(K39-AF39) | R39: =IF(AND(ISNUMBER(B39),ISNUMBER(C39)),IF(C39>0,1,0),0) | S39: =IF(ISNUMBER(E39),MIN(1,MAX(0,E39)),1) | T39: =IF(R39=1,C39*S39,0) | U39: =IF(R39=1,YEAR(B39),0) | V39: =IF(OR(D39=27.5,D39=39),1,0) | W39: =IF(AND(AE39=1,S39<=0.5),1,0) | X39: =IF(F39="Car",1,0) | Y39: =IF(AND(R39=1,OR(V39=0,AND(D39=39,IF(ISNUMBER(G39),G39,0)>0)),W39=0,S39>0.5),1,0) | Z39: =IF(X39=1,IF(J39>0,Limits!$B$5,Limits!$B$6)*S39,0) | AA39: =IF(Y39=1,MIN(IF(ISNUMBER(G39),MAX(0,G39),0),T39,IF(F39="SUV",Limits!$B$4,T39),IF(X39=1,Z39,T39)),0) | AB39: =IF(AND(R39=1,V39=0),T39-K39,0) | AC39: =IF(R39=1,IF(MONTH(B39)>=10,1,0),0) | AD39: =IF(R39=0,"",IF(V39=1,D39&"-MM"&MONTH(B39),IF(W39=1,"ADS",D39&"")&"-"&IF(I39="MQ","MQ"&ROUNDUP(MONTH(B39)/3,0),"HY"))) | AE39: =IF(OR(F39="",F39="No"),0,1) | AF39: =K39*IF(U39='Form 4562'!$B$3,'Form 4562'!$B$16,1)
I40: =IF(R40=0,"",IF(V40=1,"MM",IF(IFERROR(SUMPRODUCT(($U$2:$U$201=U40)*$AB$2:$AB$201*$AC$2:$AC$201)/SUMPRODUCT(($U$2:$U$201=U40)*$AB$2:$AB$201),0)>0.4,"MQ","HY"))) | J40: =IF(OR(R40=0,V40=1,W40=1),0,IF(ISNUMBER(H40),H40,IF(H40="No",0,IFERROR(VLOOKUP(B40,Limits!$D$2:$E$9,2,1),0)))) | K40: =AA40*IF(U40='Form 4562'!$B$3,'Form 4562'!$B$15,1) | L40: =(T40-K40)*J40 | M40: =T40-K40-L40 | N40: =IF(R40=0,0,IF(AND(('Form 4562'!$B$3-U40+1)>=1,('Form 4562'!$B$3-U40+1)<=40),INDEX(Schedule!$I$40:$AV$40,1,('Form 4562'!$B$3-U40+1)),0)) | O40: =IF(R40=0,0,SUMIF(Schedule!$I$1:$AV$1,"<="&('Form 4562'!$B$3-U40+1),Schedule!$I$40:$AV$40)) | P40: =T40-O40-(K40-AF40) | R40: =IF(AND(ISNUMBER(B40),ISNUMBER(C40)),IF(C40>0,1,0),0) | S40: =IF(ISNUMBER(E40),MIN(1,MAX(0,E40)),1) | T40: =IF(R40=1,C40*S40,0) | U40: =IF(R40=1,YEAR(B40),0) | V40: =IF(OR(D40=27.5,D40=39),1,0) | W40: =IF(AND(AE40=1,S40<=0.5),1,0) | X40: =IF(F40="Car",1,0) | Y40: =IF(AND(R40=1,OR(V40=0,AND(D40=39,IF(ISNUMBER(G40),G40,0)>0)),W40=0,S40>0.5),1,0) | Z40: =IF(X40=1,IF(J40>0,Limits!$B$5,Limits!$B$6)*S40,0) | AA40: =IF(Y40=1,MIN(IF(ISNUMBER(G40),MAX(0,G40),0),T40,IF(F40="SUV",Limits!$B$4,T40),IF(X40=1,Z40,T40)),0) | AB40: =IF(AND(R40=1,V40=0),T40-K40,0) | AC40: =IF(R40=1,IF(MONTH(B40)>=10,1,0),0) | AD40: =IF(R40=0,"",IF(V40=1,D40&"-MM"&MONTH(B40),IF(W40=1,"ADS",D40&"")&"-"&IF(I40="MQ","MQ"&ROUNDUP(MONTH(B40)/3,0),"HY"))) | AE40: =IF(OR(F40="",F40="No"),0,1) | AF40: =K40*IF(U40='Form 4562'!$B$3,'Form 4562'!$B$16,1)
I41: =IF(R41=0,"",IF(V41=1,"MM",IF(IFERROR(SUMPRODUCT(($U$2:$U$201=U41)*$AB$2:$AB$201*$AC$2:$AC$201)/SUMPRODUCT(($U$2:$U$201=U41)*$AB$2:$AB$201),0)>0.4,"MQ","HY"))) | J41: =IF(OR(R41=0,V41=1,W41=1),0,IF(ISNUMBER(H41),H41,IF(H41="No",0,IFERROR(VLOOKUP(B41,Limits!$D$2:$E$9,2,1),0)))) | K41: =AA41*IF(U41='Form 4562'!$B$3,'Form 4562'!$B$15,1) | L41: =(T41-K41)*J41 | M41: =T41-K41-L41 | N41: =IF(R41=0,0,IF(AND(('Form 4562'!$B$3-U41+1)>=1,('Form 4562'!$B$3-U41+1)<=40),INDEX(Schedule!$I$41:$AV$41,1,('Form 4562'!$B$3-U41+1)),0)) | O41: =IF(R41=0,0,SUMIF(Schedule!$I$1:$AV$1,"<="&('Form 4562'!$B$3-U41+1),Schedule!$I$41:$AV$41)) | P41: =T41-O41-(K41-AF41) | R41: =IF(AND(ISNUMBER(B41),ISNUMBER(C41)),IF(C41>0,1,0),0) | S41: =IF(ISNUMBER(E41),MIN(1,MAX(0,E41)),1) | T41: =IF(R41=1,C41*S41,0) | U41: =IF(R41=1,YEAR(B41),0) | V41: =IF(OR(D41=27.5,D41=39),1,0) | W41: =IF(AND(AE41=1,S41<=0.5),1,0) | X41: =IF(F41="Car",1,0) | Y41: =IF(AND(R41=1,OR(V41=0,AND(D41=39,IF(ISNUMBER(G41),G41,0)>0)),W41=0,S41>0.5),1,0) | Z41: =IF(X41=1,IF(J41>0,Limits!$B$5,Limits!$B$6)*S41,0) | AA41: =IF(Y41=1,MIN(IF(ISNUMBER(G41),MAX(0,G41),0),T41,IF(F41="SUV",Limits!$B$4,T41),IF(X41=1,Z41,T41)),0) | AB41: =IF(AND(R41=1,V41=0),T41-K41,0) | AC41: =IF(R41=1,IF(MONTH(B41)>=10,1,0),0) | AD41: =IF(R41=0,"",IF(V41=1,D41&"-MM"&MONTH(B41),IF(W41=1,"ADS",D41&"")&"-"&IF(I41="MQ","MQ"&ROUNDUP(MONTH(B41)/3,0),"HY"))) | AE41: =IF(OR(F41="",F41="No"),0,1) | AF41: =K41*IF(U41='Form 4562'!$B$3,'Form 4562'!$B$16,1)
I42: =IF(R42=0,"",IF(V42=1,"MM",IF(IFERROR(SUMPRODUCT(($U$2:$U$201=U42)*$AB$2:$AB$201*$AC$2:$AC$201)/SUMPRODUCT(($U$2:$U$201=U42)*$AB$2:$AB$201),0)>0.4,"MQ","HY"))) | J42: =IF(OR(R42=0,V42=1,W42=1),0,IF(ISNUMBER(H42),H42,IF(H42="No",0,IFERROR(VLOOKUP(B42,Limits!$D$2:$E$9,2,1),0)))) | K42: =AA42*IF(U42='Form 4562'!$B$3,'Form 4562'!$B$15,1) | L42: =(T42-K42)*J42 | M42: =T42-K42-L42 | N42: =IF(R42=0,0,IF(AND(('Form 4562'!$B$3-U42+1)>=1,('Form 4562'!$B$3-U42+1)<=40),INDEX(Schedule!$I$42:$AV$42,1,('Form 4562'!$B$3-U42+1)),0)) | O42: =IF(R42=0,0,SUMIF(Schedule!$I$1:$AV$1,"<="&('Form 4562'!$B$3-U42+1),Schedule!$I$42:$AV$42)) | P42: =T42-O42-(K42-AF42) | R42: =IF(AND(ISNUMBER(B42),ISNUMBER(C42)),IF(C42>0,1,0),0) | S42: =IF(ISNUMBER(E42),MIN(1,MAX(0,E42)),1) | T42: =IF(R42=1,C42*S42,0) | U42: =IF(R42=1,YEAR(B42),0) | V42: =IF(OR(D42=27.5,D42=39),1,0) | W42: =IF(AND(AE42=1,S42<=0.5),1,0) | X42: =IF(F42="Car",1,0) | Y42: =IF(AND(R42=1,OR(V42=0,AND(D42=39,IF(ISNUMBER(G42),G42,0)>0)),W42=0,S42>0.5),1,0) | Z42: =IF(X42=1,IF(J42>0,Limits!$B$5,Limits!$B$6)*S42,0) | AA42: =IF(Y42=1,MIN(IF(ISNUMBER(G42),MAX(0,G42),0),T42,IF(F42="SUV",Limits!$B$4,T42),IF(X42=1,Z42,T42)),0) | AB42: =IF(AND(R42=1,V42=0),T42-K42,0) | AC42: =IF(R42=1,IF(MONTH(B42)>=10,1,0),0) | AD42: =IF(R42=0,"",IF(V42=1,D42&"-MM"&MONTH(B42),IF(W42=1,"ADS",D42&"")&"-"&IF(I42="MQ","MQ"&ROUNDUP(MONTH(B42)/3,0),"HY"))) | AE42: =IF(OR(F42="",F42="No"),0,1) | AF42: =K42*IF(U42='Form 4562'!$B$3,'Form 4562'!$B$16,1)
I43: =IF(R43=0,"",IF(V43=1,"MM",IF(IFERROR(SUMPRODUCT(($U$2:$U$201=U43)*$AB$2:$AB$201*$AC$2:$AC$201)/SUMPRODUCT(($U$2:$U$201=U43)*$AB$2:$AB$201),0)>0.4,"MQ","HY"))) | J43: =IF(OR(R43=0,V43=1,W43=1),0,IF(ISNUMBER(H43),H43,IF(H43="No",0,IFERROR(VLOOKUP(B43,Limits!$D$2:$E$9,2,1),0)))) | K43: =AA43*IF(U43='Form 4562'!$B$3,'Form 4562'!$B$15,1) | L43: =(T43-K43)*J43 | M43: =T43-K43-L43 | N43: =IF(R43=0,0,IF(AND(('Form 4562'!$B$3-U43+1)>=1,('Form 4562'!$B$3-U43+1)<=40),INDEX(Schedule!$I$43:$AV$43,1,('Form 4562'!$B$3-U43+1)),0)) | O43: =IF(R43=0,0,SUMIF(Schedule!$I$1:$AV$1,"<="&('Form 4562'!$B$3-U43+1),Schedule!$I$43:$AV$43)) | P43: =T43-O43-(K43-AF43) | R43: =IF(AND(ISNUMBER(B43),ISNUMBER(C43)),IF(C43>0,1,0),0) | S43: =IF(ISNUMBER(E43),MIN(1,MAX(0,E43)),1) | T43: =IF(R43=1,C43*S43,0) | U43: =IF(R43=1,YEAR(B43),0) | V43: =IF(OR(D43=27.5,D43=39),1,0) | W43: =IF(AND(AE43=1,S43<=0.5),1,0) | X43: =IF(F43="Car",1,0) | Y43: =IF(AND(R43=1,OR(V43=0,AND(D43=39,IF(ISNUMBER(G43),G43,0)>0)),W43=0,S43>0.5),1,0) | Z43: =IF(X43=1,IF(J43>0,Limits!$B$5,Limits!$B$6)*S43,0) | AA43: =IF(Y43=1,MIN(IF(ISNUMBER(G43),MAX(0,G43),0),T43,IF(F43="SUV",Limits!$B$4,T43),IF(X43=1,Z43,T43)),0) | AB43: =IF(AND(R43=1,V43=0),T43-K43,0) | AC43: =IF(R43=1,IF(MONTH(B43)>=10,1,0),0) | AD43: =IF(R43=0,"",IF(V43=1,D43&"-MM"&MONTH(B43),IF(W43=1,"ADS",D43&"")&"-"&IF(I43="MQ","MQ"&ROUNDUP(MONTH(B43)/3,0),"HY"))) | AE43: =IF(OR(F43="",F43="No"),0,1) | AF43: =K43*IF(U43='Form 4562'!$B$3,'Form 4562'!$B$16,1)
I44: =IF(R44=0,"",IF(V44=1,"MM",IF(IFERROR(SUMPRODUCT(($U$2:$U$201=U44)*$AB$2:$AB$201*$AC$2:$AC$201)/SUMPRODUCT(($U$2:$U$201=U44)*$AB$2:$AB$201),0)>0.4,"MQ","HY"))) | J44: =IF(OR(R44=0,V44=1,W44=1),0,IF(ISNUMBER(H44),H44,IF(H44="No",0,IFERROR(VLOOKUP(B44,Limits!$D$2:$E$9,2,1),0)))) | K44: =AA44*IF(U44='Form 4562'!$B$3,'Form 4562'!$B$15,1) | L44: =(T44-K44)*J44 | M44: =T44-K44-L44 | N44: =IF(R44=0,0,IF(AND(('Form 4562'!$B$3-U44+1)>=1,('Form 4562'!$B$3-U44+1)<=40),INDEX(Schedule!$I$44:$AV$44,1,('Form 4562'!$B$3-U44+1)),0)) | O44: =IF(R44=0,0,SUMIF(Schedule!$I$1:$AV$1,"<="&('Form 4562'!$B$3-U44+1),Schedule!$I$44:$AV$44)) | P44: =T44-O44-(K44-AF44) | R44: =IF(AND(ISNUMBER(B44),ISNUMBER(C44)),IF(C44>0,1,0),0) | S44: =IF(ISNUMBER(E44),MIN(1,MAX(0,E44)),1) | T44: =IF(R44=1,C44*S44,0) | U44: =IF(R44=1,YEAR(B44),0) | V44: =IF(OR(D44=27.5,D44=39),1,0) | W44: =IF(AND(AE44=1,S44<=0.5),1,0) | X44: =IF(F44="Car",1,0) | Y44: =IF(AND(R44=1,OR(V44=0,AND(D44=39,IF(ISNUMBER(G44),G44,0)>0)),W44=0,S44>0.5),1,0) | Z44: =IF(X44=1,IF(J44>0,Limits!$B$5,Limits!$B$6)*S44,0) | AA44: =IF(Y44=1,MIN(IF(ISNUMBER(G44),MAX(0,G44),0),T44,IF(F44="SUV",Limits!$B$4,T44),IF(X44=1,Z44,T44)),0) | AB44: =IF(AND(R44=1,V44=0),T44-K44,0) | AC44: =IF(R44=1,IF(MONTH(B44)>=10,1,0),0) | AD44: =IF(R44=0,"",IF(V44=1,D44&"-MM"&MONTH(B44),IF(W44=1,"ADS",D44&"")&"-"&IF(I44="MQ","MQ"&ROUNDUP(MONTH(B44)/3,0),"HY"))) | AE44: =IF(OR(F44="",F44="No"),0,1) | AF44: =K44*IF(U44='Form 4562'!$B$3,'Form 4562'!$B$16,1)
I45: =IF(R45=0,"",IF(V45=1,"MM",IF(IFERROR(SUMPRODUCT(($U$2:$U$201=U45)*$AB$2:$AB$201*$AC$2:$AC$201)/SUMPRODUCT(($U$2:$U$201=U45)*$AB$2:$AB$201),0)>0.4,"MQ","HY"))) | J45: =IF(OR(R45=0,V45=1,W45=1),0,IF(ISNUMBER(H45),H45,IF(H45="No",0,IFERROR(VLOOKUP(B45,Limits!$D$2:$E$9,2,1),0)))) | K45: =AA45*IF(U45='Form 4562'!$B$3,'Form 4562'!$B$15,1) | L45: =(T45-K45)*J45 | M45: =T45-K45-L45 | N45: =IF(R45=0,0,IF(AND(('Form 4562'!$B$3-U45+1)>=1,('Form 4562'!$B$3-U45+1)<=40),INDEX(Schedule!$I$45:$AV$45,1,('Form 4562'!$B$3-U45+1)),0)) | O45: =IF(R45=0,0,SUMIF(Schedule!$I$1:$AV$1,"<="&('Form 4562'!$B$3-U45+1),Schedule!$I$45:$AV$45)) | P45: =T45-O45-(K45-AF45) | R45: =IF(AND(ISNUMBER(B45),ISNUMBER(C45)),IF(C45>0,1,0),0) | S45: =IF(ISNUMBER(E45),MIN(1,MAX(0,E45)),1) | T45: =IF(R45=1,C45*S45,0) | U45: =IF(R45=1,YEAR(B45),0) | V45: =IF(OR(D45=27.5,D45=39),1,0) | W45: =IF(AND(AE45=1,S45<=0.5),1,0) | X45: =IF(F45="Car",1,0) | Y45: =IF(AND(R45=1,OR(V45=0,AND(D45=39,IF(ISNUMBER(G45),G45,0)>0)),W45=0,S45>0.5),1,0) | Z45: =IF(X45=1,IF(J45>0,Limits!$B$5,Limits!$B$6)*S45,0) | AA45: =IF(Y45=1,MIN(IF(ISNUMBER(G45),MAX(0,G45),0),T45,IF(F45="SUV",Limits!$B$4,T45),IF(X45=1,Z45,T45)),0) | AB45: =IF(AND(R45=1,V45=0),T45-K45,0) | AC45: =IF(R45=1,IF(MONTH(B45)>=10,1,0),0) | AD45: =IF(R45=0,"",IF(V45=1,D45&"-MM"&MONTH(B45),IF(W45=1,"ADS",D45&"")&"-"&IF(I45="MQ","MQ"&ROUNDUP(MONTH(B45)/3,0),"HY"))) | AE45: =IF(OR(F45="",F45="No"),0,1) | AF45: =K45*IF(U45='Form 4562'!$B$3,'Form 4562'!$B$16,1)
I46: =IF(R46=0,"",IF(V46=1,"MM",IF(IFERROR(SUMPRODUCT(($U$2:$U$201=U46)*$AB$2:$AB$201*$AC$2:$AC$201)/SUMPRODUCT(($U$2:$U$201=U46)*$AB$2:$AB$201),0)>0.4,"MQ","HY"))) | J46: =IF(OR(R46=0,V46=1,W46=1),0,IF(ISNUMBER(H46),H46,IF(H46="No",0,IFERROR(VLOOKUP(B46,Limits!$D$2:$E$9,2,1),0)))) | K46: =AA46*IF(U46='Form 4562'!$B$3,'Form 4562'!$B$15,1) | L46: =(T46-K46)*J46 | M46: =T46-K46-L46 | N46: =IF(R46=0,0,IF(AND(('Form 4562'!$B$3-U46+1)>=1,('Form 4562'!$B$3-U46+1)<=40),INDEX(Schedule!$I$46:$AV$46,1,('Form 4562'!$B$3-U46+1)),0)) | O46: =IF(R46=0,0,SUMIF(Schedule!$I$1:$AV$1,"<="&('Form 4562'!$B$3-U46+1),Schedule!$I$46:$AV$46)) | P46: =T46-O46-(K46-AF46) | R46: =IF(AND(ISNUMBER(B46),ISNUMBER(C46)),IF(C46>0,1,0),0) | S46: =IF(ISNUMBER(E46),MIN(1,MAX(0,E46)),1) | T46: =IF(R46=1,C46*S46,0) | U46: =IF(R46=1,YEAR(B46),0) | V46: =IF(OR(D46=27.5,D46=39),1,0) | W46: =IF(AND(AE46=1,S46<=0.5),1,0) | X46: =IF(F46="Car",1,0) | Y46: =IF(AND(R46=1,OR(V46=0,AND(D46=39,IF(ISNUMBER(G46),G46,0)>0)),W46=0,S46>0.5),1,0) | Z46: =IF(X46=1,IF(J46>0,Limits!$B$5,Limits!$B$6)*S46,0) | AA46: =IF(Y46=1,MIN(IF(ISNUMBER(G46),MAX(0,G46),0),T46,IF(F46="SUV",Limits!$B$4,T46),IF(X46=1,Z46,T46)),0) | AB46: =IF(AND(R46=1,V46=0),T46-K46,0) | AC46: =IF(R46=1,IF(MONTH(B46)>=10,1,0),0) | AD46: =IF(R46=0,"",IF(V46=1,D46&"-MM"&MONTH(B46),IF(W46=1,"ADS",D46&"")&"-"&IF(I46="MQ","MQ"&ROUNDUP(MONTH(B46)/3,0),"HY"))) | AE46: =IF(OR(F46="",F46="No"),0,1) | AF46: =K46*IF(U46='Form 4562'!$B$3,'Form 4562'!$B$16,1)
I47: =IF(R47=0,"",IF(V47=1,"MM",IF(IFERROR(SUMPRODUCT(($U$2:$U$201=U47)*$AB$2:$AB$201*$AC$2:$AC$201)/SUMPRODUCT(($U$2:$U$201=U47)*$AB$2:$AB$201),0)>0.4,"MQ","HY"))) | J47: =IF(OR(R47=0,V47=1,W47=1),0,IF(ISNUMBER(H47),H47,IF(H47="No",0,IFERROR(VLOOKUP(B47,Limits!$D$2:$E$9,2,1),0)))) | K47: =AA47*IF(U47='Form 4562'!$B$3,'Form 4562'!$B$15,1) | L47: =(T47-K47)*J47 | M47: =T47-K47-L47 | N47: =IF(R47=0,0,IF(AND(('Form 4562'!$B$3-U47+1)>=1,('Form 4562'!$B$3-U47+1)<=40),INDEX(Schedule!$I$47:$AV$47,1,('Form 4562'!$B$3-U47+1)),0)) | O47: =IF(R47=0,0,SUMIF(Schedule!$I$1:$AV$1,"<="&('Form 4562'!$B$3-U47+1),Schedule!$I$47:$AV$47)) | P47: =T47-O47-(K47-AF47) | R47: =IF(AND(ISNUMBER(B47),ISNUMBER(C47)),IF(C47>0,1,0),0) | S47: =IF(ISNUMBER(E47),MIN(1,MAX(0,E47)),1) | T47: =IF(R47=1,C47*S47,0) | U47: =IF(R47=1,YEAR(B47),0) | V47: =IF(OR(D47=27.5,D47=39),1,0) | W47: =IF(AND(AE47=1,S47<=0.5),1,0) | X47: =IF(F47="Car",1,0) | Y47: =IF(AND(R47=1,OR(V47=0,AND(D47=39,IF(ISNUMBER(G47),G47,0)>0)),W47=0,S47>0.5),1,0) | Z47: =IF(X47=1,IF(J47>0,Limits!$B$5,Limits!$B$6)*S47,0) | AA47: =IF(Y47=1,MIN(IF(ISNUMBER(G47),MAX(0,G47),0),T47,IF(F47="SUV",Limits!$B$4,T47),IF(X47=1,Z47,T47)),0) | AB47: =IF(AND(R47=1,V47=0),T47-K47,0) | AC47: =IF(R47=1,IF(MONTH(B47)>=10,1,0),0) | AD47: =IF(R47=0,"",IF(V47=1,D47&"-MM"&MONTH(B47),IF(W47=1,"ADS",D47&"")&"-"&IF(I47="MQ","MQ"&ROUNDUP(MONTH(B47)/3,0),"HY"))) | AE47: =IF(OR(F47="",F47="No"),0,1) | AF47: =K47*IF(U47='Form 4562'!$B$3,'Form 4562'!$B$16,1)
I48: =IF(R48=0,"",IF(V48=1,"MM",IF(IFERROR(SUMPRODUCT(($U$2:$U$201=U48)*$AB$2:$AB$201*$AC$2:$AC$201)/SUMPRODUCT(($U$2:$U$201=U48)*$AB$2:$AB$201),0)>0.4,"MQ","HY"))) | J48: =IF(OR(R48=0,V48=1,W48=1),0,IF(ISNUMBER(H48),H48,IF(H48="No",0,IFERROR(VLOOKUP(B48,Limits!$D$2:$E$9,2,1),0)))) | K48: =AA48*IF(U48='Form 4562'!$B$3,'Form 4562'!$B$15,1) | L48: =(T48-K48)*J48 | M48: =T48-K48-L48 | N48: =IF(R48=0,0,IF(AND(('Form 4562'!$B$3-U48+1)>=1,('Form 4562'!$B$3-U48+1)<=40),INDEX(Schedule!$I$48:$AV$48,1,('Form 4562'!$B$3-U48+1)),0)) | O48: =IF(R48=0,0,SUMIF(Schedule!$I$1:$AV$1,"<="&('Form 4562'!$B$3-U48+1),Schedule!$I$48:$AV$48)) | P48: =T48-O48-(K48-AF48) | R48: =IF(AND(ISNUMBER(B48),ISNUMBER(C48)),IF(C48>0,1,0),0) | S48: =IF(ISNUMBER(E48),MIN(1,MAX(0,E48)),1) | T48: =IF(R48=1,C48*S48,0) | U48: =IF(R48=1,YEAR(B48),0) | V48: =IF(OR(D48=27.5,D48=39),1,0) | W48: =IF(AND(AE48=1,S48<=0.5),1,0) | X48: =IF(F48="Car",1,0) | Y48: =IF(AND(R48=1,OR(V48=0,AND(D48=39,IF(ISNUMBER(G48),G48,0)>0)),W48=0,S48>0.5),1,0) | Z48: =IF(X48=1,IF(J48>0,Limits!$B$5,Limits!$B$6)*S48,0) | AA48: =IF(Y48=1,MIN(IF(ISNUMBER(G48),MAX(0,G48),0),T48,IF(F48="SUV",Limits!$B$4,T48),IF(X48=1,Z48,T48)),0) | AB48: =IF(AND(R48=1,V48=0),T48-K48,0) | AC48: =IF(R48=1,IF(MONTH(B48)>=10,1,0),0) | AD48: =IF(R48=0,"",IF(V48=1,D48&"-MM"&MONTH(B48),IF(W48=1,"ADS",D48&"")&"-"&IF(I48="MQ","MQ"&ROUNDUP(MONTH(B48)/3,0),"HY"))) | AE48: =IF(OR(F48="",F48="No"),0,1) | AF48: =K48*IF(U48='Form 4562'!$B$3,'Form 4562'!$B$16,1)
I49: =IF(R49=0,"",IF(V49=1,"MM",IF(IFERROR(SUMPRODUCT(($U$2:$U$201=U49)*$AB$2:$AB$201*$AC$2:$AC$201)/SUMPRODUCT(($U$2:$U$201=U49)*$AB$2:$AB$201),0)>0.4,"MQ","HY"))) | J49: =IF(OR(R49=0,V49=1,W49=1),0,IF(ISNUMBER(H49),H49,IF(H49="No",0,IFERROR(VLOOKUP(B49,Limits!$D$2:$E$9,2,1),0)))) | K49: =AA49*IF(U49='Form 4562'!$B$3,'Form 4562'!$B$15,1) | L49: =(T49-K49)*J49 | M49: =T49-K49-L49 | N49: =IF(R49=0,0,IF(AND(('Form 4562'!$B$3-U49+1)>=1,('Form 4562'!$B$3-U49+1)<=40),INDEX(Schedule!$I$49:$AV$49,1,('Form 4562'!$B$3-U49+1)),0)) | O49: =IF(R49=0,0,SUMIF(Schedule!$I$1:$AV$1,"<="&('Form 4562'!$B$3-U49+1),Schedule!$I$49:$AV$49)) | P49: =T49-O49-(K49-AF49) | R49: =IF(AND(ISNUMBER(B49),ISNUMBER(C49)),IF(C49>0,1,0),0) | S49: =IF(ISNUMBER(E49),MIN(1,MAX(0,E49)),1) | T49: =IF(R49=1,C49*S49,0) | U49: =IF(R49=1,YEAR(B49),0) | V49: =IF(OR(D49=27.5,D49=39),1,0) | W49: =IF(AND(AE49=1,S49<=0.5),1,0) | X49: =IF(F49="Car",1,0) | Y49: =IF(AND(R49=1,OR(V49=0,AND(D49=39,IF(ISNUMBER(G49),G49,0)>0)),W49=0,S49>0.5),1,0) | Z49: =IF(X49=1,IF(J49>0,Limits!$B$5,Limits!$B$6)*S49,0) | AA49: =IF(Y49=1,MIN(IF(ISNUMBER(G49),MAX(0,G49),0),T49,IF(F49="SUV",Limits!$B$4,T49),IF(X49=1,Z49,T49)),0) | AB49: =IF(AND(R49=1,V49=0),T49-K49,0) | AC49: =IF(R49=1,IF(MONTH(B49)>=10,1,0),0) | AD49: =IF(R49=0,"",IF(V49=1,D49&"-MM"&MONTH(B49),IF(W49=1,"ADS",D49&"")&"-"&IF(I49="MQ","MQ"&ROUNDUP(MONTH(B49)/3,0),"HY"))) | AE49: =IF(OR(F49="",F49="No"),0,1) | AF49: =K49*IF(U49='Form 4562'!$B$3,'Form 4562'!$B$16,1)
I50: =IF(R50=0,"",IF(V50=1,"MM",IF(IFERROR(SUMPRODUCT(($U$2:$U$201=U50)*$AB$2:$AB$201*$AC$2:$AC$201)/SUMPRODUCT(($U$2:$U$201=U50)*$AB$2:$AB$201),0)>0.4,"MQ","HY"))) | J50: =IF(OR(R50=0,V50=1,W50=1),0,IF(ISNUMBER(H50),H50,IF(H50="No",0,IFERROR(VLOOKUP(B50,Limits!$D$2:$E$9,2,1),0)))) | K50: =AA50*IF(U50='Form 4562'!$B$3,'Form 4562'!$B$15,1) | L50: =(T50-K50)*J50 | M50: =T50-K50-L50 | N50: =IF(R50=0,0,IF(AND(('Form 4562'!$B$3-U50+1)>=1,('Form 4562'!$B$3-U50+1)<=40),INDEX(Schedule!$I$50:$AV$50,1,('Form 4562'!$B$3-U50+1)),0)) | O50: =IF(R50=0,0,SUMIF(Schedule!$I$1:$AV$1,"<="&('Form 4562'!$B$3-U50+1),Schedule!$I$50:$AV$50)) | P50: =T50-O50-(K50-AF50) | R50: =IF(AND(ISNUMBER(B50),ISNUMBER(C50)),IF(C50>0,1,0),0) | S50: =IF(ISNUMBER(E50),MIN(1,MAX(0,E50)),1) | T50: =IF(R50=1,C50*S50,0) | U50: =IF(R50=1,YEAR(B50),0) | V50: =IF(OR(D50=27.5,D50=39),1,0) | W50: =IF(AND(AE50=1,S50<=0.5),1,0) | X50: =IF(F50="Car",1,0) | Y50: =IF(AND(R50=1,OR(V50=0,AND(D50=39,IF(ISNUMBER(G50),G50,0)>0)),W50=0,S50>0.5),1,0) | Z50: =IF(X50=1,IF(J50>0,Limits!$B$5,Limits!$B$6)*S50,0) | AA50: =IF(Y50=1,MIN(IF(ISNUMBER(G50),MAX(0,G50),0),T50,IF(F50="SUV",Limits!$B$4,T50),IF(X50=1,Z50,T50)),0) | AB50: =IF(AND(R50=1,V50=0),T50-K50,0) | AC50: =IF(R50=1,IF(MONTH(B50)>=10,1,0),0) | AD50: =IF(R50=0,"",IF(V50=1,D50&"-MM"&MONTH(B50),IF(W50=1,"ADS",D50&"")&"-"&IF(I50="MQ","MQ"&ROUNDUP(MONTH(B50)/3,0),"HY"))) | AE50: =IF(OR(F50="",F50="No"),0,1) | AF50: =K50*IF(U50='Form 4562'!$B$3,'Form 4562'!$B$16,1)
I51: =IF(R51=0,"",IF(V51=1,"MM",IF(IFERROR(SUMPRODUCT(($U$2:$U$201=U51)*$AB$2:$AB$201*$AC$2:$AC$201)/SUMPRODUCT(($U$2:$U$201=U51)*$AB$2:$AB$201),0)>0.4,"MQ","HY"))) | J51: =IF(OR(R51=0,V51=1,W51=1),0,IF(ISNUMBER(H51),H51,IF(H51="No",0,IFERROR(VLOOKUP(B51,Limits!$D$2:$E$9,2,1),0)))) | K51: =AA51*IF(U51='Form 4562'!$B$3,'Form 4562'!$B$15,1) | L51: =(T51-K51)*J51 | M51: =T51-K51-L51 | N51: =IF(R51=0,0,IF(AND(('Form 4562'!$B$3-U51+1)>=1,('Form 4562'!$B$3-U51+1)<=40),INDEX(Schedule!$I$51:$AV$51,1,('Form 4562'!$B$3-U51+1)),0)) | O51: =IF(R51=0,0,SUMIF(Schedule!$I$1:$AV$1,"<="&('Form 4562'!$B$3-U51+1),Schedule!$I$51:$AV$51)) | P51: =T51-O51-(K51-AF51) | R51: =IF(AND(ISNUMBER(B51),ISNUMBER(C51)),IF(C51>0,1,0),0) | S51: =IF(ISNUMBER(E51),MIN(1,MAX(0,E51)),1) | T51: =IF(R51=1,C51*S51,0) | U51: =IF(R51=1,YEAR(B51),0) | V51: =IF(OR(D51=27.5,D51=39),1,0) | W51: =IF(AND(AE51=1,S51<=0.5),1,0) | X51: =IF(F51="Car",1,0) | Y51: =IF(AND(R51=1,OR(V51=0,AND(D51=39,IF(ISNUMBER(G51),G51,0)>0)),W51=0,S51>0.5),1,0) | Z51: =IF(X51=1,IF(J51>0,Limits!$B$5,Limits!$B$6)*S51,0) | AA51: =IF(Y51=1,MIN(IF(ISNUMBER(G51),MAX(0,G51),0),T51,IF(F51="SUV",Limits!$B$4,T51),IF(X51=1,Z51,T51)),0) | AB51: =IF(AND(R51=1,V51=0),T51-K51,0) | AC51: =IF(R51=1,IF(MONTH(B51)>=10,1,0),0) | AD51: =IF(R51=0,"",IF(V51=1,D51&"-MM"&MONTH(B51),IF(W51=1,"ADS",D51&"")&"-"&IF(I51="MQ","MQ"&ROUNDUP(MONTH(B51)/3,0),"HY"))) | AE51: =IF(OR(F51="",F51="No"),0,1) | AF51: =K51*IF(U51='Form 4562'!$B$3,'Form 4562'!$B$16,1)
I52: =IF(R52=0,"",IF(V52=1,"MM",IF(IFERROR(SUMPRODUCT(($U$2:$U$201=U52)*$AB$2:$AB$201*$AC$2:$AC$201)/SUMPRODUCT(($U$2:$U$201=U52)*$AB$2:$AB$201),0)>0.4,"MQ","HY"))) | J52: =IF(OR(R52=0,V52=1,W52=1),0,IF(ISNUMBER(H52),H52,IF(H52="No",0,IFERROR(VLOOKUP(B52,Limits!$D$2:$E$9,2,1),0)))) | K52: =AA52*IF(U52='Form 4562'!$B$3,'Form 4562'!$B$15,1) | L52: =(T52-K52)*J52 | M52: =T52-K52-L52 | N52: =IF(R52=0,0,IF(AND(('Form 4562'!$B$3-U52+1)>=1,('Form 4562'!$B$3-U52+1)<=40),INDEX(Schedule!$I$52:$AV$52,1,('Form 4562'!$B$3-U52+1)),0)) | O52: =IF(R52=0,0,SUMIF(Schedule!$I$1:$AV$1,"<="&('Form 4562'!$B$3-U52+1),Schedule!$I$52:$AV$52)) | P52: =T52-O52-(K52-AF52) | R52: =IF(AND(ISNUMBER(B52),ISNUMBER(C52)),IF(C52>0,1,0),0) | S52: =IF(ISNUMBER(E52),MIN(1,MAX(0,E52)),1) | T52: =IF(R52=1,C52*S52,0) | U52: =IF(R52=1,YEAR(B52),0) | V52: =IF(OR(D52=27.5,D52=39),1,0) | W52: =IF(AND(AE52=1,S52<=0.5),1,0) | X52: =IF(F52="Car",1,0) | Y52: =IF(AND(R52=1,OR(V52=0,AND(D52=39,IF(ISNUMBER(G52),G52,0)>0)),W52=0,S52>0.5),1,0) | Z52: =IF(X52=1,IF(J52>0,Limits!$B$5,Limits!$B$6)*S52,0) | AA52: =IF(Y52=1,MIN(IF(ISNUMBER(G52),MAX(0,G52),0),T52,IF(F52="SUV",Limits!$B$4,T52),IF(X52=1,Z52,T52)),0) | AB52: =IF(AND(R52=1,V52=0),T52-K52,0) | AC52: =IF(R52=1,IF(MONTH(B52)>=10,1,0),0) | AD52: =IF(R52=0,"",IF(V52=1,D52&"-MM"&MONTH(B52),IF(W52=1,"ADS",D52&"")&"-"&IF(I52="MQ","MQ"&ROUNDUP(MONTH(B52)/3,0),"HY"))) | AE52: =IF(OR(F52="",F52="No"),0,1) | AF52: =K52*IF(U52='Form 4562'!$B$3,'Form 4562'!$B$16,1)
I53: =IF(R53=0,"",IF(V53=1,"MM",IF(IFERROR(SUMPRODUCT(($U$2:$U$201=U53)*$AB$2:$AB$201*$AC$2:$AC$201)/SUMPRODUCT(($U$2:$U$201=U53)*$AB$2:$AB$201),0)>0.4,"MQ","HY"))) | J53: =IF(OR(R53=0,V53=1,W53=1),0,IF(ISNUMBER(H53),H53,IF(H53="No",0,IFERROR(VLOOKUP(B53,Limits!$D$2:$E$9,2,1),0)))) | K53: =AA53*IF(U53='Form 4562'!$B$3,'Form 4562'!$B$15,1) | L53: =(T53-K53)*J53 | M53: =T53-K53-L53 | N53: =IF(R53=0,0,IF(AND(('Form 4562'!$B$3-U53+1)>=1,('Form 4562'!$B$3-U53+1)<=40),INDEX(Schedule!$I$53:$AV$53,1,('Form 4562'!$B$3-U53+1)),0)) | O53: =IF(R53=0,0,SUMIF(Schedule!$I$1:$AV$1,"<="&('Form 4562'!$B$3-U53+1),Schedule!$I$53:$AV$53)) | P53: =T53-O53-(K53-AF53) | R53: =IF(AND(ISNUMBER(B53),ISNUMBER(C53)),IF(C53>0,1,0),0) | S53: =IF(ISNUMBER(E53),MIN(1,MAX(0,E53)),1) | T53: =IF(R53=1,C53*S53,0) | U53: =IF(R53=1,YEAR(B53),0) | V53: =IF(OR(D53=27.5,D53=39),1,0) | W53: =IF(AND(AE53=1,S53<=0.5),1,0) | X53: =IF(F53="Car",1,0) | Y53: =IF(AND(R53=1,OR(V53=0,AND(D53=39,IF(ISNUMBER(G53),G53,0)>0)),W53=0,S53>0.5),1,0) | Z53: =IF(X53=1,IF(J53>0,Limits!$B$5,Limits!$B$6)*S53,0) | AA53: =IF(Y53=1,MIN(IF(ISNUMBER(G53),MAX(0,G53),0),T53,IF(F53="SUV",Limits!$B$4,T53),IF(X53=1,Z53,T53)),0) | AB53: =IF(AND(R53=1,V53=0),T53-K53,0) | AC53: =IF(R53=1,IF(MONTH(B53)>=10,1,0),0) | AD53: =IF(R53=0,"",IF(V53=1,D53&"-MM"&MONTH(B53),IF(W53=1,"ADS",D53&"")&"-"&IF(I53="MQ","MQ"&ROUNDUP(MONTH(B53)/3,0),"HY"))) | AE53: =IF(OR(F53="",F53="No"),0,1) | AF53: =K53*IF(U53='Form 4562'!$B$3,'Form 4562'!$B$16,1)
I54: =IF(R54=0,"",IF(V54=1,"MM",IF(IFERROR(SUMPRODUCT(($U$2:$U$201=U54)*$AB$2:$AB$201*$AC$2:$AC$201)/SUMPRODUCT(($U$2:$U$201=U54)*$AB$2:$AB$201),0)>0.4,"MQ","HY"))) | J54: =IF(OR(R54=0,V54=1,W54=1),0,IF(ISNUMBER(H54),H54,IF(H54="No",0,IFERROR(VLOOKUP(B54,Limits!$D$2:$E$9,2,1),0)))) | K54: =AA54*IF(U54='Form 4562'!$B$3,'Form 4562'!$B$15,1) | L54: =(T54-K54)*J54 | M54: =T54-K54-L54 | N54: =IF(R54=0,0,IF(AND(('Form 4562'!$B$3-U54+1)>=1,('Form 4562'!$B$3-U54+1)<=40),INDEX(Schedule!$I$54:$AV$54,1,('Form 4562'!$B$3-U54+1)),0)) | O54: =IF(R54=0,0,SUMIF(Schedule!$I$1:$AV$1,"<="&('Form 4562'!$B$3-U54+1),Schedule!$I$54:$AV$54)) | P54: =T54-O54-(K54-AF54) | R54: =IF(AND(ISNUMBER(B54),ISNUMBER(C54)),IF(C54>0,1,0),0) | S54: =IF(ISNUMBER(E54),MIN(1,MAX(0,E54)),1) | T54: =IF(R54=1,C54*S54,0) | U54: =IF(R54=1,YEAR(B54),0) | V54: =IF(OR(D54=27.5,D54=39),1,0) | W54: =IF(AND(AE54=1,S54<=0.5),1,0) | X54: =IF(F54="Car",1,0) | Y54: =IF(AND(R54=1,OR(V54=0,AND(D54=39,IF(ISNUMBER(G54),G54,0)>0)),W54=0,S54>0.5),1,0) | Z54: =IF(X54=1,IF(J54>0,Limits!$B$5,Limits!$B$6)*S54,0) | AA54: =IF(Y54=1,MIN(IF(ISNUMBER(G54),MAX(0,G54),0),T54,IF(F54="SUV",Limits!$B$4,T54),IF(X54=1,Z54,T54)),0) | AB54: =IF(AND(R54=1,V54=0),T54-K54,0) | AC54: =IF(R54=1,IF(MONTH(B54)>=10,1,0),0) | AD54: =IF(R54=0,"",IF(V54=1,D54&"-MM"&MONTH(B54),IF(W54=1,"ADS",D54&"")&"-"&IF(I54="MQ","MQ"&ROUNDUP(MONTH(B54)/3,0),"HY"))) | AE54: =IF(OR(F54="",F54="No"),0,1) | AF54: =K54*IF(U54='Form 4562'!$B$3,'Form 4562'!$B$16,1)
I55: =IF(R55=0,"",IF(V55=1,"MM",IF(IFERROR(SUMPRODUCT(($U$2:$U$201=U55)*$AB$2:$AB$201*$AC$2:$AC$201)/SUMPRODUCT(($U$2:$U$201=U55)*$AB$2:$AB$201),0)>0.4,"MQ","HY"))) | J55: =IF(OR(R55=0,V55=1,W55=1),0,IF(ISNUMBER(H55),H55,IF(H55="No",0,IFERROR(VLOOKUP(B55,Limits!$D$2:$E$9,2,1),0)))) | K55: =AA55*IF(U55='Form 4562'!$B$3,'Form 4562'!$B$15,1) | L55: =(T55-K55)*J55 | M55: =T55-K55-L55 | N55: =IF(R55=0,0,IF(AND(('Form 4562'!$B$3-U55+1)>=1,('Form 4562'!$B$3-U55+1)<=40),INDEX(Schedule!$I$55:$AV$55,1,('Form 4562'!$B$3-U55+1)),0)) | O55: =IF(R55=0,0,SUMIF(Schedule!$I$1:$AV$1,"<="&('Form 4562'!$B$3-U55+1),Schedule!$I$55:$AV$55)) | P55: =T55-O55-(K55-AF55) | R55: =IF(AND(ISNUMBER(B55),ISNUMBER(C55)),IF(C55>0,1,0),0) | S55: =IF(ISNUMBER(E55),MIN(1,MAX(0,E55)),1) | T55: =IF(R55=1,C55*S55,0) | U55: =IF(R55=1,YEAR(B55),0) | V55: =IF(OR(D55=27.5,D55=39),1,0) | W55: =IF(AND(AE55=1,S55<=0.5),1,0) | X55: =IF(F55="Car",1,0) | Y55: =IF(AND(R55=1,OR(V55=0,AND(D55=39,IF(ISNUMBER(G55),G55,0)>0)),W55=0,S55>0.5),1,0) | Z55: =IF(X55=1,IF(J55>0,Limits!$B$5,Limits!$B$6)*S55,0) | AA55: =IF(Y55=1,MIN(IF(ISNUMBER(G55),MAX(0,G55),0),T55,IF(F55="SUV",Limits!$B$4,T55),IF(X55=1,Z55,T55)),0) | AB55: =IF(AND(R55=1,V55=0),T55-K55,0) | AC55: =IF(R55=1,IF(MONTH(B55)>=10,1,0),0) | AD55: =IF(R55=0,"",IF(V55=1,D55&"-MM"&MONTH(B55),IF(W55=1,"ADS",D55&"")&"-"&IF(I55="MQ","MQ"&ROUNDUP(MONTH(B55)/3,0),"HY"))) | AE55: =IF(OR(F55="",F55="No"),0,1) | AF55: =K55*IF(U55='Form 4562'!$B$3,'Form 4562'!$B$16,1)
I56: =IF(R56=0,"",IF(V56=1,"MM",IF(IFERROR(SUMPRODUCT(($U$2:$U$201=U56)*$AB$2:$AB$201*$AC$2:$AC$201)/SUMPRODUCT(($U$2:$U$201=U56)*$AB$2:$AB$201),0)>0.4,"MQ","HY"))) | J56: =IF(OR(R56=0,V56=1,W56=1),0,IF(ISNUMBER(H56),H56,IF(H56="No",0,IFERROR(VLOOKUP(B56,Limits!$D$2:$E$9,2,1),0)))) | K56: =AA56*IF(U56='Form 4562'!$B$3,'Form 4562'!$B$15,1) | L56: =(T56-K56)*J56 | M56: =T56-K56-L56 | N56: =IF(R56=0,0,IF(AND(('Form 4562'!$B$3-U56+1)>=1,('Form 4562'!$B$3-U56+1)<=40),INDEX(Schedule!$I$56:$AV$56,1,('Form 4562'!$B$3-U56+1)),0)) | O56: =IF(R56=0,0,SUMIF(Schedule!$I$1:$AV$1,"<="&('Form 4562'!$B$3-U56+1),Schedule!$I$56:$AV$56)) | P56: =T56-O56-(K56-AF56) | R56: =IF(AND(ISNUMBER(B56),ISNUMBER(C56)),IF(C56>0,1,0),0) | S56: =IF(ISNUMBER(E56),MIN(1,MAX(0,E56)),1) | T56: =IF(R56=1,C56*S56,0) | U56: =IF(R56=1,YEAR(B56),0) | V56: =IF(OR(D56=27.5,D56=39),1,0) | W56: =IF(AND(AE56=1,S56<=0.5),1,0) | X56: =IF(F56="Car",1,0) | Y56: =IF(AND(R56=1,OR(V56=0,AND(D56=39,IF(ISNUMBER(G56),G56,0)>0)),W56=0,S56>0.5),1,0) | Z56: =IF(X56=1,IF(J56>0,Limits!$B$5,Limits!$B$6)*S56,0) | AA56: =IF(Y56=1,MIN(IF(ISNUMBER(G56),MAX(0,G56),0),T56,IF(F56="SUV",Limits!$B$4,T56),IF(X56=1,Z56,T56)),0) | AB56: =IF(AND(R56=1,V56=0),T56-K56,0) | AC56: =IF(R56=1,IF(MONTH(B56)>=10,1,0),0) | AD56: =IF(R56=0,"",IF(V56=1,D56&"-MM"&MONTH(B56),IF(W56=1,"ADS",D56&"")&"-"&IF(I56="MQ","MQ"&ROUNDUP(MONTH(B56)/3,0),"HY"))) | AE56: =IF(OR(F56="",F56="No"),0,1) | AF56: =K56*IF(U56='Form 4562'!$B$3,'Form 4562'!$B$16,1)
I57: =IF(R57=0,"",IF(V57=1,"MM",IF(IFERROR(SUMPRODUCT(($U$2:$U$201=U57)*$AB$2:$AB$201*$AC$2:$AC$201)/SUMPRODUCT(($U$2:$U$201=U57)*$AB$2:$AB$201),0)>0.4,"MQ","HY"))) | J57: =IF(OR(R57=0,V57=1,W57=1),0,IF(ISNUMBER(H57),H57,IF(H57="No",0,IFERROR(VLOOKUP(B57,Limits!$D$2:$E$9,2,1),0)))) | K57: =AA57*IF(U57='Form 4562'!$B$3,'Form 4562'!$B$15,1) | L57: =(T57-K57)*J57 | M57: =T57-K57-L57 | N57: =IF(R57=0,0,IF(AND(('Form 4562'!$B$3-U57+1)>=1,('Form 4562'!$B$3-U57+1)<=40),INDEX(Schedule!$I$57:$AV$57,1,('Form 4562'!$B$3-U57+1)),0)) | O57: =IF(R57=0,0,SUMIF(Schedule!$I$1:$AV$1,"<="&('Form 4562'!$B$3-U57+1),Schedule!$I$57:$AV$57)) | P57: =T57-O57-(K57-AF57) | R57: =IF(AND(ISNUMBER(B57),ISNUMBER(C57)),IF(C57>0,1,0),0) | S57: =IF(ISNUMBER(E57),MIN(1,MAX(0,E57)),1) | T57: =IF(R57=1,C57*S57,0) | U57: =IF(R57=1,YEAR(B57),0) | V57: =IF(OR(D57=27.5,D57=39),1,0) | W57: =IF(AND(AE57=1,S57<=0.5),1,0) | X57: =IF(F57="Car",1,0) | Y57: =IF(AND(R57=1,OR(V57=0,AND(D57=39,IF(ISNUMBER(G57),G57,0)>0)),W57=0,S57>0.5),1,0) | Z57: =IF(X57=1,IF(J57>0,Limits!$B$5,Limits!$B$6)*S57,0) | AA57: =IF(Y57=1,MIN(IF(ISNUMBER(G57),MAX(0,G57),0),T57,IF(F57="SUV",Limits!$B$4,T57),IF(X57=1,Z57,T57)),0) | AB57: =IF(AND(R57=1,V57=0),T57-K57,0) | AC57: =IF(R57=1,IF(MONTH(B57)>=10,1,0),0) | AD57: =IF(R57=0,"",IF(V57=1,D57&"-MM"&MONTH(B57),IF(W57=1,"ADS",D57&"")&"-"&IF(I57="MQ","MQ"&ROUNDUP(MONTH(B57)/3,0),"HY"))) | AE57: =IF(OR(F57="",F57="No"),0,1) | AF57: =K57*IF(U57='Form 4562'!$B$3,'Form 4562'!$B$16,1)
I58: =IF(R58=0,"",IF(V58=1,"MM",IF(IFERROR(SUMPRODUCT(($U$2:$U$201=U58)*$AB$2:$AB$201*$AC$2:$AC$201)/SUMPRODUCT(($U$2:$U$201=U58)*$AB$2:$AB$201),0)>0.4,"MQ","HY"))) | J58: =IF(OR(R58=0,V58=1,W58=1),0,IF(ISNUMBER(H58),H58,IF(H58="No",0,IFERROR(VLOOKUP(B58,Limits!$D$2:$E$9,2,1),0)))) | K58: =AA58*IF(U58='Form 4562'!$B$3,'Form 4562'!$B$15,1) | L58: =(T58-K58)*J58 | M58: =T58-K58-L58 | N58: =IF(R58=0,0,IF(AND(('Form 4562'!$B$3-U58+1)>=1,('Form 4562'!$B$3-U58+1)<=40),INDEX(Schedule!$I$58:$AV$58,1,('Form 4562'!$B$3-U58+1)),0)) | O58: =IF(R58=0,0,SUMIF(Schedule!$I$1:$AV$1,"<="&('Form 4562'!$B$3-U58+1),Schedule!$I$58:$AV$58)) | P58: =T58-O58-(K58-AF58) | R58: =IF(AND(ISNUMBER(B58),ISNUMBER(C58)),IF(C58>0,1,0),0) | S58: =IF(ISNUMBER(E58),MIN(1,MAX(0,E58)),1) | T58: =IF(R58=1,C58*S58,0) | U58: =IF(R58=1,YEAR(B58),0) | V58: =IF(OR(D58=27.5,D58=39),1,0) | W58: =IF(AND(AE58=1,S58<=0.5),1,0) | X58: =IF(F58="Car",1,0) | Y58: =IF(AND(R58=1,OR(V58=0,AND(D58=39,IF(ISNUMBER(G58),G58,0)>0)),W58=0,S58>0.5),1,0) | Z58: =IF(X58=1,IF(J58>0,Limits!$B$5,Limits!$B$6)*S58,0) | AA58: =IF(Y58=1,MIN(IF(ISNUMBER(G58),MAX(0,G58),0),T58,IF(F58="SUV",Limits!$B$4,T58),IF(X58=1,Z58,T58)),0) | AB58: =IF(AND(R58=1,V58=0),T58-K58,0) | AC58: =IF(R58=1,IF(MONTH(B58)>=10,1,0),0) | AD58: =IF(R58=0,"",IF(V58=1,D58&"-MM"&MONTH(B58),IF(W58=1,"ADS",D58&"")&"-"&IF(I58="MQ","MQ"&ROUNDUP(MONTH(B58)/3,0),"HY"))) | AE58: =IF(OR(F58="",F58="No"),0,1) | AF58: =K58*IF(U58='Form 4562'!$B$3,'Form 4562'!$B$16,1)
I59: =IF(R59=0,"",IF(V59=1,"MM",IF(IFERROR(SUMPRODUCT(($U$2:$U$201=U59)*$AB$2:$AB$201*$AC$2:$AC$201)/SUMPRODUCT(($U$2:$U$201=U59)*$AB$2:$AB$201),0)>0.4,"MQ","HY"))) | J59: =IF(OR(R59=0,V59=1,W59=1),0,IF(ISNUMBER(H59),H59,IF(H59="No",0,IFERROR(VLOOKUP(B59,Limits!$D$2:$E$9,2,1),0)))) | K59: =AA59*IF(U59='Form 4562'!$B$3,'Form 4562'!$B$15,1) | L59: =(T59-K59)*J59 | M59: =T59-K59-L59 | N59: =IF(R59=0,0,IF(AND(('Form 4562'!$B$3-U59+1)>=1,('Form 4562'!$B$3-U59+1)<=40),INDEX(Schedule!$I$59:$AV$59,1,('Form 4562'!$B$3-U59+1)),0)) | O59: =IF(R59=0,0,SUMIF(Schedule!$I$1:$AV$1,"<="&('Form 4562'!$B$3-U59+1),Schedule!$I$59:$AV$59)) | P59: =T59-O59-(K59-AF59) | R59: =IF(AND(ISNUMBER(B59),ISNUMBER(C59)),IF(C59>0,1,0),0) | S59: =IF(ISNUMBER(E59),MIN(1,MAX(0,E59)),1) | T59: =IF(R59=1,C59*S59,0) | U59: =IF(R59=1,YEAR(B59),0) | V59: =IF(OR(D59=27.5,D59=39),1,0) | W59: =IF(AND(AE59=1,S59<=0.5),1,0) | X59: =IF(F59="Car",1,0) | Y59: =IF(AND(R59=1,OR(V59=0,AND(D59=39,IF(ISNUMBER(G59),G59,0)>0)),W59=0,S59>0.5),1,0) | Z59: =IF(X59=1,IF(J59>0,Limits!$B$5,Limits!$B$6)*S59,0) | AA59: =IF(Y59=1,MIN(IF(ISNUMBER(G59),MAX(0,G59),0),T59,IF(F59="SUV",Limits!$B$4,T59),IF(X59=1,Z59,T59)),0) | AB59: =IF(AND(R59=1,V59=0),T59-K59,0) | AC59: =IF(R59=1,IF(MONTH(B59)>=10,1,0),0) | AD59: =IF(R59=0,"",IF(V59=1,D59&"-MM"&MONTH(B59),IF(W59=1,"ADS",D59&"")&"-"&IF(I59="MQ","MQ"&ROUNDUP(MONTH(B59)/3,0),"HY"))) | AE59: =IF(OR(F59="",F59="No"),0,1) | AF59: =K59*IF(U59='Form 4562'!$B$3,'Form 4562'!$B$16,1)
I60: =IF(R60=0,"",IF(V60=1,"MM",IF(IFERROR(SUMPRODUCT(($U$2:$U$201=U60)*$AB$2:$AB$201*$AC$2:$AC$201)/SUMPRODUCT(($U$2:$U$201=U60)*$AB$2:$AB$201),0)>0.4,"MQ","HY"))) | J60: =IF(OR(R60=0,V60=1,W60=1),0,IF(ISNUMBER(H60),H60,IF(H60="No",0,IFERROR(VLOOKUP(B60,Limits!$D$2:$E$9,2,1),0)))) | K60: =AA60*IF(U60='Form 4562'!$B$3,'Form 4562'!$B$15,1) | L60: =(T60-K60)*J60 | M60: =T60-K60-L60 | N60: =IF(R60=0,0,IF(AND(('Form 4562'!$B$3-U60+1)>=1,('Form 4562'!$B$3-U60+1)<=40),INDEX(Schedule!$I$60:$AV$60,1,('Form 4562'!$B$3-U60+1)),0)) | O60: =IF(R60=0,0,SUMIF(Schedule!$I$1:$AV$1,"<="&('Form 4562'!$B$3-U60+1),Schedule!$I$60:$AV$60)) | P60: =T60-O60-(K60-AF60) | R60: =IF(AND(ISNUMBER(B60),ISNUMBER(C60)),IF(C60>0,1,0),0) | S60: =IF(ISNUMBER(E60),MIN(1,MAX(0,E60)),1) | T60: =IF(R60=1,C60*S60,0) | U60: =IF(R60=1,YEAR(B60),0) | V60: =IF(OR(D60=27.5,D60=39),1,0) | W60: =IF(AND(AE60=1,S60<=0.5),1,0) | X60: =IF(F60="Car",1,0) | Y60: =IF(AND(R60=1,OR(V60=0,AND(D60=39,IF(ISNUMBER(G60),G60,0)>0)),W60=0,S60>0.5),1,0) | Z60: =IF(X60=1,IF(J60>0,Limits!$B$5,Limits!$B$6)*S60,0) | AA60: =IF(Y60=1,MIN(IF(ISNUMBER(G60),MAX(0,G60),0),T60,IF(F60="SUV",Limits!$B$4,T60),IF(X60=1,Z60,T60)),0) | AB60: =IF(AND(R60=1,V60=0),T60-K60,0) | AC60: =IF(R60=1,IF(MONTH(B60)>=10,1,0),0) | AD60: =IF(R60=0,"",IF(V60=1,D60&"-MM"&MONTH(B60),IF(W60=1,"ADS",D60&"")&"-"&IF(I60="MQ","MQ"&ROUNDUP(MONTH(B60)/3,0),"HY"))) | AE60: =IF(OR(F60="",F60="No"),0,1) | AF60: =K60*IF(U60='Form 4562'!$B$3,'Form 4562'!$B$16,1)
I61: =IF(R61=0,"",IF(V61=1,"MM",IF(IFERROR(SUMPRODUCT(($U$2:$U$201=U61)*$AB$2:$AB$201*$AC$2:$AC$201)/SUMPRODUCT(($U$2:$U$201=U61)*$AB$2:$AB$201),0)>0.4,"MQ","HY"))) | J61: =IF(OR(R61=0,V61=1,W61=1),0,IF(ISNUMBER(H61),H61,IF(H61="No",0,IFERROR(VLOOKUP(B61,Limits!$D$2:$E$9,2,1),0)))) | K61: =AA61*IF(U61='Form 4562'!$B$3,'Form 4562'!$B$15,1) | L61: =(T61-K61)*J61 | M61: =T61-K61-L61 | N61: =IF(R61=0,0,IF(AND(('Form 4562'!$B$3-U61+1)>=1,('Form 4562'!$B$3-U61+1)<=40),INDEX(Schedule!$I$61:$AV$61,1,('Form 4562'!$B$3-U61+1)),0)) | O61: =IF(R61=0,0,SUMIF(Schedule!$I$1:$AV$1,"<="&('Form 4562'!$B$3-U61+1),Schedule!$I$61:$AV$61)) | P61: =T61-O61-(K61-AF61) | R61: =IF(AND(ISNUMBER(B61),ISNUMBER(C61)),IF(C61>0,1,0),0) | S61: =IF(ISNUMBER(E61),MIN(1,MAX(0,E61)),1) | T61: =IF(R61=1,C61*S61,0) | U61: =IF(R61=1,YEAR(B61),0) | V61: =IF(OR(D61=27.5,D61=39),1,0) | W61: =IF(AND(AE61=1,S61<=0.5),1,0) | X61: =IF(F61="Car",1,0) | Y61: =IF(AND(R61=1,OR(V61=0,AND(D61=39,IF(ISNUMBER(G61),G61,0)>0)),W61=0,S61>0.5),1,0) | Z61: =IF(X61=1,IF(J61>0,Limits!$B$5,Limits!$B$6)*S61,0) | AA61: =IF(Y61=1,MIN(IF(ISNUMBER(G61),MAX(0,G61),0),T61,IF(F61="SUV",Limits!$B$4,T61),IF(X61=1,Z61,T61)),0) | AB61: =IF(AND(R61=1,V61=0),T61-K61,0) | AC61: =IF(R61=1,IF(MONTH(B61)>=10,1,0),0) | AD61: =IF(R61=0,"",IF(V61=1,D61&"-MM"&MONTH(B61),IF(W61=1,"ADS",D61&"")&"-"&IF(I61="MQ","MQ"&ROUNDUP(MONTH(B61)/3,0),"HY"))) | AE61: =IF(OR(F61="",F61="No"),0,1) | AF61: =K61*IF(U61='Form 4562'!$B$3,'Form 4562'!$B$16,1)
I62: =IF(R62=0,"",IF(V62=1,"MM",IF(IFERROR(SUMPRODUCT(($U$2:$U$201=U62)*$AB$2:$AB$201*$AC$2:$AC$201)/SUMPRODUCT(($U$2:$U$201=U62)*$AB$2:$AB$201),0)>0.4,"MQ","HY"))) | J62: =IF(OR(R62=0,V62=1,W62=1),0,IF(ISNUMBER(H62),H62,IF(H62="No",0,IFERROR(VLOOKUP(B62,Limits!$D$2:$E$9,2,1),0)))) | K62: =AA62*IF(U62='Form 4562'!$B$3,'Form 4562'!$B$15,1) | L62: =(T62-K62)*J62 | M62: =T62-K62-L62 | N62: =IF(R62=0,0,IF(AND(('Form 4562'!$B$3-U62+1)>=1,('Form 4562'!$B$3-U62+1)<=40),INDEX(Schedule!$I$62:$AV$62,1,('Form 4562'!$B$3-U62+1)),0)) | O62: =IF(R62=0,0,SUMIF(Schedule!$I$1:$AV$1,"<="&('Form 4562'!$B$3-U62+1),Schedule!$I$62:$AV$62)) | P62: =T62-O62-(K62-AF62) | R62: =IF(AND(ISNUMBER(B62),ISNUMBER(C62)),IF(C62>0,1,0),0) | S62: =IF(ISNUMBER(E62),MIN(1,MAX(0,E62)),1) | T62: =IF(R62=1,C62*S62,0) | U62: =IF(R62=1,YEAR(B62),0) | V62: =IF(OR(D62=27.5,D62=39),1,0) | W62: =IF(AND(AE62=1,S62<=0.5),1,0) | X62: =IF(F62="Car",1,0) | Y62: =IF(AND(R62=1,OR(V62=0,AND(D62=39,IF(ISNUMBER(G62),G62,0)>0)),W62=0,S62>0.5),1,0) | Z62: =IF(X62=1,IF(J62>0,Limits!$B$5,Limits!$B$6)*S62,0) | AA62: =IF(Y62=1,MIN(IF(ISNUMBER(G62),MAX(0,G62),0),T62,IF(F62="SUV",Limits!$B$4,T62),IF(X62=1,Z62,T62)),0) | AB62: =IF(AND(R62=1,V62=0),T62-K62,0) | AC62: =IF(R62=1,IF(MONTH(B62)>=10,1,0),0) | AD62: =IF(R62=0,"",IF(V62=1,D62&"-MM"&MONTH(B62),IF(W62=1,"ADS",D62&"")&"-"&IF(I62="MQ","MQ"&ROUNDUP(MONTH(B62)/3,0),"HY"))) | AE62: =IF(OR(F62="",F62="No"),0,1) | AF62: =K62*IF(U62='Form 4562'!$B$3,'Form 4562'!$B$16,1)
I63: =IF(R63=0,"",IF(V63=1,"MM",IF(IFERROR(SUMPRODUCT(($U$2:$U$201=U63)*$AB$2:$AB$201*$AC$2:$AC$201)/SUMPRODUCT(($U$2:$U$201=U63)*$AB$2:$AB$201),0)>0.4,"MQ","HY"))) | J63: =IF(OR(R63=0,V63=1,W63=1),0,IF(ISNUMBER(H63),H63,IF(H63="No",0,IFERROR(VLOOKUP(B63,Limits!$D$2:$E$9,2,1),0)))) | K63: =AA63*IF(U63='Form 4562'!$B$3,'Form 4562'!$B$15,1) | L63: =(T63-K63)*J63 | M63: =T63-K63-L63 | N63: =IF(R63=0,0,IF(AND(('Form 4562'!$B$3-U63+1)>=1,('Form 4562'!$B$3-U63+1)<=40),INDEX(Schedule!$I$63:$AV$63,1,('Form 4562'!$B$3-U63+1)),0)) | O63: =IF(R63=0,0,SUMIF(Schedule!$I$1:$AV$1,"<="&('Form 4562'!$B$3-U63+1),Schedule!$I$63:$AV$63)) | P63: =T63-O63-(K63-AF63) | R63: =IF(AND(ISNUMBER(B63),ISNUMBER(C63)),IF(C63>0,1,0),0) | S63: =IF(ISNUMBER(E63),MIN(1,MAX(0,E63)),1) | T63: =IF(R63=1,C63*S63,0) | U63: =IF(R63=1,YEAR(B63),0) | V63: =IF(OR(D63=27.5,D63=39),1,0) | W63: =IF(AND(AE63=1,S63<=0.5),1,0) | X63: =IF(F63="Car",1,0) | Y63: =IF(AND(R63=1,OR(V63=0,AND(D63=39,IF(ISNUMBER(G63),G63,0)>0)),W63=0,S63>0.5),1,0) | Z63: =IF(X63=1,IF(J63>0,Limits!$B$5,Limits!$B$6)*S63,0) | AA63: =IF(Y63=1,MIN(IF(ISNUMBER(G63),MAX(0,G63),0),T63,IF(F63="SUV",Limits!$B$4,T63),IF(X63=1,Z63,T63)),0) | AB63: =IF(AND(R63=1,V63=0),T63-K63,0) | AC63: =IF(R63=1,IF(MONTH(B63)>=10,1,0),0) | AD63: =IF(R63=0,"",IF(V63=1,D63&"-MM"&MONTH(B63),IF(W63=1,"ADS",D63&"")&"-"&IF(I63="MQ","MQ"&ROUNDUP(MONTH(B63)/3,0),"HY"))) | AE63: =IF(OR(F63="",F63="No"),0,1) | AF63: =K63*IF(U63='Form 4562'!$B$3,'Form 4562'!$B$16,1)
I64: =IF(R64=0,"",IF(V64=1,"MM",IF(IFERROR(SUMPRODUCT(($U$2:$U$201=U64)*$AB$2:$AB$201*$AC$2:$AC$201)/SUMPRODUCT(($U$2:$U$201=U64)*$AB$2:$AB$201),0)>0.4,"MQ","HY"))) | J64: =IF(OR(R64=0,V64=1,W64=1),0,IF(ISNUMBER(H64),H64,IF(H64="No",0,IFERROR(VLOOKUP(B64,Limits!$D$2:$E$9,2,1),0)))) | K64: =AA64*IF(U64='Form 4562'!$B$3,'Form 4562'!$B$15,1) | L64: =(T64-K64)*J64 | M64: =T64-K64-L64 | N64: =IF(R64=0,0,IF(AND(('Form 4562'!$B$3-U64+1)>=1,('Form 4562'!$B$3-U64+1)<=40),INDEX(Schedule!$I$64:$AV$64,1,('Form 4562'!$B$3-U64+1)),0)) | O64: =IF(R64=0,0,SUMIF(Schedule!$I$1:$AV$1,"<="&('Form 4562'!$B$3-U64+1),Schedule!$I$64:$AV$64)) | P64: =T64-O64-(K64-AF64) | R64: =IF(AND(ISNUMBER(B64),ISNUMBER(C64)),IF(C64>0,1,0),0) | S64: =IF(ISNUMBER(E64),MIN(1,MAX(0,E64)),1) | T64: =IF(R64=1,C64*S64,0) | U64: =IF(R64=1,YEAR(B64),0) | V64: =IF(OR(D64=27.5,D64=39),1,0) | W64: =IF(AND(AE64=1,S64<=0.5),1,0) | X64: =IF(F64="Car",1,0) | Y64: =IF(AND(R64=1,OR(V64=0,AND(D64=39,IF(ISNUMBER(G64),G64,0)>0)),W64=0,S64>0.5),1,0) | Z64: =IF(X64=1,IF(J64>0,Limits!$B$5,Limits!$B$6)*S64,0) | AA64: =IF(Y64=1,MIN(IF(ISNUMBER(G64),MAX(0,G64),0),T64,IF(F64="SUV",Limits!$B$4,T64),IF(X64=1,Z64,T64)),0) | AB64: =IF(AND(R64=1,V64=0),T64-K64,0) | AC64: =IF(R64=1,IF(MONTH(B64)>=10,1,0),0) | AD64: =IF(R64=0,"",IF(V64=1,D64&"-MM"&MONTH(B64),IF(W64=1,"ADS",D64&"")&"-"&IF(I64="MQ","MQ"&ROUNDUP(MONTH(B64)/3,0),"HY"))) | AE64: =IF(OR(F64="",F64="No"),0,1) | AF64: =K64*IF(U64='Form 4562'!$B$3,'Form 4562'!$B$16,1)
I65: =IF(R65=0,"",IF(V65=1,"MM",IF(IFERROR(SUMPRODUCT(($U$2:$U$201=U65)*$AB$2:$AB$201*$AC$2:$AC$201)/SUMPRODUCT(($U$2:$U$201=U65)*$AB$2:$AB$201),0)>0.4,"MQ","HY"))) | J65: =IF(OR(R65=0,V65=1,W65=1),0,IF(ISNUMBER(H65),H65,IF(H65="No",0,IFERROR(VLOOKUP(B65,Limits!$D$2:$E$9,2,1),0)))) | K65: =AA65*IF(U65='Form 4562'!$B$3,'Form 4562'!$B$15,1) | L65: =(T65-K65)*J65 | M65: =T65-K65-L65 | N65: =IF(R65=0,0,IF(AND(('Form 4562'!$B$3-U65+1)>=1,('Form 4562'!$B$3-U65+1)<=40),INDEX(Schedule!$I$65:$AV$65,1,('Form 4562'!$B$3-U65+1)),0)) | O65: =IF(R65=0,0,SUMIF(Schedule!$I$1:$AV$1,"<="&('Form 4562'!$B$3-U65+1),Schedule!$I$65:$AV$65)) | P65: =T65-O65-(K65-AF65) | R65: =IF(AND(ISNUMBER(B65),ISNUMBER(C65)),IF(C65>0,1,0),0) | S65: =IF(ISNUMBER(E65),MIN(1,MAX(0,E65)),1) | T65: =IF(R65=1,C65*S65,0) | U65: =IF(R65=1,YEAR(B65),0) | V65: =IF(OR(D65=27.5,D65=39),1,0) | W65: =IF(AND(AE65=1,S65<=0.5),1,0) | X65: =IF(F65="Car",1,0) | Y65: =IF(AND(R65=1,OR(V65=0,AND(D65=39,IF(ISNUMBER(G65),G65,0)>0)),W65=0,S65>0.5),1,0) | Z65: =IF(X65=1,IF(J65>0,Limits!$B$5,Limits!$B$6)*S65,0) | AA65: =IF(Y65=1,MIN(IF(ISNUMBER(G65),MAX(0,G65),0),T65,IF(F65="SUV",Limits!$B$4,T65),IF(X65=1,Z65,T65)),0) | AB65: =IF(AND(R65=1,V65=0),T65-K65,0) | AC65: =IF(R65=1,IF(MONTH(B65)>=10,1,0),0) | AD65: =IF(R65=0,"",IF(V65=1,D65&"-MM"&MONTH(B65),IF(W65=1,"ADS",D65&"")&"-"&IF(I65="MQ","MQ"&ROUNDUP(MONTH(B65)/3,0),"HY"))) | AE65: =IF(OR(F65="",F65="No"),0,1) | AF65: =K65*IF(U65='Form 4562'!$B$3,'Form 4562'!$B$16,1)
I66: =IF(R66=0,"",IF(V66=1,"MM",IF(IFERROR(SUMPRODUCT(($U$2:$U$201=U66)*$AB$2:$AB$201*$AC$2:$AC$201)/SUMPRODUCT(($U$2:$U$201=U66)*$AB$2:$AB$201),0)>0.4,"MQ","HY"))) | J66: =IF(OR(R66=0,V66=1,W66=1),0,IF(ISNUMBER(H66),H66,IF(H66="No",0,IFERROR(VLOOKUP(B66,Limits!$D$2:$E$9,2,1),0)))) | K66: =AA66*IF(U66='Form 4562'!$B$3,'Form 4562'!$B$15,1) | L66: =(T66-K66)*J66 | M66: =T66-K66-L66 | N66: =IF(R66=0,0,IF(AND(('Form 4562'!$B$3-U66+1)>=1,('Form 4562'!$B$3-U66+1)<=40),INDEX(Schedule!$I$66:$AV$66,1,('Form 4562'!$B$3-U66+1)),0)) | O66: =IF(R66=0,0,SUMIF(Schedule!$I$1:$AV$1,"<="&('Form 4562'!$B$3-U66+1),Schedule!$I$66:$AV$66)) | P66: =T66-O66-(K66-AF66) | R66: =IF(AND(ISNUMBER(B66),ISNUMBER(C66)),IF(C66>0,1,0),0) | S66: =IF(ISNUMBER(E66),MIN(1,MAX(0,E66)),1) | T66: =IF(R66=1,C66*S66,0) | U66: =IF(R66=1,YEAR(B66),0) | V66: =IF(OR(D66=27.5,D66=39),1,0) | W66: =IF(AND(AE66=1,S66<=0.5),1,0) | X66: =IF(F66="Car",1,0) | Y66: =IF(AND(R66=1,OR(V66=0,AND(D66=39,IF(ISNUMBER(G66),G66,0)>0)),W66=0,S66>0.5),1,0) | Z66: =IF(X66=1,IF(J66>0,Limits!$B$5,Limits!$B$6)*S66,0) | AA66: =IF(Y66=1,MIN(IF(ISNUMBER(G66),MAX(0,G66),0),T66,IF(F66="SUV",Limits!$B$4,T66),IF(X66=1,Z66,T66)),0) | AB66: =IF(AND(R66=1,V66=0),T66-K66,0) | AC66: =IF(R66=1,IF(MONTH(B66)>=10,1,0),0) | AD66: =IF(R66=0,"",IF(V66=1,D66&"-MM"&MONTH(B66),IF(W66=1,"ADS",D66&"")&"-"&IF(I66="MQ","MQ"&ROUNDUP(MONTH(B66)/3,0),"HY"))) | AE66: =IF(OR(F66="",F66="No"),0,1) | AF66: =K66*IF(U66='Form 4562'!$B$3,'Form 4562'!$B$16,1)
I67: =IF(R67=0,"",IF(V67=1,"MM",IF(IFERROR(SUMPRODUCT(($U$2:$U$201=U67)*$AB$2:$AB$201*$AC$2:$AC$201)/SUMPRODUCT(($U$2:$U$201=U67)*$AB$2:$AB$201),0)>0.4,"MQ","HY"))) | J67: =IF(OR(R67=0,V67=1,W67=1),0,IF(ISNUMBER(H67),H67,IF(H67="No",0,IFERROR(VLOOKUP(B67,Limits!$D$2:$E$9,2,1),0)))) | K67: =AA67*IF(U67='Form 4562'!$B$3,'Form 4562'!$B$15,1) | L67: =(T67-K67)*J67 | M67: =T67-K67-L67 | N67: =IF(R67=0,0,IF(AND(('Form 4562'!$B$3-U67+1)>=1,('Form 4562'!$B$3-U67+1)<=40),INDEX(Schedule!$I$67:$AV$67,1,('Form 4562'!$B$3-U67+1)),0)) | O67: =IF(R67=0,0,SUMIF(Schedule!$I$1:$AV$1,"<="&('Form 4562'!$B$3-U67+1),Schedule!$I$67:$AV$67)) | P67: =T67-O67-(K67-AF67) | R67: =IF(AND(ISNUMBER(B67),ISNUMBER(C67)),IF(C67>0,1,0),0) | S67: =IF(ISNUMBER(E67),MIN(1,MAX(0,E67)),1) | T67: =IF(R67=1,C67*S67,0) | U67: =IF(R67=1,YEAR(B67),0) | V67: =IF(OR(D67=27.5,D67=39),1,0) | W67: =IF(AND(AE67=1,S67<=0.5),1,0) | X67: =IF(F67="Car",1,0) | Y67: =IF(AND(R67=1,OR(V67=0,AND(D67=39,IF(ISNUMBER(G67),G67,0)>0)),W67=0,S67>0.5),1,0) | Z67: =IF(X67=1,IF(J67>0,Limits!$B$5,Limits!$B$6)*S67,0) | AA67: =IF(Y67=1,MIN(IF(ISNUMBER(G67),MAX(0,G67),0),T67,IF(F67="SUV",Limits!$B$4,T67),IF(X67=1,Z67,T67)),0) | AB67: =IF(AND(R67=1,V67=0),T67-K67,0) | AC67: =IF(R67=1,IF(MONTH(B67)>=10,1,0),0) | AD67: =IF(R67=0,"",IF(V67=1,D67&"-MM"&MONTH(B67),IF(W67=1,"ADS",D67&"")&"-"&IF(I67="MQ","MQ"&ROUNDUP(MONTH(B67)/3,0),"HY"))) | AE67: =IF(OR(F67="",F67="No"),0,1) | AF67: =K67*IF(U67='Form 4562'!$B$3,'Form 4562'!$B$16,1)
I68: =IF(R68=0,"",IF(V68=1,"MM",IF(IFERROR(SUMPRODUCT(($U$2:$U$201=U68)*$AB$2:$AB$201*$AC$2:$AC$201)/SUMPRODUCT(($U$2:$U$201=U68)*$AB$2:$AB$201),0)>0.4,"MQ","HY"))) | J68: =IF(OR(R68=0,V68=1,W68=1),0,IF(ISNUMBER(H68),H68,IF(H68="No",0,IFERROR(VLOOKUP(B68,Limits!$D$2:$E$9,2,1),0)))) | K68: =AA68*IF(U68='Form 4562'!$B$3,'Form 4562'!$B$15,1) | L68: =(T68-K68)*J68 | M68: =T68-K68-L68 | N68: =IF(R68=0,0,IF(AND(('Form 4562'!$B$3-U68+1)>=1,('Form 4562'!$B$3-U68+1)<=40),INDEX(Schedule!$I$68:$AV$68,1,('Form 4562'!$B$3-U68+1)),0)) | O68: =IF(R68=0,0,SUMIF(Schedule!$I$1:$AV$1,"<="&('Form 4562'!$B$3-U68+1),Schedule!$I$68:$AV$68)) | P68: =T68-O68-(K68-AF68) | R68: =IF(AND(ISNUMBER(B68),ISNUMBER(C68)),IF(C68>0,1,0),0) | S68: =IF(ISNUMBER(E68),MIN(1,MAX(0,E68)),1) | T68: =IF(R68=1,C68*S68,0) | U68: =IF(R68=1,YEAR(B68),0) | V68: =IF(OR(D68=27.5,D68=39),1,0) | W68: =IF(AND(AE68=1,S68<=0.5),1,0) | X68: =IF(F68="Car",1,0) | Y68: =IF(AND(R68=1,OR(V68=0,AND(D68=39,IF(ISNUMBER(G68),G68,0)>0)),W68=0,S68>0.5),1,0) | Z68: =IF(X68=1,IF(J68>0,Limits!$B$5,Limits!$B$6)*S68,0) | AA68: =IF(Y68=1,MIN(IF(ISNUMBER(G68),MAX(0,G68),0),T68,IF(F68="SUV",Limits!$B$4,T68),IF(X68=1,Z68,T68)),0) | AB68: =IF(AND(R68=1,V68=0),T68-K68,0) | AC68: =IF(R68=1,IF(MONTH(B68)>=10,1,0),0) | AD68: =IF(R68=0,"",IF(V68=1,D68&"-MM"&MONTH(B68),IF(W68=1,"ADS",D68&"")&"-"&IF(I68="MQ","MQ"&ROUNDUP(MONTH(B68)/3,0),"HY"))) | AE68: =IF(OR(F68="",F68="No"),0,1) | AF68: =K68*IF(U68='Form 4562'!$B$3,'Form 4562'!$B$16,1)
I69: =IF(R69=0,"",IF(V69=1,"MM",IF(IFERROR(SUMPRODUCT(($U$2:$U$201=U69)*$AB$2:$AB$201*$AC$2:$AC$201)/SUMPRODUCT(($U$2:$U$201=U69)*$AB$2:$AB$201),0)>0.4,"MQ","HY"))) | J69: =IF(OR(R69=0,V69=1,W69=1),0,IF(ISNUMBER(H69),H69,IF(H69="No",0,IFERROR(VLOOKUP(B69,Limits!$D$2:$E$9,2,1),0)))) | K69: =AA69*IF(U69='Form 4562'!$B$3,'Form 4562'!$B$15,1) | L69: =(T69-K69)*J69 | M69: =T69-K69-L69 | N69: =IF(R69=0,0,IF(AND(('Form 4562'!$B$3-U69+1)>=1,('Form 4562'!$B$3-U69+1)<=40),INDEX(Schedule!$I$69:$AV$69,1,('Form 4562'!$B$3-U69+1)),0)) | O69: =IF(R69=0,0,SUMIF(Schedule!$I$1:$AV$1,"<="&('Form 4562'!$B$3-U69+1),Schedule!$I$69:$AV$69)) | P69: =T69-O69-(K69-AF69) | R69: =IF(AND(ISNUMBER(B69),ISNUMBER(C69)),IF(C69>0,1,0),0) | S69: =IF(ISNUMBER(E69),MIN(1,MAX(0,E69)),1) | T69: =IF(R69=1,C69*S69,0) | U69: =IF(R69=1,YEAR(B69),0) | V69: =IF(OR(D69=27.5,D69=39),1,0) | W69: =IF(AND(AE69=1,S69<=0.5),1,0) | X69: =IF(F69="Car",1,0) | Y69: =IF(AND(R69=1,OR(V69=0,AND(D69=39,IF(ISNUMBER(G69),G69,0)>0)),W69=0,S69>0.5),1,0) | Z69: =IF(X69=1,IF(J69>0,Limits!$B$5,Limits!$B$6)*S69,0) | AA69: =IF(Y69=1,MIN(IF(ISNUMBER(G69),MAX(0,G69),0),T69,IF(F69="SUV",Limits!$B$4,T69),IF(X69=1,Z69,T69)),0) | AB69: =IF(AND(R69=1,V69=0),T69-K69,0) | AC69: =IF(R69=1,IF(MONTH(B69)>=10,1,0),0) | AD69: =IF(R69=0,"",IF(V69=1,D69&"-MM"&MONTH(B69),IF(W69=1,"ADS",D69&"")&"-"&IF(I69="MQ","MQ"&ROUNDUP(MONTH(B69)/3,0),"HY"))) | AE69: =IF(OR(F69="",F69="No"),0,1) | AF69: =K69*IF(U69='Form 4562'!$B$3,'Form 4562'!$B$16,1)
I70: =IF(R70=0,"",IF(V70=1,"MM",IF(IFERROR(SUMPRODUCT(($U$2:$U$201=U70)*$AB$2:$AB$201*$AC$2:$AC$201)/SUMPRODUCT(($U$2:$U$201=U70)*$AB$2:$AB$201),0)>0.4,"MQ","HY"))) | J70: =IF(OR(R70=0,V70=1,W70=1),0,IF(ISNUMBER(H70),H70,IF(H70="No",0,IFERROR(VLOOKUP(B70,Limits!$D$2:$E$9,2,1),0)))) | K70: =AA70*IF(U70='Form 4562'!$B$3,'Form 4562'!$B$15,1) | L70: =(T70-K70)*J70 | M70: =T70-K70-L70 | N70: =IF(R70=0,0,IF(AND(('Form 4562'!$B$3-U70+1)>=1,('Form 4562'!$B$3-U70+1)<=40),INDEX(Schedule!$I$70:$AV$70,1,('Form 4562'!$B$3-U70+1)),0)) | O70: =IF(R70=0,0,SUMIF(Schedule!$I$1:$AV$1,"<="&('Form 4562'!$B$3-U70+1),Schedule!$I$70:$AV$70)) | P70: =T70-O70-(K70-AF70) | R70: =IF(AND(ISNUMBER(B70),ISNUMBER(C70)),IF(C70>0,1,0),0) | S70: =IF(ISNUMBER(E70),MIN(1,MAX(0,E70)),1) | T70: =IF(R70=1,C70*S70,0) | U70: =IF(R70=1,YEAR(B70),0) | V70: =IF(OR(D70=27.5,D70=39),1,0) | W70: =IF(AND(AE70=1,S70<=0.5),1,0) | X70: =IF(F70="Car",1,0) | Y70: =IF(AND(R70=1,OR(V70=0,AND(D70=39,IF(ISNUMBER(G70),G70,0)>0)),W70=0,S70>0.5),1,0) | Z70: =IF(X70=1,IF(J70>0,Limits!$B$5,Limits!$B$6)*S70,0) | AA70: =IF(Y70=1,MIN(IF(ISNUMBER(G70),MAX(0,G70),0),T70,IF(F70="SUV",Limits!$B$4,T70),IF(X70=1,Z70,T70)),0) | AB70: =IF(AND(R70=1,V70=0),T70-K70,0) | AC70: =IF(R70=1,IF(MONTH(B70)>=10,1,0),0) | AD70: =IF(R70=0,"",IF(V70=1,D70&"-MM"&MONTH(B70),IF(W70=1,"ADS",D70&"")&"-"&IF(I70="MQ","MQ"&ROUNDUP(MONTH(B70)/3,0),"HY"))) | AE70: =IF(OR(F70="",F70="No"),0,1) | AF70: =K70*IF(U70='Form 4562'!$B$3,'Form 4562'!$B$16,1)
I71: =IF(R71=0,"",IF(V71=1,"MM",IF(IFERROR(SUMPRODUCT(($U$2:$U$201=U71)*$AB$2:$AB$201*$AC$2:$AC$201)/SUMPRODUCT(($U$2:$U$201=U71)*$AB$2:$AB$201),0)>0.4,"MQ","HY"))) | J71: =IF(OR(R71=0,V71=1,W71=1),0,IF(ISNUMBER(H71),H71,IF(H71="No",0,IFERROR(VLOOKUP(B71,Limits!$D$2:$E$9,2,1),0)))) | K71: =AA71*IF(U71='Form 4562'!$B$3,'Form 4562'!$B$15,1) | L71: =(T71-K71)*J71 | M71: =T71-K71-L71 | N71: =IF(R71=0,0,IF(AND(('Form 4562'!$B$3-U71+1)>=1,('Form 4562'!$B$3-U71+1)<=40),INDEX(Schedule!$I$71:$AV$71,1,('Form 4562'!$B$3-U71+1)),0)) | O71: =IF(R71=0,0,SUMIF(Schedule!$I$1:$AV$1,"<="&('Form 4562'!$B$3-U71+1),Schedule!$I$71:$AV$71)) | P71: =T71-O71-(K71-AF71) | R71: =IF(AND(ISNUMBER(B71),ISNUMBER(C71)),IF(C71>0,1,0),0) | S71: =IF(ISNUMBER(E71),MIN(1,MAX(0,E71)),1) | T71: =IF(R71=1,C71*S71,0) | U71: =IF(R71=1,YEAR(B71),0) | V71: =IF(OR(D71=27.5,D71=39),1,0) | W71: =IF(AND(AE71=1,S71<=0.5),1,0) | X71: =IF(F71="Car",1,0) | Y71: =IF(AND(R71=1,OR(V71=0,AND(D71=39,IF(ISNUMBER(G71),G71,0)>0)),W71=0,S71>0.5),1,0) | Z71: =IF(X71=1,IF(J71>0,Limits!$B$5,Limits!$B$6)*S71,0) | AA71: =IF(Y71=1,MIN(IF(ISNUMBER(G71),MAX(0,G71),0),T71,IF(F71="SUV",Limits!$B$4,T71),IF(X71=1,Z71,T71)),0) | AB71: =IF(AND(R71=1,V71=0),T71-K71,0) | AC71: =IF(R71=1,IF(MONTH(B71)>=10,1,0),0) | AD71: =IF(R71=0,"",IF(V71=1,D71&"-MM"&MONTH(B71),IF(W71=1,"ADS",D71&"")&"-"&IF(I71="MQ","MQ"&ROUNDUP(MONTH(B71)/3,0),"HY"))) | AE71: =IF(OR(F71="",F71="No"),0,1) | AF71: =K71*IF(U71='Form 4562'!$B$3,'Form 4562'!$B$16,1)
I72: =IF(R72=0,"",IF(V72=1,"MM",IF(IFERROR(SUMPRODUCT(($U$2:$U$201=U72)*$AB$2:$AB$201*$AC$2:$AC$201)/SUMPRODUCT(($U$2:$U$201=U72)*$AB$2:$AB$201),0)>0.4,"MQ","HY"))) | J72: =IF(OR(R72=0,V72=1,W72=1),0,IF(ISNUMBER(H72),H72,IF(H72="No",0,IFERROR(VLOOKUP(B72,Limits!$D$2:$E$9,2,1),0)))) | K72: =AA72*IF(U72='Form 4562'!$B$3,'Form 4562'!$B$15,1) | L72: =(T72-K72)*J72 | M72: =T72-K72-L72 | N72: =IF(R72=0,0,IF(AND(('Form 4562'!$B$3-U72+1)>=1,('Form 4562'!$B$3-U72+1)<=40),INDEX(Schedule!$I$72:$AV$72,1,('Form 4562'!$B$3-U72+1)),0)) | O72: =IF(R72=0,0,SUMIF(Schedule!$I$1:$AV$1,"<="&('Form 4562'!$B$3-U72+1),Schedule!$I$72:$AV$72)) | P72: =T72-O72-(K72-AF72) | R72: =IF(AND(ISNUMBER(B72),ISNUMBER(C72)),IF(C72>0,1,0),0) | S72: =IF(ISNUMBER(E72),MIN(1,MAX(0,E72)),1) | T72: =IF(R72=1,C72*S72,0) | U72: =IF(R72=1,YEAR(B72),0) | V72: =IF(OR(D72=27.5,D72=39),1,0) | W72: =IF(AND(AE72=1,S72<=0.5),1,0) | X72: =IF(F72="Car",1,0) | Y72: =IF(AND(R72=1,OR(V72=0,AND(D72=39,IF(ISNUMBER(G72),G72,0)>0)),W72=0,S72>0.5),1,0) | Z72: =IF(X72=1,IF(J72>0,Limits!$B$5,Limits!$B$6)*S72,0) | AA72: =IF(Y72=1,MIN(IF(ISNUMBER(G72),MAX(0,G72),0),T72,IF(F72="SUV",Limits!$B$4,T72),IF(X72=1,Z72,T72)),0) | AB72: =IF(AND(R72=1,V72=0),T72-K72,0) | AC72: =IF(R72=1,IF(MONTH(B72)>=10,1,0),0) | AD72: =IF(R72=0,"",IF(V72=1,D72&"-MM"&MONTH(B72),IF(W72=1,"ADS",D72&"")&"-"&IF(I72="MQ","MQ"&ROUNDUP(MONTH(B72)/3,0),"HY"))) | AE72: =IF(OR(F72="",F72="No"),0,1) | AF72: =K72*IF(U72='Form 4562'!$B$3,'Form 4562'!$B$16,1)
I73: =IF(R73=0,"",IF(V73=1,"MM",IF(IFERROR(SUMPRODUCT(($U$2:$U$201=U73)*$AB$2:$AB$201*$AC$2:$AC$201)/SUMPRODUCT(($U$2:$U$201=U73)*$AB$2:$AB$201),0)>0.4,"MQ","HY"))) | J73: =IF(OR(R73=0,V73=1,W73=1),0,IF(ISNUMBER(H73),H73,IF(H73="No",0,IFERROR(VLOOKUP(B73,Limits!$D$2:$E$9,2,1),0)))) | K73: =AA73*IF(U73='Form 4562'!$B$3,'Form 4562'!$B$15,1) | L73: =(T73-K73)*J73 | M73: =T73-K73-L73 | N73: =IF(R73=0,0,IF(AND(('Form 4562'!$B$3-U73+1)>=1,('Form 4562'!$B$3-U73+1)<=40),INDEX(Schedule!$I$73:$AV$73,1,('Form 4562'!$B$3-U73+1)),0)) | O73: =IF(R73=0,0,SUMIF(Schedule!$I$1:$AV$1,"<="&('Form 4562'!$B$3-U73+1),Schedule!$I$73:$AV$73)) | P73: =T73-O73-(K73-AF73) | R73: =IF(AND(ISNUMBER(B73),ISNUMBER(C73)),IF(C73>0,1,0),0) | S73: =IF(ISNUMBER(E73),MIN(1,MAX(0,E73)),1) | T73: =IF(R73=1,C73*S73,0) | U73: =IF(R73=1,YEAR(B73),0) | V73: =IF(OR(D73=27.5,D73=39),1,0) | W73: =IF(AND(AE73=1,S73<=0.5),1,0) | X73: =IF(F73="Car",1,0) | Y73: =IF(AND(R73=1,OR(V73=0,AND(D73=39,IF(ISNUMBER(G73),G73,0)>0)),W73=0,S73>0.5),1,0) | Z73: =IF(X73=1,IF(J73>0,Limits!$B$5,Limits!$B$6)*S73,0) | AA73: =IF(Y73=1,MIN(IF(ISNUMBER(G73),MAX(0,G73),0),T73,IF(F73="SUV",Limits!$B$4,T73),IF(X73=1,Z73,T73)),0) | AB73: =IF(AND(R73=1,V73=0),T73-K73,0) | AC73: =IF(R73=1,IF(MONTH(B73)>=10,1,0),0) | AD73: =IF(R73=0,"",IF(V73=1,D73&"-MM"&MONTH(B73),IF(W73=1,"ADS",D73&"")&"-"&IF(I73="MQ","MQ"&ROUNDUP(MONTH(B73)/3,0),"HY"))) | AE73: =IF(OR(F73="",F73="No"),0,1) | AF73: =K73*IF(U73='Form 4562'!$B$3,'Form 4562'!$B$16,1)
I74: =IF(R74=0,"",IF(V74=1,"MM",IF(IFERROR(SUMPRODUCT(($U$2:$U$201=U74)*$AB$2:$AB$201*$AC$2:$AC$201)/SUMPRODUCT(($U$2:$U$201=U74)*$AB$2:$AB$201),0)>0.4,"MQ","HY"))) | J74: =IF(OR(R74=0,V74=1,W74=1),0,IF(ISNUMBER(H74),H74,IF(H74="No",0,IFERROR(VLOOKUP(B74,Limits!$D$2:$E$9,2,1),0)))) | K74: =AA74*IF(U74='Form 4562'!$B$3,'Form 4562'!$B$15,1) | L74: =(T74-K74)*J74 | M74: =T74-K74-L74 | N74: =IF(R74=0,0,IF(AND(('Form 4562'!$B$3-U74+1)>=1,('Form 4562'!$B$3-U74+1)<=40),INDEX(Schedule!$I$74:$AV$74,1,('Form 4562'!$B$3-U74+1)),0)) | O74: =IF(R74=0,0,SUMIF(Schedule!$I$1:$AV$1,"<="&('Form 4562'!$B$3-U74+1),Schedule!$I$74:$AV$74)) | P74: =T74-O74-(K74-AF74) | R74: =IF(AND(ISNUMBER(B74),ISNUMBER(C74)),IF(C74>0,1,0),0) | S74: =IF(ISNUMBER(E74),MIN(1,MAX(0,E74)),1) | T74: =IF(R74=1,C74*S74,0) | U74: =IF(R74=1,YEAR(B74),0) | V74: =IF(OR(D74=27.5,D74=39),1,0) | W74: =IF(AND(AE74=1,S74<=0.5),1,0) | X74: =IF(F74="Car",1,0) | Y74: =IF(AND(R74=1,OR(V74=0,AND(D74=39,IF(ISNUMBER(G74),G74,0)>0)),W74=0,S74>0.5),1,0) | Z74: =IF(X74=1,IF(J74>0,Limits!$B$5,Limits!$B$6)*S74,0) | AA74: =IF(Y74=1,MIN(IF(ISNUMBER(G74),MAX(0,G74),0),T74,IF(F74="SUV",Limits!$B$4,T74),IF(X74=1,Z74,T74)),0) | AB74: =IF(AND(R74=1,V74=0),T74-K74,0) | AC74: =IF(R74=1,IF(MONTH(B74)>=10,1,0),0) | AD74: =IF(R74=0,"",IF(V74=1,D74&"-MM"&MONTH(B74),IF(W74=1,"ADS",D74&"")&"-"&IF(I74="MQ","MQ"&ROUNDUP(MONTH(B74)/3,0),"HY"))) | AE74: =IF(OR(F74="",F74="No"),0,1) | AF74: =K74*IF(U74='Form 4562'!$B$3,'Form 4562'!$B$16,1)
I75: =IF(R75=0,"",IF(V75=1,"MM",IF(IFERROR(SUMPRODUCT(($U$2:$U$201=U75)*$AB$2:$AB$201*$AC$2:$AC$201)/SUMPRODUCT(($U$2:$U$201=U75)*$AB$2:$AB$201),0)>0.4,"MQ","HY"))) | J75: =IF(OR(R75=0,V75=1,W75=1),0,IF(ISNUMBER(H75),H75,IF(H75="No",0,IFERROR(VLOOKUP(B75,Limits!$D$2:$E$9,2,1),0)))) | K75: =AA75*IF(U75='Form 4562'!$B$3,'Form 4562'!$B$15,1) | L75: =(T75-K75)*J75 | M75: =T75-K75-L75 | N75: =IF(R75=0,0,IF(AND(('Form 4562'!$B$3-U75+1)>=1,('Form 4562'!$B$3-U75+1)<=40),INDEX(Schedule!$I$75:$AV$75,1,('Form 4562'!$B$3-U75+1)),0)) | O75: =IF(R75=0,0,SUMIF(Schedule!$I$1:$AV$1,"<="&('Form 4562'!$B$3-U75+1),Schedule!$I$75:$AV$75)) | P75: =T75-O75-(K75-AF75) | R75: =IF(AND(ISNUMBER(B75),ISNUMBER(C75)),IF(C75>0,1,0),0) | S75: =IF(ISNUMBER(E75),MIN(1,MAX(0,E75)),1) | T75: =IF(R75=1,C75*S75,0) | U75: =IF(R75=1,YEAR(B75),0) | V75: =IF(OR(D75=27.5,D75=39),1,0) | W75: =IF(AND(AE75=1,S75<=0.5),1,0) | X75: =IF(F75="Car",1,0) | Y75: =IF(AND(R75=1,OR(V75=0,AND(D75=39,IF(ISNUMBER(G75),G75,0)>0)),W75=0,S75>0.5),1,0) | Z75: =IF(X75=1,IF(J75>0,Limits!$B$5,Limits!$B$6)*S75,0) | AA75: =IF(Y75=1,MIN(IF(ISNUMBER(G75),MAX(0,G75),0),T75,IF(F75="SUV",Limits!$B$4,T75),IF(X75=1,Z75,T75)),0) | AB75: =IF(AND(R75=1,V75=0),T75-K75,0) | AC75: =IF(R75=1,IF(MONTH(B75)>=10,1,0),0) | AD75: =IF(R75=0,"",IF(V75=1,D75&"-MM"&MONTH(B75),IF(W75=1,"ADS",D75&"")&"-"&IF(I75="MQ","MQ"&ROUNDUP(MONTH(B75)/3,0),"HY"))) | AE75: =IF(OR(F75="",F75="No"),0,1) | AF75: =K75*IF(U75='Form 4562'!$B$3,'Form 4562'!$B$16,1)
I76: =IF(R76=0,"",IF(V76=1,"MM",IF(IFERROR(SUMPRODUCT(($U$2:$U$201=U76)*$AB$2:$AB$201*$AC$2:$AC$201)/SUMPRODUCT(($U$2:$U$201=U76)*$AB$2:$AB$201),0)>0.4,"MQ","HY"))) | J76: =IF(OR(R76=0,V76=1,W76=1),0,IF(ISNUMBER(H76),H76,IF(H76="No",0,IFERROR(VLOOKUP(B76,Limits!$D$2:$E$9,2,1),0)))) | K76: =AA76*IF(U76='Form 4562'!$B$3,'Form 4562'!$B$15,1) | L76: =(T76-K76)*J76 | M76: =T76-K76-L76 | N76: =IF(R76=0,0,IF(AND(('Form 4562'!$B$3-U76+1)>=1,('Form 4562'!$B$3-U76+1)<=40),INDEX(Schedule!$I$76:$AV$76,1,('Form 4562'!$B$3-U76+1)),0)) | O76: =IF(R76=0,0,SUMIF(Schedule!$I$1:$AV$1,"<="&('Form 4562'!$B$3-U76+1),Schedule!$I$76:$AV$76)) | P76: =T76-O76-(K76-AF76) | R76: =IF(AND(ISNUMBER(B76),ISNUMBER(C76)),IF(C76>0,1,0),0) | S76: =IF(ISNUMBER(E76),MIN(1,MAX(0,E76)),1) | T76: =IF(R76=1,C76*S76,0) | U76: =IF(R76=1,YEAR(B76),0) | V76: =IF(OR(D76=27.5,D76=39),1,0) | W76: =IF(AND(AE76=1,S76<=0.5),1,0) | X76: =IF(F76="Car",1,0) | Y76: =IF(AND(R76=1,OR(V76=0,AND(D76=39,IF(ISNUMBER(G76),G76,0)>0)),W76=0,S76>0.5),1,0) | Z76: =IF(X76=1,IF(J76>0,Limits!$B$5,Limits!$B$6)*S76,0) | AA76: =IF(Y76=1,MIN(IF(ISNUMBER(G76),MAX(0,G76),0),T76,IF(F76="SUV",Limits!$B$4,T76),IF(X76=1,Z76,T76)),0) | AB76: =IF(AND(R76=1,V76=0),T76-K76,0) | AC76: =IF(R76=1,IF(MONTH(B76)>=10,1,0),0) | AD76: =IF(R76=0,"",IF(V76=1,D76&"-MM"&MONTH(B76),IF(W76=1,"ADS",D76&"")&"-"&IF(I76="MQ","MQ"&ROUNDUP(MONTH(B76)/3,0),"HY"))) | AE76: =IF(OR(F76="",F76="No"),0,1) | AF76: =K76*IF(U76='Form 4562'!$B$3,'Form 4562'!$B$16,1)
I77: =IF(R77=0,"",IF(V77=1,"MM",IF(IFERROR(SUMPRODUCT(($U$2:$U$201=U77)*$AB$2:$AB$201*$AC$2:$AC$201)/SUMPRODUCT(($U$2:$U$201=U77)*$AB$2:$AB$201),0)>0.4,"MQ","HY"))) | J77: =IF(OR(R77=0,V77=1,W77=1),0,IF(ISNUMBER(H77),H77,IF(H77="No",0,IFERROR(VLOOKUP(B77,Limits!$D$2:$E$9,2,1),0)))) | K77: =AA77*IF(U77='Form 4562'!$B$3,'Form 4562'!$B$15,1) | L77: =(T77-K77)*J77 | M77: =T77-K77-L77 | N77: =IF(R77=0,0,IF(AND(('Form 4562'!$B$3-U77+1)>=1,('Form 4562'!$B$3-U77+1)<=40),INDEX(Schedule!$I$77:$AV$77,1,('Form 4562'!$B$3-U77+1)),0)) | O77: =IF(R77=0,0,SUMIF(Schedule!$I$1:$AV$1,"<="&('Form 4562'!$B$3-U77+1),Schedule!$I$77:$AV$77)) | P77: =T77-O77-(K77-AF77) | R77: =IF(AND(ISNUMBER(B77),ISNUMBER(C77)),IF(C77>0,1,0),0) | S77: =IF(ISNUMBER(E77),MIN(1,MAX(0,E77)),1) | T77: =IF(R77=1,C77*S77,0) | U77: =IF(R77=1,YEAR(B77),0) | V77: =IF(OR(D77=27.5,D77=39),1,0) | W77: =IF(AND(AE77=1,S77<=0.5),1,0) | X77: =IF(F77="Car",1,0) | Y77: =IF(AND(R77=1,OR(V77=0,AND(D77=39,IF(ISNUMBER(G77),G77,0)>0)),W77=0,S77>0.5),1,0) | Z77: =IF(X77=1,IF(J77>0,Limits!$B$5,Limits!$B$6)*S77,0) | AA77: =IF(Y77=1,MIN(IF(ISNUMBER(G77),MAX(0,G77),0),T77,IF(F77="SUV",Limits!$B$4,T77),IF(X77=1,Z77,T77)),0) | AB77: =IF(AND(R77=1,V77=0),T77-K77,0) | AC77: =IF(R77=1,IF(MONTH(B77)>=10,1,0),0) | AD77: =IF(R77=0,"",IF(V77=1,D77&"-MM"&MONTH(B77),IF(W77=1,"ADS",D77&"")&"-"&IF(I77="MQ","MQ"&ROUNDUP(MONTH(B77)/3,0),"HY"))) | AE77: =IF(OR(F77="",F77="No"),0,1) | AF77: =K77*IF(U77='Form 4562'!$B$3,'Form 4562'!$B$16,1)
I78: =IF(R78=0,"",IF(V78=1,"MM",IF(IFERROR(SUMPRODUCT(($U$2:$U$201=U78)*$AB$2:$AB$201*$AC$2:$AC$201)/SUMPRODUCT(($U$2:$U$201=U78)*$AB$2:$AB$201),0)>0.4,"MQ","HY"))) | J78: =IF(OR(R78=0,V78=1,W78=1),0,IF(ISNUMBER(H78),H78,IF(H78="No",0,IFERROR(VLOOKUP(B78,Limits!$D$2:$E$9,2,1),0)))) | K78: =AA78*IF(U78='Form 4562'!$B$3,'Form 4562'!$B$15,1) | L78: =(T78-K78)*J78 | M78: =T78-K78-L78 | N78: =IF(R78=0,0,IF(AND(('Form 4562'!$B$3-U78+1)>=1,('Form 4562'!$B$3-U78+1)<=40),INDEX(Schedule!$I$78:$AV$78,1,('Form 4562'!$B$3-U78+1)),0)) | O78: =IF(R78=0,0,SUMIF(Schedule!$I$1:$AV$1,"<="&('Form 4562'!$B$3-U78+1),Schedule!$I$78:$AV$78)) | P78: =T78-O78-(K78-AF78) | R78: =IF(AND(ISNUMBER(B78),ISNUMBER(C78)),IF(C78>0,1,0),0) | S78: =IF(ISNUMBER(E78),MIN(1,MAX(0,E78)),1) | T78: =IF(R78=1,C78*S78,0) | U78: =IF(R78=1,YEAR(B78),0) | V78: =IF(OR(D78=27.5,D78=39),1,0) | W78: =IF(AND(AE78=1,S78<=0.5),1,0) | X78: =IF(F78="Car",1,0) | Y78: =IF(AND(R78=1,OR(V78=0,AND(D78=39,IF(ISNUMBER(G78),G78,0)>0)),W78=0,S78>0.5),1,0) | Z78: =IF(X78=1,IF(J78>0,Limits!$B$5,Limits!$B$6)*S78,0) | AA78: =IF(Y78=1,MIN(IF(ISNUMBER(G78),MAX(0,G78),0),T78,IF(F78="SUV",Limits!$B$4,T78),IF(X78=1,Z78,T78)),0) | AB78: =IF(AND(R78=1,V78=0),T78-K78,0) | AC78: =IF(R78=1,IF(MONTH(B78)>=10,1,0),0) | AD78: =IF(R78=0,"",IF(V78=1,D78&"-MM"&MONTH(B78),IF(W78=1,"ADS",D78&"")&"-"&IF(I78="MQ","MQ"&ROUNDUP(MONTH(B78)/3,0),"HY"))) | AE78: =IF(OR(F78="",F78="No"),0,1) | AF78: =K78*IF(U78='Form 4562'!$B$3,'Form 4562'!$B$16,1)
I79: =IF(R79=0,"",IF(V79=1,"MM",IF(IFERROR(SUMPRODUCT(($U$2:$U$201=U79)*$AB$2:$AB$201*$AC$2:$AC$201)/SUMPRODUCT(($U$2:$U$201=U79)*$AB$2:$AB$201),0)>0.4,"MQ","HY"))) | J79: =IF(OR(R79=0,V79=1,W79=1),0,IF(ISNUMBER(H79),H79,IF(H79="No",0,IFERROR(VLOOKUP(B79,Limits!$D$2:$E$9,2,1),0)))) | K79: =AA79*IF(U79='Form 4562'!$B$3,'Form 4562'!$B$15,1) | L79: =(T79-K79)*J79 | M79: =T79-K79-L79 | N79: =IF(R79=0,0,IF(AND(('Form 4562'!$B$3-U79+1)>=1,('Form 4562'!$B$3-U79+1)<=40),INDEX(Schedule!$I$79:$AV$79,1,('Form 4562'!$B$3-U79+1)),0)) | O79: =IF(R79=0,0,SUMIF(Schedule!$I$1:$AV$1,"<="&('Form 4562'!$B$3-U79+1),Schedule!$I$79:$AV$79)) | P79: =T79-O79-(K79-AF79) | R79: =IF(AND(ISNUMBER(B79),ISNUMBER(C79)),IF(C79>0,1,0),0) | S79: =IF(ISNUMBER(E79),MIN(1,MAX(0,E79)),1) | T79: =IF(R79=1,C79*S79,0) | U79: =IF(R79=1,YEAR(B79),0) | V79: =IF(OR(D79=27.5,D79=39),1,0) | W79: =IF(AND(AE79=1,S79<=0.5),1,0) | X79: =IF(F79="Car",1,0) | Y79: =IF(AND(R79=1,OR(V79=0,AND(D79=39,IF(ISNUMBER(G79),G79,0)>0)),W79=0,S79>0.5),1,0) | Z79: =IF(X79=1,IF(J79>0,Limits!$B$5,Limits!$B$6)*S79,0) | AA79: =IF(Y79=1,MIN(IF(ISNUMBER(G79),MAX(0,G79),0),T79,IF(F79="SUV",Limits!$B$4,T79),IF(X79=1,Z79,T79)),0) | AB79: =IF(AND(R79=1,V79=0),T79-K79,0) | AC79: =IF(R79=1,IF(MONTH(B79)>=10,1,0),0) | AD79: =IF(R79=0,"",IF(V79=1,D79&"-MM"&MONTH(B79),IF(W79=1,"ADS",D79&"")&"-"&IF(I79="MQ","MQ"&ROUNDUP(MONTH(B79)/3,0),"HY"))) | AE79: =IF(OR(F79="",F79="No"),0,1) | AF79: =K79*IF(U79='Form 4562'!$B$3,'Form 4562'!$B$16,1)
I80: =IF(R80=0,"",IF(V80=1,"MM",IF(IFERROR(SUMPRODUCT(($U$2:$U$201=U80)*$AB$2:$AB$201*$AC$2:$AC$201)/SUMPRODUCT(($U$2:$U$201=U80)*$AB$2:$AB$201),0)>0.4,"MQ","HY"))) | J80: =IF(OR(R80=0,V80=1,W80=1),0,IF(ISNUMBER(H80),H80,IF(H80="No",0,IFERROR(VLOOKUP(B80,Limits!$D$2:$E$9,2,1),0)))) | K80: =AA80*IF(U80='Form 4562'!$B$3,'Form 4562'!$B$15,1) | L80: =(T80-K80)*J80 | M80: =T80-K80-L80 | N80: =IF(R80=0,0,IF(AND(('Form 4562'!$B$3-U80+1)>=1,('Form 4562'!$B$3-U80+1)<=40),INDEX(Schedule!$I$80:$AV$80,1,('Form 4562'!$B$3-U80+1)),0)) | O80: =IF(R80=0,0,SUMIF(Schedule!$I$1:$AV$1,"<="&('Form 4562'!$B$3-U80+1),Schedule!$I$80:$AV$80)) | P80: =T80-O80-(K80-AF80) | R80: =IF(AND(ISNUMBER(B80),ISNUMBER(C80)),IF(C80>0,1,0),0) | S80: =IF(ISNUMBER(E80),MIN(1,MAX(0,E80)),1) | T80: =IF(R80=1,C80*S80,0) | U80: =IF(R80=1,YEAR(B80),0) | V80: =IF(OR(D80=27.5,D80=39),1,0) | W80: =IF(AND(AE80=1,S80<=0.5),1,0) | X80: =IF(F80="Car",1,0) | Y80: =IF(AND(R80=1,OR(V80=0,AND(D80=39,IF(ISNUMBER(G80),G80,0)>0)),W80=0,S80>0.5),1,0) | Z80: =IF(X80=1,IF(J80>0,Limits!$B$5,Limits!$B$6)*S80,0) | AA80: =IF(Y80=1,MIN(IF(ISNUMBER(G80),MAX(0,G80),0),T80,IF(F80="SUV",Limits!$B$4,T80),IF(X80=1,Z80,T80)),0) | AB80: =IF(AND(R80=1,V80=0),T80-K80,0) | AC80: =IF(R80=1,IF(MONTH(B80)>=10,1,0),0) | AD80: =IF(R80=0,"",IF(V80=1,D80&"-MM"&MONTH(B80),IF(W80=1,"ADS",D80&"")&"-"&IF(I80="MQ","MQ"&ROUNDUP(MONTH(B80)/3,0),"HY"))) | AE80: =IF(OR(F80="",F80="No"),0,1) | AF80: =K80*IF(U80='Form 4562'!$B$3,'Form 4562'!$B$16,1)
I81: =IF(R81=0,"",IF(V81=1,"MM",IF(IFERROR(SUMPRODUCT(($U$2:$U$201=U81)*$AB$2:$AB$201*$AC$2:$AC$201)/SUMPRODUCT(($U$2:$U$201=U81)*$AB$2:$AB$201),0)>0.4,"MQ","HY"))) | J81: =IF(OR(R81=0,V81=1,W81=1),0,IF(ISNUMBER(H81),H81,IF(H81="No",0,IFERROR(VLOOKUP(B81,Limits!$D$2:$E$9,2,1),0)))) | K81: =AA81*IF(U81='Form 4562'!$B$3,'Form 4562'!$B$15,1) | L81: =(T81-K81)*J81 | M81: =T81-K81-L81 | N81: =IF(R81=0,0,IF(AND(('Form 4562'!$B$3-U81+1)>=1,('Form 4562'!$B$3-U81+1)<=40),INDEX(Schedule!$I$81:$AV$81,1,('Form 4562'!$B$3-U81+1)),0)) | O81: =IF(R81=0,0,SUMIF(Schedule!$I$1:$AV$1,"<="&('Form 4562'!$B$3-U81+1),Schedule!$I$81:$AV$81)) | P81: =T81-O81-(K81-AF81) | R81: =IF(AND(ISNUMBER(B81),ISNUMBER(C81)),IF(C81>0,1,0),0) | S81: =IF(ISNUMBER(E81),MIN(1,MAX(0,E81)),1) | T81: =IF(R81=1,C81*S81,0) | U81: =IF(R81=1,YEAR(B81),0) | V81: =IF(OR(D81=27.5,D81=39),1,0) | W81: =IF(AND(AE81=1,S81<=0.5),1,0) | X81: =IF(F81="Car",1,0) | Y81: =IF(AND(R81=1,OR(V81=0,AND(D81=39,IF(ISNUMBER(G81),G81,0)>0)),W81=0,S81>0.5),1,0) | Z81: =IF(X81=1,IF(J81>0,Limits!$B$5,Limits!$B$6)*S81,0) | AA81: =IF(Y81=1,MIN(IF(ISNUMBER(G81),MAX(0,G81),0),T81,IF(F81="SUV",Limits!$B$4,T81),IF(X81=1,Z81,T81)),0) | AB81: =IF(AND(R81=1,V81=0),T81-K81,0) | AC81: =IF(R81=1,IF(MONTH(B81)>=10,1,0),0) | AD81: =IF(R81=0,"",IF(V81=1,D81&"-MM"&MONTH(B81),IF(W81=1,"ADS",D81&"")&"-"&IF(I81="MQ","MQ"&ROUNDUP(MONTH(B81)/3,0),"HY"))) | AE81: =IF(OR(F81="",F81="No"),0,1) | AF81: =K81*IF(U81='Form 4562'!$B$3,'Form 4562'!$B$16,1)
I82: =IF(R82=0,"",IF(V82=1,"MM",IF(IFERROR(SUMPRODUCT(($U$2:$U$201=U82)*$AB$2:$AB$201*$AC$2:$AC$201)/SUMPRODUCT(($U$2:$U$201=U82)*$AB$2:$AB$201),0)>0.4,"MQ","HY"))) | J82: =IF(OR(R82=0,V82=1,W82=1),0,IF(ISNUMBER(H82),H82,IF(H82="No",0,IFERROR(VLOOKUP(B82,Limits!$D$2:$E$9,2,1),0)))) | K82: =AA82*IF(U82='Form 4562'!$B$3,'Form 4562'!$B$15,1) | L82: =(T82-K82)*J82 | M82: =T82-K82-L82 | N82: =IF(R82=0,0,IF(AND(('Form 4562'!$B$3-U82+1)>=1,('Form 4562'!$B$3-U82+1)<=40),INDEX(Schedule!$I$82:$AV$82,1,('Form 4562'!$B$3-U82+1)),0)) | O82: =IF(R82=0,0,SUMIF(Schedule!$I$1:$AV$1,"<="&('Form 4562'!$B$3-U82+1),Schedule!$I$82:$AV$82)) | P82: =T82-O82-(K82-AF82) | R82: =IF(AND(ISNUMBER(B82),ISNUMBER(C82)),IF(C82>0,1,0),0) | S82: =IF(ISNUMBER(E82),MIN(1,MAX(0,E82)),1) | T82: =IF(R82=1,C82*S82,0) | U82: =IF(R82=1,YEAR(B82),0) | V82: =IF(OR(D82=27.5,D82=39),1,0) | W82: =IF(AND(AE82=1,S82<=0.5),1,0) | X82: =IF(F82="Car",1,0) | Y82: =IF(AND(R82=1,OR(V82=0,AND(D82=39,IF(ISNUMBER(G82),G82,0)>0)),W82=0,S82>0.5),1,0) | Z82: =IF(X82=1,IF(J82>0,Limits!$B$5,Limits!$B$6)*S82,0) | AA82: =IF(Y82=1,MIN(IF(ISNUMBER(G82),MAX(0,G82),0),T82,IF(F82="SUV",Limits!$B$4,T82),IF(X82=1,Z82,T82)),0) | AB82: =IF(AND(R82=1,V82=0),T82-K82,0) | AC82: =IF(R82=1,IF(MONTH(B82)>=10,1,0),0) | AD82: =IF(R82=0,"",IF(V82=1,D82&"-MM"&MONTH(B82),IF(W82=1,"ADS",D82&"")&"-"&IF(I82="MQ","MQ"&ROUNDUP(MONTH(B82)/3,0),"HY"))) | AE82: =IF(OR(F82="",F82="No"),0,1) | AF82: =K82*IF(U82='Form 4562'!$B$3,'Form 4562'!$B$16,1)
I83: =IF(R83=0,"",IF(V83=1,"MM",IF(IFERROR(SUMPRODUCT(($U$2:$U$201=U83)*$AB$2:$AB$201*$AC$2:$AC$201)/SUMPRODUCT(($U$2:$U$201=U83)*$AB$2:$AB$201),0)>0.4,"MQ","HY"))) | J83: =IF(OR(R83=0,V83=1,W83=1),0,IF(ISNUMBER(H83),H83,IF(H83="No",0,IFERROR(VLOOKUP(B83,Limits!$D$2:$E$9,2,1),0)))) | K83: =AA83*IF(U83='Form 4562'!$B$3,'Form 4562'!$B$15,1) | L83: =(T83-K83)*J83 | M83: =T83-K83-L83 | N83: =IF(R83=0,0,IF(AND(('Form 4562'!$B$3-U83+1)>=1,('Form 4562'!$B$3-U83+1)<=40),INDEX(Schedule!$I$83:$AV$83,1,('Form 4562'!$B$3-U83+1)),0)) | O83: =IF(R83=0,0,SUMIF(Schedule!$I$1:$AV$1,"<="&('Form 4562'!$B$3-U83+1),Schedule!$I$83:$AV$83)) | P83: =T83-O83-(K83-AF83) | R83: =IF(AND(ISNUMBER(B83),ISNUMBER(C83)),IF(C83>0,1,0),0) | S83: =IF(ISNUMBER(E83),MIN(1,MAX(0,E83)),1) | T83: =IF(R83=1,C83*S83,0) | U83: =IF(R83=1,YEAR(B83),0) | V83: =IF(OR(D83=27.5,D83=39),1,0) | W83: =IF(AND(AE83=1,S83<=0.5),1,0) | X83: =IF(F83="Car",1,0) | Y83: =IF(AND(R83=1,OR(V83=0,AND(D83=39,IF(ISNUMBER(G83),G83,0)>0)),W83=0,S83>0.5),1,0) | Z83: =IF(X83=1,IF(J83>0,Limits!$B$5,Limits!$B$6)*S83,0) | AA83: =IF(Y83=1,MIN(IF(ISNUMBER(G83),MAX(0,G83),0),T83,IF(F83="SUV",Limits!$B$4,T83),IF(X83=1,Z83,T83)),0) | AB83: =IF(AND(R83=1,V83=0),T83-K83,0) | AC83: =IF(R83=1,IF(MONTH(B83)>=10,1,0),0) | AD83: =IF(R83=0,"",IF(V83=1,D83&"-MM"&MONTH(B83),IF(W83=1,"ADS",D83&"")&"-"&IF(I83="MQ","MQ"&ROUNDUP(MONTH(B83)/3,0),"HY"))) | AE83: =IF(OR(F83="",F83="No"),0,1) | AF83: =K83*IF(U83='Form 4562'!$B$3,'Form 4562'!$B$16,1)
I84: =IF(R84=0,"",IF(V84=1,"MM",IF(IFERROR(SUMPRODUCT(($U$2:$U$201=U84)*$AB$2:$AB$201*$AC$2:$AC$201)/SUMPRODUCT(($U$2:$U$201=U84)*$AB$2:$AB$201),0)>0.4,"MQ","HY"))) | J84: =IF(OR(R84=0,V84=1,W84=1),0,IF(ISNUMBER(H84),H84,IF(H84="No",0,IFERROR(VLOOKUP(B84,Limits!$D$2:$E$9,2,1),0)))) | K84: =AA84*IF(U84='Form 4562'!$B$3,'Form 4562'!$B$15,1) | L84: =(T84-K84)*J84 | M84: =T84-K84-L84 | N84: =IF(R84=0,0,IF(AND(('Form 4562'!$B$3-U84+1)>=1,('Form 4562'!$B$3-U84+1)<=40),INDEX(Schedule!$I$84:$AV$84,1,('Form 4562'!$B$3-U84+1)),0)) | O84: =IF(R84=0,0,SUMIF(Schedule!$I$1:$AV$1,"<="&('Form 4562'!$B$3-U84+1),Schedule!$I$84:$AV$84)) | P84: =T84-O84-(K84-AF84) | R84: =IF(AND(ISNUMBER(B84),ISNUMBER(C84)),IF(C84>0,1,0),0) | S84: =IF(ISNUMBER(E84),MIN(1,MAX(0,E84)),1) | T84: =IF(R84=1,C84*S84,0) | U84: =IF(R84=1,YEAR(B84),0) | V84: =IF(OR(D84=27.5,D84=39),1,0) | W84: =IF(AND(AE84=1,S84<=0.5),1,0) | X84: =IF(F84="Car",1,0) | Y84: =IF(AND(R84=1,OR(V84=0,AND(D84=39,IF(ISNUMBER(G84),G84,0)>0)),W84=0,S84>0.5),1,0) | Z84: =IF(X84=1,IF(J84>0,Limits!$B$5,Limits!$B$6)*S84,0) | AA84: =IF(Y84=1,MIN(IF(ISNUMBER(G84),MAX(0,G84),0),T84,IF(F84="SUV",Limits!$B$4,T84),IF(X84=1,Z84,T84)),0) | AB84: =IF(AND(R84=1,V84=0),T84-K84,0) | AC84: =IF(R84=1,IF(MONTH(B84)>=10,1,0),0) | AD84: =IF(R84=0,"",IF(V84=1,D84&"-MM"&MONTH(B84),IF(W84=1,"ADS",D84&"")&"-"&IF(I84="MQ","MQ"&ROUNDUP(MONTH(B84)/3,0),"HY"))) | AE84: =IF(OR(F84="",F84="No"),0,1) | AF84: =K84*IF(U84='Form 4562'!$B$3,'Form 4562'!$B$16,1)
I85: =IF(R85=0,"",IF(V85=1,"MM",IF(IFERROR(SUMPRODUCT(($U$2:$U$201=U85)*$AB$2:$AB$201*$AC$2:$AC$201)/SUMPRODUCT(($U$2:$U$201=U85)*$AB$2:$AB$201),0)>0.4,"MQ","HY"))) | J85: =IF(OR(R85=0,V85=1,W85=1),0,IF(ISNUMBER(H85),H85,IF(H85="No",0,IFERROR(VLOOKUP(B85,Limits!$D$2:$E$9,2,1),0)))) | K85: =AA85*IF(U85='Form 4562'!$B$3,'Form 4562'!$B$15,1) | L85: =(T85-K85)*J85 | M85: =T85-K85-L85 | N85: =IF(R85=0,0,IF(AND(('Form 4562'!$B$3-U85+1)>=1,('Form 4562'!$B$3-U85+1)<=40),INDEX(Schedule!$I$85:$AV$85,1,('Form 4562'!$B$3-U85+1)),0)) | O85: =IF(R85=0,0,SUMIF(Schedule!$I$1:$AV$1,"<="&('Form 4562'!$B$3-U85+1),Schedule!$I$85:$AV$85)) | P85: =T85-O85-(K85-AF85) | R85: =IF(AND(ISNUMBER(B85),ISNUMBER(C85)),IF(C85>0,1,0),0) | S85: =IF(ISNUMBER(E85),MIN(1,MAX(0,E85)),1) | T85: =IF(R85=1,C85*S85,0) | U85: =IF(R85=1,YEAR(B85),0) | V85: =IF(OR(D85=27.5,D85=39),1,0) | W85: =IF(AND(AE85=1,S85<=0.5),1,0) | X85: =IF(F85="Car",1,0) | Y85: =IF(AND(R85=1,OR(V85=0,AND(D85=39,IF(ISNUMBER(G85),G85,0)>0)),W85=0,S85>0.5),1,0) | Z85: =IF(X85=1,IF(J85>0,Limits!$B$5,Limits!$B$6)*S85,0) | AA85: =IF(Y85=1,MIN(IF(ISNUMBER(G85),MAX(0,G85),0),T85,IF(F85="SUV",Limits!$B$4,T85),IF(X85=1,Z85,T85)),0) | AB85: =IF(AND(R85=1,V85=0),T85-K85,0) | AC85: =IF(R85=1,IF(MONTH(B85)>=10,1,0),0) | AD85: =IF(R85=0,"",IF(V85=1,D85&"-MM"&MONTH(B85),IF(W85=1,"ADS",D85&"")&"-"&IF(I85="MQ","MQ"&ROUNDUP(MONTH(B85)/3,0),"HY"))) | AE85: =IF(OR(F85="",F85="No"),0,1) | AF85: =K85*IF(U85='Form 4562'!$B$3,'Form 4562'!$B$16,1)
I86: =IF(R86=0,"",IF(V86=1,"MM",IF(IFERROR(SUMPRODUCT(($U$2:$U$201=U86)*$AB$2:$AB$201*$AC$2:$AC$201)/SUMPRODUCT(($U$2:$U$201=U86)*$AB$2:$AB$201),0)>0.4,"MQ","HY"))) | J86: =IF(OR(R86=0,V86=1,W86=1),0,IF(ISNUMBER(H86),H86,IF(H86="No",0,IFERROR(VLOOKUP(B86,Limits!$D$2:$E$9,2,1),0)))) | K86: =AA86*IF(U86='Form 4562'!$B$3,'Form 4562'!$B$15,1) | L86: =(T86-K86)*J86 | M86: =T86-K86-L86 | N86: =IF(R86=0,0,IF(AND(('Form 4562'!$B$3-U86+1)>=1,('Form 4562'!$B$3-U86+1)<=40),INDEX(Schedule!$I$86:$AV$86,1,('Form 4562'!$B$3-U86+1)),0)) | O86: =IF(R86=0,0,SUMIF(Schedule!$I$1:$AV$1,"<="&('Form 4562'!$B$3-U86+1),Schedule!$I$86:$AV$86)) | P86: =T86-O86-(K86-AF86) | R86: =IF(AND(ISNUMBER(B86),ISNUMBER(C86)),IF(C86>0,1,0),0) | S86: =IF(ISNUMBER(E86),MIN(1,MAX(0,E86)),1) | T86: =IF(R86=1,C86*S86,0) | U86: =IF(R86=1,YEAR(B86),0) | V86: =IF(OR(D86=27.5,D86=39),1,0) | W86: =IF(AND(AE86=1,S86<=0.5),1,0) | X86: =IF(F86="Car",1,0) | Y86: =IF(AND(R86=1,OR(V86=0,AND(D86=39,IF(ISNUMBER(G86),G86,0)>0)),W86=0,S86>0.5),1,0) | Z86: =IF(X86=1,IF(J86>0,Limits!$B$5,Limits!$B$6)*S86,0) | AA86: =IF(Y86=1,MIN(IF(ISNUMBER(G86),MAX(0,G86),0),T86,IF(F86="SUV",Limits!$B$4,T86),IF(X86=1,Z86,T86)),0) | AB86: =IF(AND(R86=1,V86=0),T86-K86,0) | AC86: =IF(R86=1,IF(MONTH(B86)>=10,1,0),0) | AD86: =IF(R86=0,"",IF(V86=1,D86&"-MM"&MONTH(B86),IF(W86=1,"ADS",D86&"")&"-"&IF(I86="MQ","MQ"&ROUNDUP(MONTH(B86)/3,0),"HY"))) | AE86: =IF(OR(F86="",F86="No"),0,1) | AF86: =K86*IF(U86='Form 4562'!$B$3,'Form 4562'!$B$16,1)
I87: =IF(R87=0,"",IF(V87=1,"MM",IF(IFERROR(SUMPRODUCT(($U$2:$U$201=U87)*$AB$2:$AB$201*$AC$2:$AC$201)/SUMPRODUCT(($U$2:$U$201=U87)*$AB$2:$AB$201),0)>0.4,"MQ","HY"))) | J87: =IF(OR(R87=0,V87=1,W87=1),0,IF(ISNUMBER(H87),H87,IF(H87="No",0,IFERROR(VLOOKUP(B87,Limits!$D$2:$E$9,2,1),0)))) | K87: =AA87*IF(U87='Form 4562'!$B$3,'Form 4562'!$B$15,1) | L87: =(T87-K87)*J87 | M87: =T87-K87-L87 | N87: =IF(R87=0,0,IF(AND(('Form 4562'!$B$3-U87+1)>=1,('Form 4562'!$B$3-U87+1)<=40),INDEX(Schedule!$I$87:$AV$87,1,('Form 4562'!$B$3-U87+1)),0)) | O87: =IF(R87=0,0,SUMIF(Schedule!$I$1:$AV$1,"<="&('Form 4562'!$B$3-U87+1),Schedule!$I$87:$AV$87)) | P87: =T87-O87-(K87-AF87) | R87: =IF(AND(ISNUMBER(B87),ISNUMBER(C87)),IF(C87>0,1,0),0) | S87: =IF(ISNUMBER(E87),MIN(1,MAX(0,E87)),1) | T87: =IF(R87=1,C87*S87,0) | U87: =IF(R87=1,YEAR(B87),0) | V87: =IF(OR(D87=27.5,D87=39),1,0) | W87: =IF(AND(AE87=1,S87<=0.5),1,0) | X87: =IF(F87="Car",1,0) | Y87: =IF(AND(R87=1,OR(V87=0,AND(D87=39,IF(ISNUMBER(G87),G87,0)>0)),W87=0,S87>0.5),1,0) | Z87: =IF(X87=1,IF(J87>0,Limits!$B$5,Limits!$B$6)*S87,0) | AA87: =IF(Y87=1,MIN(IF(ISNUMBER(G87),MAX(0,G87),0),T87,IF(F87="SUV",Limits!$B$4,T87),IF(X87=1,Z87,T87)),0) | AB87: =IF(AND(R87=1,V87=0),T87-K87,0) | AC87: =IF(R87=1,IF(MONTH(B87)>=10,1,0),0) | AD87: =IF(R87=0,"",IF(V87=1,D87&"-MM"&MONTH(B87),IF(W87=1,"ADS",D87&"")&"-"&IF(I87="MQ","MQ"&ROUNDUP(MONTH(B87)/3,0),"HY"))) | AE87: =IF(OR(F87="",F87="No"),0,1) | AF87: =K87*IF(U87='Form 4562'!$B$3,'Form 4562'!$B$16,1)
I88: =IF(R88=0,"",IF(V88=1,"MM",IF(IFERROR(SUMPRODUCT(($U$2:$U$201=U88)*$AB$2:$AB$201*$AC$2:$AC$201)/SUMPRODUCT(($U$2:$U$201=U88)*$AB$2:$AB$201),0)>0.4,"MQ","HY"))) | J88: =IF(OR(R88=0,V88=1,W88=1),0,IF(ISNUMBER(H88),H88,IF(H88="No",0,IFERROR(VLOOKUP(B88,Limits!$D$2:$E$9,2,1),0)))) | K88: =AA88*IF(U88='Form 4562'!$B$3,'Form 4562'!$B$15,1) | L88: =(T88-K88)*J88 | M88: =T88-K88-L88 | N88: =IF(R88=0,0,IF(AND(('Form 4562'!$B$3-U88+1)>=1,('Form 4562'!$B$3-U88+1)<=40),INDEX(Schedule!$I$88:$AV$88,1,('Form 4562'!$B$3-U88+1)),0)) | O88: =IF(R88=0,0,SUMIF(Schedule!$I$1:$AV$1,"<="&('Form 4562'!$B$3-U88+1),Schedule!$I$88:$AV$88)) | P88: =T88-O88-(K88-AF88) | R88: =IF(AND(ISNUMBER(B88),ISNUMBER(C88)),IF(C88>0,1,0),0) | S88: =IF(ISNUMBER(E88),MIN(1,MAX(0,E88)),1) | T88: =IF(R88=1,C88*S88,0) | U88: =IF(R88=1,YEAR(B88),0) | V88: =IF(OR(D88=27.5,D88=39),1,0) | W88: =IF(AND(AE88=1,S88<=0.5),1,0) | X88: =IF(F88="Car",1,0) | Y88: =IF(AND(R88=1,OR(V88=0,AND(D88=39,IF(ISNUMBER(G88),G88,0)>0)),W88=0,S88>0.5),1,0) | Z88: =IF(X88=1,IF(J88>0,Limits!$B$5,Limits!$B$6)*S88,0) | AA88: =IF(Y88=1,MIN(IF(ISNUMBER(G88),MAX(0,G88),0),T88,IF(F88="SUV",Limits!$B$4,T88),IF(X88=1,Z88,T88)),0) | AB88: =IF(AND(R88=1,V88=0),T88-K88,0) | AC88: =IF(R88=1,IF(MONTH(B88)>=10,1,0),0) | AD88: =IF(R88=0,"",IF(V88=1,D88&"-MM"&MONTH(B88),IF(W88=1,"ADS",D88&"")&"-"&IF(I88="MQ","MQ"&ROUNDUP(MONTH(B88)/3,0),"HY"))) | AE88: =IF(OR(F88="",F88="No"),0,1) | AF88: =K88*IF(U88='Form 4562'!$B$3,'Form 4562'!$B$16,1)
I89: =IF(R89=0,"",IF(V89=1,"MM",IF(IFERROR(SUMPRODUCT(($U$2:$U$201=U89)*$AB$2:$AB$201*$AC$2:$AC$201)/SUMPRODUCT(($U$2:$U$201=U89)*$AB$2:$AB$201),0)>0.4,"MQ","HY"))) | J89: =IF(OR(R89=0,V89=1,W89=1),0,IF(ISNUMBER(H89),H89,IF(H89="No",0,IFERROR(VLOOKUP(B89,Limits!$D$2:$E$9,2,1),0)))) | K89: =AA89*IF(U89='Form 4562'!$B$3,'Form 4562'!$B$15,1) | L89: =(T89-K89)*J89 | M89: =T89-K89-L89 | N89: =IF(R89=0,0,IF(AND(('Form 4562'!$B$3-U89+1)>=1,('Form 4562'!$B$3-U89+1)<=40),INDEX(Schedule!$I$89:$AV$89,1,('Form 4562'!$B$3-U89+1)),0)) | O89: =IF(R89=0,0,SUMIF(Schedule!$I$1:$AV$1,"<="&('Form 4562'!$B$3-U89+1),Schedule!$I$89:$AV$89)) | P89: =T89-O89-(K89-AF89) | R89: =IF(AND(ISNUMBER(B89),ISNUMBER(C89)),IF(C89>0,1,0),0) | S89: =IF(ISNUMBER(E89),MIN(1,MAX(0,E89)),1) | T89: =IF(R89=1,C89*S89,0) | U89: =IF(R89=1,YEAR(B89),0) | V89: =IF(OR(D89=27.5,D89=39),1,0) | W89: =IF(AND(AE89=1,S89<=0.5),1,0) | X89: =IF(F89="Car",1,0) | Y89: =IF(AND(R89=1,OR(V89=0,AND(D89=39,IF(ISNUMBER(G89),G89,0)>0)),W89=0,S89>0.5),1,0) | Z89: =IF(X89=1,IF(J89>0,Limits!$B$5,Limits!$B$6)*S89,0) | AA89: =IF(Y89=1,MIN(IF(ISNUMBER(G89),MAX(0,G89),0),T89,IF(F89="SUV",Limits!$B$4,T89),IF(X89=1,Z89,T89)),0) | AB89: =IF(AND(R89=1,V89=0),T89-K89,0) | AC89: =IF(R89=1,IF(MONTH(B89)>=10,1,0),0) | AD89: =IF(R89=0,"",IF(V89=1,D89&"-MM"&MONTH(B89),IF(W89=1,"ADS",D89&"")&"-"&IF(I89="MQ","MQ"&ROUNDUP(MONTH(B89)/3,0),"HY"))) | AE89: =IF(OR(F89="",F89="No"),0,1) | AF89: =K89*IF(U89='Form 4562'!$B$3,'Form 4562'!$B$16,1)
I90: =IF(R90=0,"",IF(V90=1,"MM",IF(IFERROR(SUMPRODUCT(($U$2:$U$201=U90)*$AB$2:$AB$201*$AC$2:$AC$201)/SUMPRODUCT(($U$2:$U$201=U90)*$AB$2:$AB$201),0)>0.4,"MQ","HY"))) | J90: =IF(OR(R90=0,V90=1,W90=1),0,IF(ISNUMBER(H90),H90,IF(H90="No",0,IFERROR(VLOOKUP(B90,Limits!$D$2:$E$9,2,1),0)))) | K90: =AA90*IF(U90='Form 4562'!$B$3,'Form 4562'!$B$15,1) | L90: =(T90-K90)*J90 | M90: =T90-K90-L90 | N90: =IF(R90=0,0,IF(AND(('Form 4562'!$B$3-U90+1)>=1,('Form 4562'!$B$3-U90+1)<=40),INDEX(Schedule!$I$90:$AV$90,1,('Form 4562'!$B$3-U90+1)),0)) | O90: =IF(R90=0,0,SUMIF(Schedule!$I$1:$AV$1,"<="&('Form 4562'!$B$3-U90+1),Schedule!$I$90:$AV$90)) | P90: =T90-O90-(K90-AF90) | R90: =IF(AND(ISNUMBER(B90),ISNUMBER(C90)),IF(C90>0,1,0),0) | S90: =IF(ISNUMBER(E90),MIN(1,MAX(0,E90)),1) | T90: =IF(R90=1,C90*S90,0) | U90: =IF(R90=1,YEAR(B90),0) | V90: =IF(OR(D90=27.5,D90=39),1,0) | W90: =IF(AND(AE90=1,S90<=0.5),1,0) | X90: =IF(F90="Car",1,0) | Y90: =IF(AND(R90=1,OR(V90=0,AND(D90=39,IF(ISNUMBER(G90),G90,0)>0)),W90=0,S90>0.5),1,0) | Z90: =IF(X90=1,IF(J90>0,Limits!$B$5,Limits!$B$6)*S90,0) | AA90: =IF(Y90=1,MIN(IF(ISNUMBER(G90),MAX(0,G90),0),T90,IF(F90="SUV",Limits!$B$4,T90),IF(X90=1,Z90,T90)),0) | AB90: =IF(AND(R90=1,V90=0),T90-K90,0) | AC90: =IF(R90=1,IF(MONTH(B90)>=10,1,0),0) | AD90: =IF(R90=0,"",IF(V90=1,D90&"-MM"&MONTH(B90),IF(W90=1,"ADS",D90&"")&"-"&IF(I90="MQ","MQ"&ROUNDUP(MONTH(B90)/3,0),"HY"))) | AE90: =IF(OR(F90="",F90="No"),0,1) | AF90: =K90*IF(U90='Form 4562'!$B$3,'Form 4562'!$B$16,1)
I91: =IF(R91=0,"",IF(V91=1,"MM",IF(IFERROR(SUMPRODUCT(($U$2:$U$201=U91)*$AB$2:$AB$201*$AC$2:$AC$201)/SUMPRODUCT(($U$2:$U$201=U91)*$AB$2:$AB$201),0)>0.4,"MQ","HY"))) | J91: =IF(OR(R91=0,V91=1,W91=1),0,IF(ISNUMBER(H91),H91,IF(H91="No",0,IFERROR(VLOOKUP(B91,Limits!$D$2:$E$9,2,1),0)))) | K91: =AA91*IF(U91='Form 4562'!$B$3,'Form 4562'!$B$15,1) | L91: =(T91-K91)*J91 | M91: =T91-K91-L91 | N91: =IF(R91=0,0,IF(AND(('Form 4562'!$B$3-U91+1)>=1,('Form 4562'!$B$3-U91+1)<=40),INDEX(Schedule!$I$91:$AV$91,1,('Form 4562'!$B$3-U91+1)),0)) | O91: =IF(R91=0,0,SUMIF(Schedule!$I$1:$AV$1,"<="&('Form 4562'!$B$3-U91+1),Schedule!$I$91:$AV$91)) | P91: =T91-O91-(K91-AF91) | R91: =IF(AND(ISNUMBER(B91),ISNUMBER(C91)),IF(C91>0,1,0),0) | S91: =IF(ISNUMBER(E91),MIN(1,MAX(0,E91)),1) | T91: =IF(R91=1,C91*S91,0) | U91: =IF(R91=1,YEAR(B91),0) | V91: =IF(OR(D91=27.5,D91=39),1,0) | W91: =IF(AND(AE91=1,S91<=0.5),1,0) | X91: =IF(F91="Car",1,0) | Y91: =IF(AND(R91=1,OR(V91=0,AND(D91=39,IF(ISNUMBER(G91),G91,0)>0)),W91=0,S91>0.5),1,0) | Z91: =IF(X91=1,IF(J91>0,Limits!$B$5,Limits!$B$6)*S91,0) | AA91: =IF(Y91=1,MIN(IF(ISNUMBER(G91),MAX(0,G91),0),T91,IF(F91="SUV",Limits!$B$4,T91),IF(X91=1,Z91,T91)),0) | AB91: =IF(AND(R91=1,V91=0),T91-K91,0) | AC91: =IF(R91=1,IF(MONTH(B91)>=10,1,0),0) | AD91: =IF(R91=0,"",IF(V91=1,D91&"-MM"&MONTH(B91),IF(W91=1,"ADS",D91&"")&"-"&IF(I91="MQ","MQ"&ROUNDUP(MONTH(B91)/3,0),"HY"))) | AE91: =IF(OR(F91="",F91="No"),0,1) | AF91: =K91*IF(U91='Form 4562'!$B$3,'Form 4562'!$B$16,1)
I92: =IF(R92=0,"",IF(V92=1,"MM",IF(IFERROR(SUMPRODUCT(($U$2:$U$201=U92)*$AB$2:$AB$201*$AC$2:$AC$201)/SUMPRODUCT(($U$2:$U$201=U92)*$AB$2:$AB$201),0)>0.4,"MQ","HY"))) | J92: =IF(OR(R92=0,V92=1,W92=1),0,IF(ISNUMBER(H92),H92,IF(H92="No",0,IFERROR(VLOOKUP(B92,Limits!$D$2:$E$9,2,1),0)))) | K92: =AA92*IF(U92='Form 4562'!$B$3,'Form 4562'!$B$15,1) | L92: =(T92-K92)*J92 | M92: =T92-K92-L92 | N92: =IF(R92=0,0,IF(AND(('Form 4562'!$B$3-U92+1)>=1,('Form 4562'!$B$3-U92+1)<=40),INDEX(Schedule!$I$92:$AV$92,1,('Form 4562'!$B$3-U92+1)),0)) | O92: =IF(R92=0,0,SUMIF(Schedule!$I$1:$AV$1,"<="&('Form 4562'!$B$3-U92+1),Schedule!$I$92:$AV$92)) | P92: =T92-O92-(K92-AF92) | R92: =IF(AND(ISNUMBER(B92),ISNUMBER(C92)),IF(C92>0,1,0),0) | S92: =IF(ISNUMBER(E92),MIN(1,MAX(0,E92)),1) | T92: =IF(R92=1,C92*S92,0) | U92: =IF(R92=1,YEAR(B92),0) | V92: =IF(OR(D92=27.5,D92=39),1,0) | W92: =IF(AND(AE92=1,S92<=0.5),1,0) | X92: =IF(F92="Car",1,0) | Y92: =IF(AND(R92=1,OR(V92=0,AND(D92=39,IF(ISNUMBER(G92),G92,0)>0)),W92=0,S92>0.5),1,0) | Z92: =IF(X92=1,IF(J92>0,Limits!$B$5,Limits!$B$6)*S92,0) | AA92: =IF(Y92=1,MIN(IF(ISNUMBER(G92),MAX(0,G92),0),T92,IF(F92="SUV",Limits!$B$4,T92),IF(X92=1,Z92,T92)),0) | AB92: =IF(AND(R92=1,V92=0),T92-K92,0) | AC92: =IF(R92=1,IF(MONTH(B92)>=10,1,0),0) | AD92: =IF(R92=0,"",IF(V92=1,D92&"-MM"&MONTH(B92),IF(W92=1,"ADS",D92&"")&"-"&IF(I92="MQ","MQ"&ROUNDUP(MONTH(B92)/3,0),"HY"))) | AE92: =IF(OR(F92="",F92="No"),0,1) | AF92: =K92*IF(U92='Form 4562'!$B$3,'Form 4562'!$B$16,1)
I93: =IF(R93=0,"",IF(V93=1,"MM",IF(IFERROR(SUMPRODUCT(($U$2:$U$201=U93)*$AB$2:$AB$201*$AC$2:$AC$201)/SUMPRODUCT(($U$2:$U$201=U93)*$AB$2:$AB$201),0)>0.4,"MQ","HY"))) | J93: =IF(OR(R93=0,V93=1,W93=1),0,IF(ISNUMBER(H93),H93,IF(H93="No",0,IFERROR(VLOOKUP(B93,Limits!$D$2:$E$9,2,1),0)))) | K93: =AA93*IF(U93='Form 4562'!$B$3,'Form 4562'!$B$15,1) | L93: =(T93-K93)*J93 | M93: =T93-K93-L93 | N93: =IF(R93=0,0,IF(AND(('Form 4562'!$B$3-U93+1)>=1,('Form 4562'!$B$3-U93+1)<=40),INDEX(Schedule!$I$93:$AV$93,1,('Form 4562'!$B$3-U93+1)),0)) | O93: =IF(R93=0,0,SUMIF(Schedule!$I$1:$AV$1,"<="&('Form 4562'!$B$3-U93+1),Schedule!$I$93:$AV$93)) | P93: =T93-O93-(K93-AF93) | R93: =IF(AND(ISNUMBER(B93),ISNUMBER(C93)),IF(C93>0,1,0),0) | S93: =IF(ISNUMBER(E93),MIN(1,MAX(0,E93)),1) | T93: =IF(R93=1,C93*S93,0) | U93: =IF(R93=1,YEAR(B93),0) | V93: =IF(OR(D93=27.5,D93=39),1,0) | W93: =IF(AND(AE93=1,S93<=0.5),1,0) | X93: =IF(F93="Car",1,0) | Y93: =IF(AND(R93=1,OR(V93=0,AND(D93=39,IF(ISNUMBER(G93),G93,0)>0)),W93=0,S93>0.5),1,0) | Z93: =IF(X93=1,IF(J93>0,Limits!$B$5,Limits!$B$6)*S93,0) | AA93: =IF(Y93=1,MIN(IF(ISNUMBER(G93),MAX(0,G93),0),T93,IF(F93="SUV",Limits!$B$4,T93),IF(X93=1,Z93,T93)),0) | AB93: =IF(AND(R93=1,V93=0),T93-K93,0) | AC93: =IF(R93=1,IF(MONTH(B93)>=10,1,0),0) | AD93: =IF(R93=0,"",IF(V93=1,D93&"-MM"&MONTH(B93),IF(W93=1,"ADS",D93&"")&"-"&IF(I93="MQ","MQ"&ROUNDUP(MONTH(B93)/3,0),"HY"))) | AE93: =IF(OR(F93="",F93="No"),0,1) | AF93: =K93*IF(U93='Form 4562'!$B$3,'Form 4562'!$B$16,1)
I94: =IF(R94=0,"",IF(V94=1,"MM",IF(IFERROR(SUMPRODUCT(($U$2:$U$201=U94)*$AB$2:$AB$201*$AC$2:$AC$201)/SUMPRODUCT(($U$2:$U$201=U94)*$AB$2:$AB$201),0)>0.4,"MQ","HY"))) | J94: =IF(OR(R94=0,V94=1,W94=1),0,IF(ISNUMBER(H94),H94,IF(H94="No",0,IFERROR(VLOOKUP(B94,Limits!$D$2:$E$9,2,1),0)))) | K94: =AA94*IF(U94='Form 4562'!$B$3,'Form 4562'!$B$15,1) | L94: =(T94-K94)*J94 | M94: =T94-K94-L94 | N94: =IF(R94=0,0,IF(AND(('Form 4562'!$B$3-U94+1)>=1,('Form 4562'!$B$3-U94+1)<=40),INDEX(Schedule!$I$94:$AV$94,1,('Form 4562'!$B$3-U94+1)),0)) | O94: =IF(R94=0,0,SUMIF(Schedule!$I$1:$AV$1,"<="&('Form 4562'!$B$3-U94+1),Schedule!$I$94:$AV$94)) | P94: =T94-O94-(K94-AF94) | R94: =IF(AND(ISNUMBER(B94),ISNUMBER(C94)),IF(C94>0,1,0),0) | S94: =IF(ISNUMBER(E94),MIN(1,MAX(0,E94)),1) | T94: =IF(R94=1,C94*S94,0) | U94: =IF(R94=1,YEAR(B94),0) | V94: =IF(OR(D94=27.5,D94=39),1,0) | W94: =IF(AND(AE94=1,S94<=0.5),1,0) | X94: =IF(F94="Car",1,0) | Y94: =IF(AND(R94=1,OR(V94=0,AND(D94=39,IF(ISNUMBER(G94),G94,0)>0)),W94=0,S94>0.5),1,0) | Z94: =IF(X94=1,IF(J94>0,Limits!$B$5,Limits!$B$6)*S94,0) | AA94: =IF(Y94=1,MIN(IF(ISNUMBER(G94),MAX(0,G94),0),T94,IF(F94="SUV",Limits!$B$4,T94),IF(X94=1,Z94,T94)),0) | AB94: =IF(AND(R94=1,V94=0),T94-K94,0) | AC94: =IF(R94=1,IF(MONTH(B94)>=10,1,0),0) | AD94: =IF(R94=0,"",IF(V94=1,D94&"-MM"&MONTH(B94),IF(W94=1,"ADS",D94&"")&"-"&IF(I94="MQ","MQ"&ROUNDUP(MONTH(B94)/3,0),"HY"))) | AE94: =IF(OR(F94="",F94="No"),0,1) | AF94: =K94*IF(U94='Form 4562'!$B$3,'Form 4562'!$B$16,1)
I95: =IF(R95=0,"",IF(V95=1,"MM",IF(IFERROR(SUMPRODUCT(($U$2:$U$201=U95)*$AB$2:$AB$201*$AC$2:$AC$201)/SUMPRODUCT(($U$2:$U$201=U95)*$AB$2:$AB$201),0)>0.4,"MQ","HY"))) | J95: =IF(OR(R95=0,V95=1,W95=1),0,IF(ISNUMBER(H95),H95,IF(H95="No",0,IFERROR(VLOOKUP(B95,Limits!$D$2:$E$9,2,1),0)))) | K95: =AA95*IF(U95='Form 4562'!$B$3,'Form 4562'!$B$15,1) | L95: =(T95-K95)*J95 | M95: =T95-K95-L95 | N95: =IF(R95=0,0,IF(AND(('Form 4562'!$B$3-U95+1)>=1,('Form 4562'!$B$3-U95+1)<=40),INDEX(Schedule!$I$95:$AV$95,1,('Form 4562'!$B$3-U95+1)),0)) | O95: =IF(R95=0,0,SUMIF(Schedule!$I$1:$AV$1,"<="&('Form 4562'!$B$3-U95+1),Schedule!$I$95:$AV$95)) | P95: =T95-O95-(K95-AF95) | R95: =IF(AND(ISNUMBER(B95),ISNUMBER(C95)),IF(C95>0,1,0),0) | S95: =IF(ISNUMBER(E95),MIN(1,MAX(0,E95)),1) | T95: =IF(R95=1,C95*S95,0) | U95: =IF(R95=1,YEAR(B95),0) | V95: =IF(OR(D95=27.5,D95=39),1,0) | W95: =IF(AND(AE95=1,S95<=0.5),1,0) | X95: =IF(F95="Car",1,0) | Y95: =IF(AND(R95=1,OR(V95=0,AND(D95=39,IF(ISNUMBER(G95),G95,0)>0)),W95=0,S95>0.5),1,0) | Z95: =IF(X95=1,IF(J95>0,Limits!$B$5,Limits!$B$6)*S95,0) | AA95: =IF(Y95=1,MIN(IF(ISNUMBER(G95),MAX(0,G95),0),T95,IF(F95="SUV",Limits!$B$4,T95),IF(X95=1,Z95,T95)),0) | AB95: =IF(AND(R95=1,V95=0),T95-K95,0) | AC95: =IF(R95=1,IF(MONTH(B95)>=10,1,0),0) | AD95: =IF(R95=0,"",IF(V95=1,D95&"-MM"&MONTH(B95),IF(W95=1,"ADS",D95&"")&"-"&IF(I95="MQ","MQ"&ROUNDUP(MONTH(B95)/3,0),"HY"))) | AE95: =IF(OR(F95="",F95="No"),0,1) | AF95: =K95*IF(U95='Form 4562'!$B$3,'Form 4562'!$B$16,1)
I96: =IF(R96=0,"",IF(V96=1,"MM",IF(IFERROR(SUMPRODUCT(($U$2:$U$201=U96)*$AB$2:$AB$201*$AC$2:$AC$201)/SUMPRODUCT(($U$2:$U$201=U96)*$AB$2:$AB$201),0)>0.4,"MQ","HY"))) | J96: =IF(OR(R96=0,V96=1,W96=1),0,IF(ISNUMBER(H96),H96,IF(H96="No",0,IFERROR(VLOOKUP(B96,Limits!$D$2:$E$9,2,1),0)))) | K96: =AA96*IF(U96='Form 4562'!$B$3,'Form 4562'!$B$15,1) | L96: =(T96-K96)*J96 | M96: =T96-K96-L96 | N96: =IF(R96=0,0,IF(AND(('Form 4562'!$B$3-U96+1)>=1,('Form 4562'!$B$3-U96+1)<=40),INDEX(Schedule!$I$96:$AV$96,1,('Form 4562'!$B$3-U96+1)),0)) | O96: =IF(R96=0,0,SUMIF(Schedule!$I$1:$AV$1,"<="&('Form 4562'!$B$3-U96+1),Schedule!$I$96:$AV$96)) | P96: =T96-O96-(K96-AF96) | R96: =IF(AND(ISNUMBER(B96),ISNUMBER(C96)),IF(C96>0,1,0),0) | S96: =IF(ISNUMBER(E96),MIN(1,MAX(0,E96)),1) | T96: =IF(R96=1,C96*S96,0) | U96: =IF(R96=1,YEAR(B96),0) | V96: =IF(OR(D96=27.5,D96=39),1,0) | W96: =IF(AND(AE96=1,S96<=0.5),1,0) | X96: =IF(F96="Car",1,0) | Y96: =IF(AND(R96=1,OR(V96=0,AND(D96=39,IF(ISNUMBER(G96),G96,0)>0)),W96=0,S96>0.5),1,0) | Z96: =IF(X96=1,IF(J96>0,Limits!$B$5,Limits!$B$6)*S96,0) | AA96: =IF(Y96=1,MIN(IF(ISNUMBER(G96),MAX(0,G96),0),T96,IF(F96="SUV",Limits!$B$4,T96),IF(X96=1,Z96,T96)),0) | AB96: =IF(AND(R96=1,V96=0),T96-K96,0) | AC96: =IF(R96=1,IF(MONTH(B96)>=10,1,0),0) | AD96: =IF(R96=0,"",IF(V96=1,D96&"-MM"&MONTH(B96),IF(W96=1,"ADS",D96&"")&"-"&IF(I96="MQ","MQ"&ROUNDUP(MONTH(B96)/3,0),"HY"))) | AE96: =IF(OR(F96="",F96="No"),0,1) | AF96: =K96*IF(U96='Form 4562'!$B$3,'Form 4562'!$B$16,1)
I97: =IF(R97=0,"",IF(V97=1,"MM",IF(IFERROR(SUMPRODUCT(($U$2:$U$201=U97)*$AB$2:$AB$201*$AC$2:$AC$201)/SUMPRODUCT(($U$2:$U$201=U97)*$AB$2:$AB$201),0)>0.4,"MQ","HY"))) | J97: =IF(OR(R97=0,V97=1,W97=1),0,IF(ISNUMBER(H97),H97,IF(H97="No",0,IFERROR(VLOOKUP(B97,Limits!$D$2:$E$9,2,1),0)))) | K97: =AA97*IF(U97='Form 4562'!$B$3,'Form 4562'!$B$15,1) | L97: =(T97-K97)*J97 | M97: =T97-K97-L97 | N97: =IF(R97=0,0,IF(AND(('Form 4562'!$B$3-U97+1)>=1,('Form 4562'!$B$3-U97+1)<=40),INDEX(Schedule!$I$97:$AV$97,1,('Form 4562'!$B$3-U97+1)),0)) | O97: =IF(R97=0,0,SUMIF(Schedule!$I$1:$AV$1,"<="&('Form 4562'!$B$3-U97+1),Schedule!$I$97:$AV$97)) | P97: =T97-O97-(K97-AF97) | R97: =IF(AND(ISNUMBER(B97),ISNUMBER(C97)),IF(C97>0,1,0),0) | S97: =IF(ISNUMBER(E97),MIN(1,MAX(0,E97)),1) | T97: =IF(R97=1,C97*S97,0) | U97: =IF(R97=1,YEAR(B97),0) | V97: =IF(OR(D97=27.5,D97=39),1,0) | W97: =IF(AND(AE97=1,S97<=0.5),1,0) | X97: =IF(F97="Car",1,0) | Y97: =IF(AND(R97=1,OR(V97=0,AND(D97=39,IF(ISNUMBER(G97),G97,0)>0)),W97=0,S97>0.5),1,0) | Z97: =IF(X97=1,IF(J97>0,Limits!$B$5,Limits!$B$6)*S97,0) | AA97: =IF(Y97=1,MIN(IF(ISNUMBER(G97),MAX(0,G97),0),T97,IF(F97="SUV",Limits!$B$4,T97),IF(X97=1,Z97,T97)),0) | AB97: =IF(AND(R97=1,V97=0),T97-K97,0) | AC97: =IF(R97=1,IF(MONTH(B97)>=10,1,0),0) | AD97: =IF(R97=0,"",IF(V97=1,D97&"-MM"&MONTH(B97),IF(W97=1,"ADS",D97&"")&"-"&IF(I97="MQ","MQ"&ROUNDUP(MONTH(B97)/3,0),"HY"))) | AE97: =IF(OR(F97="",F97="No"),0,1) | AF97: =K97*IF(U97='Form 4562'!$B$3,'Form 4562'!$B$16,1)
I98: =IF(R98=0,"",IF(V98=1,"MM",IF(IFERROR(SUMPRODUCT(($U$2:$U$201=U98)*$AB$2:$AB$201*$AC$2:$AC$201)/SUMPRODUCT(($U$2:$U$201=U98)*$AB$2:$AB$201),0)>0.4,"MQ","HY"))) | J98: =IF(OR(R98=0,V98=1,W98=1),0,IF(ISNUMBER(H98),H98,IF(H98="No",0,IFERROR(VLOOKUP(B98,Limits!$D$2:$E$9,2,1),0)))) | K98: =AA98*IF(U98='Form 4562'!$B$3,'Form 4562'!$B$15,1) | L98: =(T98-K98)*J98 | M98: =T98-K98-L98 | N98: =IF(R98=0,0,IF(AND(('Form 4562'!$B$3-U98+1)>=1,('Form 4562'!$B$3-U98+1)<=40),INDEX(Schedule!$I$98:$AV$98,1,('Form 4562'!$B$3-U98+1)),0)) | O98: =IF(R98=0,0,SUMIF(Schedule!$I$1:$AV$1,"<="&('Form 4562'!$B$3-U98+1),Schedule!$I$98:$AV$98)) | P98: =T98-O98-(K98-AF98) | R98: =IF(AND(ISNUMBER(B98),ISNUMBER(C98)),IF(C98>0,1,0),0) | S98: =IF(ISNUMBER(E98),MIN(1,MAX(0,E98)),1) | T98: =IF(R98=1,C98*S98,0) | U98: =IF(R98=1,YEAR(B98),0) | V98: =IF(OR(D98=27.5,D98=39),1,0) | W98: =IF(AND(AE98=1,S98<=0.5),1,0) | X98: =IF(F98="Car",1,0) | Y98: =IF(AND(R98=1,OR(V98=0,AND(D98=39,IF(ISNUMBER(G98),G98,0)>0)),W98=0,S98>0.5),1,0) | Z98: =IF(X98=1,IF(J98>0,Limits!$B$5,Limits!$B$6)*S98,0) | AA98: =IF(Y98=1,MIN(IF(ISNUMBER(G98),MAX(0,G98),0),T98,IF(F98="SUV",Limits!$B$4,T98),IF(X98=1,Z98,T98)),0) | AB98: =IF(AND(R98=1,V98=0),T98-K98,0) | AC98: =IF(R98=1,IF(MONTH(B98)>=10,1,0),0) | AD98: =IF(R98=0,"",IF(V98=1,D98&"-MM"&MONTH(B98),IF(W98=1,"ADS",D98&"")&"-"&IF(I98="MQ","MQ"&ROUNDUP(MONTH(B98)/3,0),"HY"))) | AE98: =IF(OR(F98="",F98="No"),0,1) | AF98: =K98*IF(U98='Form 4562'!$B$3,'Form 4562'!$B$16,1)
I99: =IF(R99=0,"",IF(V99=1,"MM",IF(IFERROR(SUMPRODUCT(($U$2:$U$201=U99)*$AB$2:$AB$201*$AC$2:$AC$201)/SUMPRODUCT(($U$2:$U$201=U99)*$AB$2:$AB$201),0)>0.4,"MQ","HY"))) | J99: =IF(OR(R99=0,V99=1,W99=1),0,IF(ISNUMBER(H99),H99,IF(H99="No",0,IFERROR(VLOOKUP(B99,Limits!$D$2:$E$9,2,1),0)))) | K99: =AA99*IF(U99='Form 4562'!$B$3,'Form 4562'!$B$15,1) | L99: =(T99-K99)*J99 | M99: =T99-K99-L99 | N99: =IF(R99=0,0,IF(AND(('Form 4562'!$B$3-U99+1)>=1,('Form 4562'!$B$3-U99+1)<=40),INDEX(Schedule!$I$99:$AV$99,1,('Form 4562'!$B$3-U99+1)),0)) | O99: =IF(R99=0,0,SUMIF(Schedule!$I$1:$AV$1,"<="&('Form 4562'!$B$3-U99+1),Schedule!$I$99:$AV$99)) | P99: =T99-O99-(K99-AF99) | R99: =IF(AND(ISNUMBER(B99),ISNUMBER(C99)),IF(C99>0,1,0),0) | S99: =IF(ISNUMBER(E99),MIN(1,MAX(0,E99)),1) | T99: =IF(R99=1,C99*S99,0) | U99: =IF(R99=1,YEAR(B99),0) | V99: =IF(OR(D99=27.5,D99=39),1,0) | W99: =IF(AND(AE99=1,S99<=0.5),1,0) | X99: =IF(F99="Car",1,0) | Y99: =IF(AND(R99=1,OR(V99=0,AND(D99=39,IF(ISNUMBER(G99),G99,0)>0)),W99=0,S99>0.5),1,0) | Z99: =IF(X99=1,IF(J99>0,Limits!$B$5,Limits!$B$6)*S99,0) | AA99: =IF(Y99=1,MIN(IF(ISNUMBER(G99),MAX(0,G99),0),T99,IF(F99="SUV",Limits!$B$4,T99),IF(X99=1,Z99,T99)),0) | AB99: =IF(AND(R99=1,V99=0),T99-K99,0) | AC99: =IF(R99=1,IF(MONTH(B99)>=10,1,0),0) | AD99: =IF(R99=0,"",IF(V99=1,D99&"-MM"&MONTH(B99),IF(W99=1,"ADS",D99&"")&"-"&IF(I99="MQ","MQ"&ROUNDUP(MONTH(B99)/3,0),"HY"))) | AE99: =IF(OR(F99="",F99="No"),0,1) | AF99: =K99*IF(U99='Form 4562'!$B$3,'Form 4562'!$B$16,1)
I100: =IF(R100=0,"",IF(V100=1,"MM",IF(IFERROR(SUMPRODUCT(($U$2:$U$201=U100)*$AB$2:$AB$201*$AC$2:$AC$201)/SUMPRODUCT(($U$2:$U$201=U100)*$AB$2:$AB$201),0)>0.4,"MQ","HY"))) | J100: =IF(OR(R100=0,V100=1,W100=1),0,IF(ISNUMBER(H100),H100,IF(H100="No",0,IFERROR(VLOOKUP(B100,Limits!$D$2:$E$9,2,1),0)))) | K100: =AA100*IF(U100='Form 4562'!$B$3,'Form 4562'!$B$15,1) | L100: =(T100-K100)*J100 | M100: =T100-K100-L100 | N100: =IF(R100=0,0,IF(AND(('Form 4562'!$B$3-U100+1)>=1,('Form 4562'!$B$3-U100+1)<=40),INDEX(Schedule!$I$100:$AV$100,1,('Form 4562'!$B$3-U100+1)),0)) | O100: =IF(R100=0,0,SUMIF(Schedule!$I$1:$AV$1,"<="&('Form 4562'!$B$3-U100+1),Schedule!$I$100:$AV$100)) | P100: =T100-O100-(K100-AF100) | R100: =IF(AND(ISNUMBER(B100),ISNUMBER(C100)),IF(C100>0,1,0),0) | S100: =IF(ISNUMBER(E100),MIN(1,MAX(0,E100)),1) | T100: =IF(R100=1,C100*S100,0) | U100: =IF(R100=1,YEAR(B100),0) | V100: =IF(OR(D100=27.5,D100=39),1,0) | W100: =IF(AND(AE100=1,S100<=0.5),1,0) | X100: =IF(F100="Car",1,0) | Y100: =IF(AND(R100=1,OR(V100=0,AND(D100=39,IF(ISNUMBER(G100),G100,0)>0)),W100=0,S100>0.5),1,0) | Z100: =IF(X100=1,IF(J100>0,Limits!$B$5,Limits!$B$6)*S100,0) | AA100: =IF(Y100=1,MIN(IF(ISNUMBER(G100),MAX(0,G100),0),T100,IF(F100="SUV",Limits!$B$4,T100),IF(X100=1,Z100,T100)),0) | AB100: =IF(AND(R100=1,V100=0),T100-K100,0) | AC100: =IF(R100=1,IF(MONTH(B100)>=10,1,0),0) | AD100: =IF(R100=0,"",IF(V100=1,D100&"-MM"&MONTH(B100),IF(W100=1,"ADS",D100&"")&"-"&IF(I100="MQ","MQ"&ROUNDUP(MONTH(B100)/3,0),"HY"))) | AE100: =IF(OR(F100="",F100="No"),0,1) | AF100: =K100*IF(U100='Form 4562'!$B$3,'Form 4562'!$B$16,1)
...

Sheet Form 4562
A1: Form 4562 summary for the tax year
A2: Business
A3: Tax year | B3: 2026
A4: Business income for the Section 179 limit (blank = none)
A6: Part I. Section 179
A7: Line 1. Maximum amount | B7: =Limits!$B$2
A8: Line 2. Section 179 property placed in service | B8: =SUMPRODUCT((Assets!$U$2:$U$201=B3)*Assets!$Y$2:$Y$201*Assets!$T$2:$T$201)
A9: Line 3. Threshold before the limit shrinks | B9: =Limits!$B$3
A10: Line 4. Reduction | B10: =MAX(0,B8-B9)
A11: Line 5. Dollar limit for the year | B11: =MAX(0,B7-B10)
A12: Line 8. Section 179 elected | B12: =SUMIF(Assets!$U$2:$U$201,B3,Assets!$AA$2:$AA$201)
A13: Line 9. Tentative deduction | B13: =MIN(B11,B12)
A14: Line 11. Business income limitation | B14: =IF(ISNUMBER(B4),MIN(B11,MAX(0,B4)),"")
A15: Share of each election within the dollar limit | B15: =IF(B12=0,1,B13/B12)
A16: Share deducted this year after the income limit | B16: =IF(B13=0,1,IF(ISNUMBER(B14),MIN(B13,B14),B13)/B13)
A17: Line 12. Section 179 expense deduction | B17: =SUMIF(Assets!$U$2:$U$201,B3,Assets!$AF$2:$AF$201)
A18: Line 13. Carryover to next year | B18: =B13-B17
A19: Part II. Special depreciation allowance
A20: Line 14. Bonus depreciation, excluding listed property | B20: =SUMPRODUCT((Assets!$U$2:$U$201=B3)*(Assets!$AE$2:$AE$201=0)*Assets!$L$2:$L$201)
A21: Part III. MACRS depreciation
A22: Line 17. Assets placed in service in earlier years | B22: =SUMPRODUCT((Assets!$U$2:$U$201<B3)*(Assets!$R$2:$R$201=1)*(Assets!$AE$2:$AE$201=0)*Assets!$N$2:$N$201)
A23: Line 19a. 3-year property placed this year | B23: =SUMPRODUCT((Assets!$U$2:$U$201=B3)*(Assets!$AE$2:$AE$201=0)*(Assets!$D$2:$D$201=3)*(Assets!$N$2:$N$201-Assets!$AF$2:$AF$201-Assets!$L$2:$L$201))
A24: Line 19b. 5-year property placed this year | B24: =SUMPRODUCT((Assets!$U$2:$U$201=B3)*(Assets!$AE$2:$AE$201=0)*(Assets!$D$2:$D$201=5)*(Assets!$N$2:$N$201-Assets!$AF$2:$AF$201-Assets!$L$2:$L$201))
A25: Line 19c. 7-year property placed this year | B25: =SUMPRODUCT((Assets!$U$2:$U$201=B3)*(Assets!$AE$2:$AE$201=0)*(Assets!$D$2:$D$201=7)*(Assets!$N$2:$N$201-Assets!$AF$2:$AF$201-Assets!$L$2:$L$201))
A26: Line 19d. 10-year property placed this year | B26: =SUMPRODUCT((Assets!$U$2:$U$201=B3)*(Assets!$AE$2:$AE$201=0)*(Assets!$D$2:$D$201=10)*(Assets!$N$2:$N$201-Assets!$AF$2:$AF$201-Assets!$L$2:$L$201))
A27: Line 19e. 15-year property placed this year | B27: =SUMPRODUCT((Assets!$U$2:$U$201=B3)*(Assets!$AE$2:$AE$201=0)*(Assets!$D$2:$D$201=15)*(Assets!$N$2:$N$201-Assets!$AF$2:$AF$201-Assets!$L$2:$L$201))
A28: Line 19f. 20-year property placed this year | B28: =SUMPRODUCT((Assets!$U$2:$U$201=B3)*(Assets!$AE$2:$AE$201=0)*(Assets!$D$2:$D$201=20)*(Assets!$N$2:$N$201-Assets!$AF$2:$AF$201-Assets!$L$2:$L$201))
A29: Line 19h. 27.5-year property placed this year | B29: =SUMPRODUCT((Assets!$U$2:$U$201=B3)*(Assets!$AE$2:$AE$201=0)*(Assets!$D$2:$D$201=27.5)*(Assets!$N$2:$N$201-Assets!$AF$2:$AF$201-Assets!$L$2:$L$201))
A30: Line 19i. 39-year property placed this year | B30: =SUMPRODUCT((Assets!$U$2:$U$201=B3)*(Assets!$AE$2:$AE$201=0)*(Assets!$D$2:$D$201=39)*(Assets!$N$2:$N$201-Assets!$AF$2:$AF$201-Assets!$L$2:$L$201))
A31: Line 21. Listed property (Part V) | B31: =SUMPRODUCT(Assets!$AE$2:$AE$201*(Assets!$N$2:$N$201-(Assets!$U$2:$U$201=B3)*Assets!$AF$2:$AF$201))
A32: Line 22. Total depreciation | B32: =B17+B20+B22+SUM(B23:B30)+B31
A34: Personal property basis placed in service October to December | B34: =IFERROR(SUMPRODUCT((Assets!$U$2:$U$201=B3)*Assets!$AB$2:$AB$201*Assets!$AC$2:$AC$201)/SUMPRODUCT((Assets!$U$2:$U$201=B3)*Assets!$AB$2:$AB$201),0)
A35: Convention for this year's personal property | B35: =IF(B34>0.4,"Mid-quarter (over 40% in Q4)","Half-year")
A37: Estimates for planning and your preparer. Line 12 leaves out any carryover from last year's line 13.

Sheet Schedule
A1: Asset | B1: Table key | C1: Table years | D1: Car | E1: Car safe harbor | F1: Cost x use | G1: First-year 179 and bonus | H1: MACRS basis | I1: 1 | J1: 2 | K1: 3 | L1: 4 | M1: 5 | N1: 6 | O1: 7 | P1: 8 | Q1: 9 | R1: 10 | S1: 11 | T1: 12 | U1: 13 | V1: 14 | W1: 15 | X1: 16 | Y1: 17 | Z1: 18 | AA1: 19 | AB1: 20 | AC1: 21 | AD1: 22 | AE1: 23 | AF1: 24 | AG1: 25 | AH1: 26 | AI1: 27 | AJ1: 28 | AK1: 29 | AL1: 30 | AM1: 31 | AN1: 32 | AO1: 33 | AP1: 34 | AQ1: 35 | AR1: 36 | AS1: 37 | AT1: 38 | AU1: 39 | AV1: 40
A2: =IF(Assets!A2="","",Assets!A2) | B2: =Assets!AD2 | C2: =IF(B2="",0,INDEX(Rates!$B$2:$B$60,MATCH(B2,Rates!$A$2:$A$60,0))) | D2: =Assets!X2 | E2: =IF(AND(D2=1,Assets!J2=1,Assets!K2=0),1,0) | F2: =Assets!T2 | G2: =Assets!AF2+Assets!L2 | H2: =Assets!M2 | I2: =IF($B2="",0,IF($D2=1,IF(1<=$C2,MIN($G2+$H2*INDEX(Rates!$C$2:$AP$60,MATCH($B2,Rates!$A$2:$A$60,0),1),Assets!$Z2),MIN($G2+$H2*INDEX(Rates!$C$2:$AP$60,MATCH($B2,Rates!$A$2:$A$60,0),1),Assets!$Z2)),$G2+$H2*INDEX(Rates!$C$2:$AP$60,MATCH($B2,Rates!$A$2:$A$60,0),1))) | J2: =IF($B2="",0,IF($D2=1,IF(2<=$C2,MIN(IF($E2=1,$F2-$I2,$H2)*INDEX(Rates!$C$2:$AP$60,MATCH($B2,Rates!$A$2:$A$60,0),2),Limits!$B$7*Assets!$S2),MIN(Limits!$B$9*Assets!$S2,MAX(0,$F2-SUM($I2:I2)))),IF($E2=1,$F2-$I2,$H2)*INDEX(Rates!$C$2:$AP$60,MATCH($B2,Rates!$A$2:$A$60,0),2))) | K2: =IF($B2="",0,IF($D2=1,IF(3<=$C2,MIN(IF($E2=1,$F2-$I2,$H2)*INDEX(Rates!$C$2:$AP$60,MATCH($B2,Rates!$A$2:$A$60,0),3),Limits!$B$8*Assets!$S2),MIN(Limits!$B$9*Assets!$S2,MAX(0,$F2-SUM($I2:J2)))),IF($E2=1,$F2-$I2,$H2)*INDEX(Rates!$C$2:$AP$60,MATCH($B2,Rates!$A$2:$A$60,0),3))) | L2: =IF($B2="",0,IF($D2=1,IF(4<=$C2,MIN(IF($E2=1,$F2-$I2,$H2)*INDEX(Rates!$C$2:$AP$60,MATCH($B2,Rates!$A$2:$A$60,0),4),Limits!$B$9*Assets!$S2),MIN(Limits!$B$9*Assets!$S2,MAX(0,$F2-SUM($I2:K2)))),IF($E2=1,$F2-$I2,$H2)*INDEX(Rates!$C$2:$AP$60,MATCH($B2,Rates!$A$2:$A$60,0),4))) | M2: =IF($B2="",0,IF($D2=1,IF(5<=$C2,MIN(IF($E2=1,$F2-$I2,$H2)*INDEX(Rates!$C$2:$AP$60,MATCH($B2,Rates!$A$2:$A$60,0),5),Limits!$B$9*Assets!$S2),MIN(Limits!$B$9*Assets!$S2,MAX(0,$F2-SUM($I2:L2)))),IF($E2=1,$F2-$I2,$H2)*INDEX(Rates!$C$2:$AP$60,MATCH($B2,Rates!$A$2:$A$60,0),5))) | N2: =IF($B2="",0,IF($D2=1,IF(6<=$C2,MIN(IF($E2=1,$F2-$I2,$H2)*INDEX(Rates!$C$2:$AP$60,MATCH($B2,Rates!$A$2:$A$60,0),6),Limits!$B$9*Assets!$S2),MIN(Limits!$B$9*Assets!$S2,MAX(0,$F2-SUM($I2:M2)))),IF($E2=1,$F2-$I2,$H2)*INDEX(Rates!$C$2:$AP$60,MATCH($B2,Rates!$A$2:$A$60,0),6))) | O2: =IF($B2="",0,IF($D2=1,IF(7<=$C2,MIN(IF($E2=1,$F2-$I2,$H2)*INDEX(Rates!$C$2:$AP$60,MATCH($B2,Rates!$A$2:$A$60,0),7),Limits!$B$9*Assets!$S2),MIN(Limits!$B$9*Assets!$S2,MAX(0,$F2-SUM($I2:N2)))),IF($E2=1,$F2-$I2,$H2)*INDEX(Rates!$C$2:$AP$60,MATCH($B2,Rates!$A$2:$A$60,0),7))) | P2: =IF($B2="",0,IF($D2=1,IF(8<=$C2,MIN(IF($E2=1,$F2-$I2,$H2)*INDEX(Rates!$C$2:$AP$60,MATCH($B2,Rates!$A$2:$A$60,0),8),Limits!$B$9*Assets!$S2),MIN(Limits!$B$9*Assets!$S2,MAX(0,$F2-SUM($I2:O2)))),IF($E2=1,$F2-$I2,$H2)*INDEX(Rates!$C$2:$AP$60,MATCH($B2,Rates!$A$2:$A$60,0),8))) | Q2: =IF($B2="",0,IF($D2=1,IF(9<=$C2,MIN(IF($E2=1,$F2-$I2,$H2)*INDEX(Rates!$C$2:$AP$60,MATCH($B2,Rates!$A$2:$A$60,0),9),Limits!$B$9*Assets!$S2),MIN(Limits!$B$9*Assets!$S2,MAX(0,$F2-SUM($I2:P2)))),IF($E2=1,$F2-$I2,$H2)*INDEX(Rates!$C$2:$AP$60,MATCH($B2,Rates!$A$2:$A$60,0),9))) | R2: =IF($B2="",0,IF($D2=1,IF(10<=$C2,MIN(IF($E2=1,$F2-$I2,$H2)*INDEX(Rates!$C$2:$AP$60,MATCH($B2,Rates!$A$2:$A$60,0),10),Limits!$B$9*Assets!$S2),MIN(Limits!$B$9*Assets!$S2,MAX(0,$F2-SUM($I2:Q2)))),IF($E2=1,$F2-$I2,$H2)*INDEX(Rates!$C$2:$AP$60,MATCH($B2,Rates!$A$2:$A$60,0),10))) | S2: =IF($B2="",0,IF($D2=1,IF(11<=$C2,MIN(IF($E2=1,$F2-$I2,$H2)*INDEX(Rates!$C$2:$AP$60,MATCH($B2,Rates!$A$2:$A$60,0),11),Limits!$B$9*Assets!$S2),MIN(Limits!$B$9*Assets!$S2,MAX(0,$F2-SUM($I2:R2)))),IF($E2=1,$F2-$I2,$H2)*INDEX(Rates!$C$2:$AP$60,MATCH($B2,Rates!$A$2:$A$60,0),11))) | T2: =IF($B2="",0,IF($D2=1,IF(12<=$C2,MIN(IF($E2=1,$F2-$I2,$H2)*INDEX(Rates!$C$2:$AP$60,MATCH($B2,Rates!$A$2:$A$60,0),12),Limits!$B$9*Assets!$S2),MIN(Limits!$B$9*Assets!$S2,MAX(0,$F2-SUM($I2:S2)))),IF($E2=1,$F2-$I2,$H2)*INDEX(Rates!$C$2:$AP$60,MATCH($B2,Rates!$A$2:$A$60,0),12))) | U2: =IF($B2="",0,IF($D2=1,IF(13<=$C2,MIN(IF($E2=1,$F2-$I2,$H2)*INDEX(Rates!$C$2:$AP$60,MATCH($B2,Rates!$A$2:$A$60,0),13),Limits!$B$9*Assets!$S2),MIN(Limits!$B$9*Assets!$S2,MAX(0,$F2-SUM($I2:T2)))),IF($E2=1,$F2-$I2,$H2)*INDEX(Rates!$C$2:$AP$60,MATCH($B2,Rates!$A$2:$A$60,0),13))) | V2: =IF($B2="",0,IF($D2=1,IF(14<=$C2,MIN(IF($E2=1,$F2-$I2,$H2)*INDEX(Rates!$C$2:$AP$60,MATCH($B2,Rates!$A$2:$A$60,0),14),Limits!$B$9*Assets!$S2),MIN(Limits!$B$9*Assets!$S2,MAX(0,$F2-SUM($I2:U2)))),IF($E2=1,$F2-$I2,$H2)*INDEX(Rates!$C$2:$AP$60,MATCH($B2,Rates!$A$2:$A$60,0),14))) | W2: =IF($B2="",0,IF($D2=1,IF(15<=$C2,MIN(IF($E2=1,$F2-$I2,$H2)*INDEX(Rates!$C$2:$AP$60,MATCH($B2,Rates!$A$2:$A$60,0),15),Limits!$B$9*Assets!$S2),MIN(Limits!$B$9*Assets!$S2,MAX(0,$F2-SUM($I2:V2)))),IF($E2=1,$F2-$I2,$H2)*INDEX(Rates!$C$2:$AP$60,MATCH($B2,Rates!$A$2:$A$60,0),15))) | X2: =IF($B2="",0,IF($D2=1,IF(16<=$C2,MIN(IF($E2=1,$F2-$I2,$H2)*INDEX(Rates!$C$2:$AP$60,MATCH($B2,Rates!$A$2:$A$60,0),16),Limits!$B$9*Assets!$S2),MIN(Limits!$B$9*Assets!$S2,MAX(0,$F2-SUM($I2:W2)))),IF($E2=1,$F2-$I2,$H2)*INDEX(Rates!$C$2:$AP$60,MATCH($B2,Rates!$A$2:$A$60,0),16))) | Y2: =IF($B2="",0,IF($D2=1,IF(17<=$C2,MIN(IF($E2=1,$F2-$I2,$H2)*INDEX(Rates!$C$2:$AP$60,MATCH($B2,Rates!$A$2:$A$60,0),17),Limits!$B$9*Assets!$S2),MIN(Limits!$B$9*Assets!$S2,MAX(0,$F2-SUM($I2:X2)))),IF($E2=1,$F2-$I2,$H2)*INDEX(Rates!$C$2:$AP$60,MATCH($B2,Rates!$A$2:$A$60,0),17))) | Z2: =IF($B2="",0,IF($D2=1,IF(18<=$C2,MIN(IF($E2=1,$F2-$I2,$H2)*INDEX(Rates!$C$2:$AP$60,MATCH($B2,Rates!$A$2:$A$60,0),18),Limits!$B$9*Assets!$S2),MIN(Limits!$B$9*Assets!$S2,MAX(0,$F2-SUM($I2:Y2)))),IF($E2=1,$F2-$I2,$H2)*INDEX(Rates!$C$2:$AP$60,MATCH($B2,Rates!$A$2:$A$60,0),18))) | AA2: =IF($B2="",0,IF($D2=1,IF(19<=$C2,MIN(IF($E2=1,$F2-$I2,$H2)*INDEX(Rates!$C$2:$AP$60,MATCH($B2,Rates!$A$2:$A$60,0),19),Limits!$B$9*Assets!$S2),MIN(Limits!$B$9*Assets!$S2,MAX(0,$F2-SUM($I2:Z2)))),IF($E2=1,$F2-$I2,$H2)*INDEX(Rates!$C$2:$AP$60,MATCH($B2,Rates!$A$2:$A$60,0),19))) | AB2: =IF($B2="",0,IF($D2=1,IF(20<=$C2,MIN(IF($E2=1,$F2-$I2,$H2)*INDEX(Rates!$C$2:$AP$60,MATCH($B2,Rates!$A$2:$A$60,0),20),Limits!$B$9*Assets!$S2),MIN(Limits!$B$9*Assets!$S2,MAX(0,$F2-SUM($I2:AA2)))),IF($E2=1,$F2-$I2,$H2)*INDEX(Rates!$C$2:$AP$60,MATCH($B2,Rates!$A$2:$A$60,0),20))) | AC2: =IF($B2="",0,IF($D2=1,IF(21<=$C2,MIN(IF($E2=1,$F2-$I2,$H2)*INDEX(Rates!$C$2:$AP$60,MATCH($B2,Rates!$A$2:$A$60,0),21),Limits!$B$9*Assets!$S2),MIN(Limits!$B$9*Assets!$S2,MAX(0,$F2-SUM($I2:AB2)))),IF($E2=1,$F2-$I2,$H2)*INDEX(Rates!$C$2:$AP$60,MATCH($B2,Rates!$A$2:$A$60,0),21))) | AD2: =IF($B2="",0,IF($D2=1,IF(22<=$C2,MIN(IF($E2=1,$F2-$I2,$H2)*INDEX(Rates!$C$2:$AP$60,MATCH($B2,Rates!$A$2:$A$60,0),22),Limits!$B$9*Assets!$S2),MIN(Limits!$B$9*Assets!$S2,MAX(0,$F2-SUM($I2:AC2)))),IF($E2=1,$F2-$I2,$H2)*INDEX(Rates!$C$2:$AP$60,MATCH($B2,Rates!$A$2:$A$60,0),22))) | AE2: =IF($B2="",0,IF($D2=1,IF(23<=$C2,MIN(IF($E2=1,$F2-$I2,$H2)*INDEX(Rates!$C$2:$AP$60,MATCH($B2,Rates!$A$2:$A$60,0),23),Limits!$B$9*Assets!$S2),MIN(Limits!$B$9*Assets!$S2,MAX(0,$F2-SUM($I2:AD2)))),IF($E2=1,$F2-$I2,$H2)*INDEX(Rates!$C$2:$AP$60,MATCH($B2,Rates!$A$2:$A$60,0),23))) | AF2: =IF($B2="",0,IF($D2=1,IF(24<=$C2,MIN(IF($E2=1,$F2-$I2,$H2)*INDEX(Rates!$C$2:$AP$60,MATCH($B2,Rates!$A$2:$A$60,0),24),Limits!$B$9*Assets!$S2),MIN(Limits!$B$9*Assets!$S2,MAX(0,$F2-SUM($I2:AE2)))),IF($E2=1,$F2-$I2,$H2)*INDEX(Rates!$C$2:$AP$60,MATCH($B2,Rates!$A$2:$A$60,0),24))) | AG2: =IF($B2="",0,IF($D2=1,IF(25<=$C2,MIN(IF($E2=1,$F2-$I2,$H2)*INDEX(Rates!$C$2:$AP$60,MATCH($B2,Rates!$A$2:$A$60,0),25),Limits!$B$9*Assets!$S2),MIN(Limits!$B$9*Assets!$S2,MAX(0,$F2-SUM($I2:AF2)))),IF($E2=1,$F2-$I2,$H2)*INDEX(Rates!$C$2:$AP$60,MATCH($B2,Rates!$A$2:$A$60,0),25))) | AH2: =IF($B2="",0,IF($D2=1,IF(26<=$C2,MIN(IF($E2=1,$F2-$I2,$H2)*INDEX(Rates!$C$2:$AP$60,MATCH($B2,Rates!$A$2:$A$60,0),26),Limits!$B$9*Assets!$S2),MIN(Limits!$B$9*Assets!$S2,MAX(0,$F2-SUM($I2:AG2)))),IF($E2=1,$F2-$I2,$H2)*INDEX(Rates!$C$2:$AP$60,MATCH($B2,Rates!$A$2:$A$60,0),26))) | AI2: =IF($B2="",0,IF($D2=1,IF(27<=$C2,MIN(IF($E2=1,$F2-$I2,$H2)*INDEX(Rates!$C$2:$AP$60,MATCH($B2,Rates!$A$2:$A$60,0),27),Limits!$B$9*Assets!$S2),MIN(Limits!$B$9*Assets!$S2,MAX(0,$F2-SUM($I2:AH2)))),IF($E2=1,$F2-$I2,$H2)*INDEX(Rates!$C$2:$AP$60,MATCH($B2,Rates!$A$2:$A$60,0),27))) | AJ2: =IF($B2="",0,IF($D2=1,IF(28<=$C2,MIN(IF($E2=1,$F2-$I2,$H2)*INDEX(Rates!$C$2:$AP$60,MATCH($B2,Rates!$A$2:$A$60,0),28),Limits!$B$9*Assets!$S2),MIN(Limits!$B$9*Assets!$S2,MAX(0,$F2-SUM($I2:AI2)))),IF($E2=1,$F2-$I2,$H2)*INDEX(Rates!$C$2:$AP$60,MATCH($B2,Rates!$A$2:$A$60,0),28))) | AK2: =IF($B2="",0,IF($D2=1,IF(29<=$C2,MIN(IF($E2=1,$F2-$I2,$H2)*INDEX(Rates!$C$2:$AP$60,MATCH($B2,Rates!$A$2:$A$60,0),29),Limits!$B$9*Assets!$S2),MIN(Limits!$B$9*Assets!$S2,MAX(0,$F2-SUM($I2:AJ2)))),IF($E2=1,$F2-$I2,$H2)*INDEX(Rates!$C$2:$AP$60,MATCH($B2,Rates!$A$2:$A$60,0),29))) | AL2: =IF($B2="",0,IF($D2=1,IF(30<=$C2,MIN(IF($E2=1,$F2-$I2,$H2)*INDEX(Rates!$C$2:$AP$60,MATCH($B2,Rates!$A$2:$A$60,0),30),Limits!$B$9*Assets!$S2),MIN(Limits!$B$9*Assets!$S2,MAX(0,$F2-SUM($I2:AK2)))),IF($E2=1,$F2-$I2,$H2)*INDEX(Rates!$C$2:$AP$60,MATCH($B2,Rates!$A$2:$A$60,0),30))) | AM2: =IF($B2="",0,IF($D2=1,IF(31<=$C2,MIN(IF($E2=1,$F2-$I2,$H2)*INDEX(Rates!$C$2:$AP$60,MATCH($B2,Rates!$A$2:$A$60,0),31),Limits!$B$9*Assets!$S2),MIN(Limits!$B$9*Assets!$S2,MAX(0,$F2-SUM($I2:AL2)))),IF($E2=1,$F2-$I2,$H2)*INDEX(Rates!$C$2:$AP$60,MATCH($B2,Rates!$A$2:$A$60,0),31))) | AN2: =IF($B2="",0,IF($D2=1,IF(32<=$C2,MIN(IF($E2=1,$F2-$I2,$H2)*INDEX(Rates!$C$2:$AP$60,MATCH($B2,Rates!$A$2:$A$60,0),32),Limits!$B$9*Assets!$S2),MIN(Limits!$B$9*Assets!$S2,MAX(0,$F2-SUM($I2:AM2)))),IF($E2=1,$F2-$I2,$H2)*INDEX(Rates!$C$2:$AP$60,MATCH($B2,Rates!$A$2:$A$60,0),32))) | AO2: =IF($B2="",0,IF($D2=1,IF(33<=$C2,MIN(IF($E2=1,$F2-$I2,$H2)*INDEX(Rates!$C$2:$AP$60,MATCH($B2,Rates!$A$2:$A$60,0),33),Limits!$B$9*Assets!$S2),MIN(Limits!$B$9*Assets!$S2,MAX(0,$F2-SUM($I2:AN2)))),IF($E2=1,$F2-$I2,$H2)*INDEX(Rates!$C$2:$AP$60,MATCH($B2,Rates!$A$2:$A$60,0),33))) | AP2: =IF($B2="",0,IF($D2=1,IF(34<=$C2,MIN(IF($E2=1,$F2-$I2,$H2)*INDEX(Rates!$C$2:$AP$60,MATCH($B2,Rates!$A$2:$A$60,0),34),Limits!$B$9*Assets!$S2),MIN(Limits!$B$9*Assets!$S2,MAX(0,$F2-SUM($I2:AO2)))),IF($E2=1,$F2-$I2,$H2)*INDEX(Rates!$C$2:$AP$60,MATCH($B2,Rates!$A$2:$A$60,0),34))) | AQ2: =IF($B2="",0,IF($D2=1,IF(35<=$C2,MIN(IF($E2=1,$F2-$I2,$H2)*INDEX(Rates!$C$2:$AP$60,MATCH($B2,Rates!$A$2:$A$60,0),35),Limits!$B$9*Assets!$S2),MIN(Limits!$B$9*Assets!$S2,MAX(0,$F2-SUM($I2:AP2)))),IF($E2=1,$F2-$I2,$H2)*INDEX(Rates!$C$2:$AP$60,MATCH($B2,Rates!$A$2:$A$60,0),35))) | AR2: =IF($B2="",0,IF($D2=1,IF(36<=$C2,MIN(IF($E2=1,$F2-$I2,$H2)*INDEX(Rates!$C$2:$AP$60,MATCH($B2,Rates!$A$2:$A$60,0),36),Limits!$B$9*Assets!$S2),MIN(Limits!$B$9*Assets!$S2,MAX(0,$F2-SUM($I2:AQ2)))),IF($E2=1,$F2-$I2,$H2)*INDEX(Rates!$C$2:$AP$60,MATCH($B2,Rates!$A$2:$A$60,0),36))) | AS2: =IF($B2="",0,IF($D2=1,IF(37<=$C2,MIN(IF($E2=1,$F2-$I2,$H2)*INDEX(Rates!$C$2:$AP$60,MATCH($B2,Rates!$A$2:$A$60,0),37),Limits!$B$9*Assets!$S2),MIN(Limits!$B$9*Assets!$S2,MAX(0,$F2-SUM($I2:AR2)))),IF($E2=1,$F2-$I2,$H2)*INDEX(Rates!$C$2:$AP$60,MATCH($B2,Rates!$A$2:$A$60,0),37))) | AT2: =IF($B2="",0,IF($D2=1,IF(38<=$C2,MIN(IF($E2=1,$F2-$I2,$H2)*INDEX(Rates!$C$2:$AP$60,MATCH($B2,Rates!$A$2:$A$60,0),38),Limits!$B$9*Assets!$S2),MIN(Limits!$B$9*Assets!$S2,MAX(0,$F2-SUM($I2:AS2)))),IF($E2=1,$F2-$I2,$H2)*INDEX(Rates!$C$2:$AP$60,MATCH($B2,Rates!$A$2:$A$60,0),38))) | AU2: =IF($B2="",0,IF($D2=1,IF(39<=$C2,MIN(IF($E2=1,$F2-$I2,$H2)*INDEX(Rates!$C$2:$AP$60,MATCH($B2,Rates!$A$2:$A$60,0),39),Limits!$B$9*Assets!$S2),MIN(Limits!$B$9*Assets!$S2,MAX(0,$F2-SUM($I2:AT2)))),IF($E2=1,$F2-$I2,$H2)*INDEX(Rates!$C$2:$AP$60,MATCH($B2,Rates!$A$2:$A$60,0),39))) | AV2: =IF($B2="",0,IF($D2=1,IF(40<=$C2,MIN(IF($E2=1,$F2-$I2,$H2)*INDEX(Rates!$C$2:$AP$60,MATCH($B2,Rates!$A$2:$A$60,0),40),Limits!$B$9*Assets!$S2),MIN(Limits!$B$9*Assets!$S2,MAX(0,$F2-SUM($I2:AU2)))),IF($E2=1,$F2-$I2,$H2)*INDEX(Rates!$C$2:$AP$60,MATCH($B2,Rates!$A$2:$A$60,0),40)))
A3: =IF(Assets!A3="","",Assets!A3) | B3: =Assets!AD3 | C3: =IF(B3="",0,INDEX(Rates!$B$2:$B$60,MATCH(B3,Rates!$A$2:$A$60,0))) | D3: =Assets!X3 | E3: =IF(AND(D3=1,Assets!J3=1,Assets!K3=0),1,0) | F3: =Assets!T3 | G3: =Assets!AF3+Assets!L3 | H3: =Assets!M3 | I3: =IF($B3="",0,IF($D3=1,IF(1<=$C3,MIN($G3+$H3*INDEX(Rates!$C$2:$AP$60,MATCH($B3,Rates!$A$2:$A$60,0),1),Assets!$Z3),MIN($G3+$H3*INDEX(Rates!$C$2:$AP$60,MATCH($B3,Rates!$A$2:$A$60,0),1),Assets!$Z3)),$G3+$H3*INDEX(Rates!$C$2:$AP$60,MATCH($B3,Rates!$A$2:$A$60,0),1))) | J3: =IF($B3="",0,IF($D3=1,IF(2<=$C3,MIN(IF($E3=1,$F3-$I3,$H3)*INDEX(Rates!$C$2:$AP$60,MATCH($B3,Rates!$A$2:$A$60,0),2),Limits!$B$7*Assets!$S3),MIN(Limits!$B$9*Assets!$S3,MAX(0,$F3-SUM($I3:I3)))),IF($E3=1,$F3-$I3,$H3)*INDEX(Rates!$C$2:$AP$60,MATCH($B3,Rates!$A$2:$A$60,0),2))) | K3: =IF($B3="",0,IF($D3=1,IF(3<=$C3,MIN(IF($E3=1,$F3-$I3,$H3)*INDEX(Rates!$C$2:$AP$60,MATCH($B3,Rates!$A$2:$A$60,0),3),Limits!$B$8*Assets!$S3),MIN(Limits!$B$9*Assets!$S3,MAX(0,$F3-SUM($I3:J3)))),IF($E3=1,$F3-$I3,$H3)*INDEX(Rates!$C$2:$AP$60,MATCH($B3,Rates!$A$2:$A$60,0),3))) | L3: =IF($B3="",0,IF($D3=1,IF(4<=$C3,MIN(IF($E3=1,$F3-$I3,$H3)*INDEX(Rates!$C$2:$AP$60,MATCH($B3,Rates!$A$2:$A$60,0),4),Limits!$B$9*Assets!$S3),MIN(Limits!$B$9*Assets!$S3,MAX(0,$F3-SUM($I3:K3)))),IF($E3=1,$F3-$I3,$H3)*INDEX(Rates!$C$2:$AP$60,MATCH($B3,Rates!$A$2:$A$60,0),4))) | M3: =IF($B3="",0,IF($D3=1,IF(5<=$C3,MIN(IF($E3=1,$F3-$I3,$H3)*INDEX(Rates!$C$2:$AP$60,MATCH($B3,Rates!$A$2:$A$60,0),5),Limits!$B$9*Assets!$S3),MIN(Limits!$B$9*Assets!$S3,MAX(0,$F3-SUM($I3:L3)))),IF($E3=1,$F3-$I3,$H3)*INDEX(Rates!$C$2:$AP$60,MATCH($B3,Rates!$A$2:$A$60,0),5))) | N3: =IF($B3="",0,IF($D3=1,IF(6<=$C3,MIN(IF($E3=1,$F3-$I3,$H3)*INDEX(Rates!$C$2:$AP$60,MATCH($B3,Rates!$A$2:$A$60,0),6),Limits!$B$9*Assets!$S3),MIN(Limits!$B$9*Assets!$S3,MAX(0,$F3-SUM($I3:M3)))),IF($E3=1,$F3-$I3,$H3)*INDEX(Rates!$C$2:$AP$60,MATCH($B3,Rates!$A$2:$A$60,0),6))) | O3: =IF($B3="",0,IF($D3=1,IF(7<=$C3,MIN(IF($E3=1,$F3-$I3,$H3)*INDEX(Rates!$C$2:$AP$60,MATCH($B3,Rates!$A$2:$A$60,0),7),Limits!$B$9*Assets!$S3),MIN(Limits!$B$9*Assets!$S3,MAX(0,$F3-SUM($I3:N3)))),IF($E3=1,$F3-$I3,$H3)*INDEX(Rates!$C$2:$AP$60,MATCH($B3,Rates!$A$2:$A$60,0),7))) | P3: =IF($B3="",0,IF($D3=1,IF(8<=$C3,MIN(IF($E3=1,$F3-$I3,$H3)*INDEX(Rates!$C$2:$AP$60,MATCH($B3,Rates!$A$2:$A$60,0),8),Limits!$B$9*Assets!$S3),MIN(Limits!$B$9*Assets!$S3,MAX(0,$F3-SUM($I3:O3)))),IF($E3=1,$F3-$I3,$H3)*INDEX(Rates!$C$2:$AP$60,MATCH($B3,Rates!$A$2:$A$60,0),8))) | Q3: =IF($B3="",0,IF($D3=1,IF(9<=$C3,MIN(IF($E3=1,$F3-$I3,$H3)*INDEX(Rates!$C$2:$AP$60,MATCH($B3,Rates!$A$2:$A$60,0),9),Limits!$B$9*Assets!$S3),MIN(Limits!$B$9*Assets!$S3,MAX(0,$F3-SUM($I3:P3)))),IF($E3=1,$F3-$I3,$H3)*INDEX(Rates!$C$2:$AP$60,MATCH($B3,Rates!$A$2:$A$60,0),9))) | R3: =IF($B3="",0,IF($D3=1,IF(10<=$C3,MIN(IF($E3=1,$F3-$I3,$H3)*INDEX(Rates!$C$2:$AP$60,MATCH($B3,Rates!$A$2:$A$60,0),10),Limits!$B$9*Assets!$S3),MIN(Limits!$B$9*Assets!$S3,MAX(0,$F3-SUM($I3:Q3)))),IF($E3=1,$F3-$I3,$H3)*INDEX(Rates!$C$2:$AP$60,MATCH($B3,Rates!$A$2:$A$60,0),10))) | S3: =IF($B3="",0,IF($D3=1,IF(11<=$C3,MIN(IF($E3=1,$F3-$I3,$H3)*INDEX(Rates!$C$2:$AP$60,MATCH($B3,Rates!$A$2:$A$60,0),11),Limits!$B$9*Assets!$S3),MIN(Limits!$B$9*Assets!$S3,MAX(0,$F3-SUM($I3:R3)))),IF($E3=1,$F3-$I3,$H3)*INDEX(Rates!$C$2:$AP$60,MATCH($B3,Rates!$A$2:$A$60,0),11))) | T3: =IF($B3="",0,IF($D3=1,IF(12<=$C3,MIN(IF($E3=1,$F3-$I3,$H3)*INDEX(Rates!$C$2:$AP$60,MATCH($B3,Rates!$A$2:$A$60,0),12),Limits!$B$9*Assets!$S3),MIN(Limits!$B$9*Assets!$S3,MAX(0,$F3-SUM($I3:S3)))),IF($E3=1,$F3-$I3,$H3)*INDEX(Rates!$C$2:$AP$60,MATCH($B3,Rates!$A$2:$A$60,0),12))) | U3: =IF($B3="",0,IF($D3=1,IF(13<=$C3,MIN(IF($E3=1,$F3-$I3,$H3)*INDEX(Rates!$C$2:$AP$60,MATCH($B3,Rates!$A$2:$A$60,0),13),Limits!$B$9*Assets!$S3),MIN(Limits!$B$9*Assets!$S3,MAX(0,$F3-SUM($I3:T3)))),IF($E3=1,$F3-$I3,$H3)*INDEX(Rates!$C$2:$AP$60,MATCH($B3,Rates!$A$2:$A$60,0),13))) | V3: =IF($B3="",0,IF($D3=1,IF(14<=$C3,MIN(IF($E3=1,$F3-$I3,$H3)*INDEX(Rates!$C$2:$AP$60,MATCH($B3,Rates!$A$2:$A$60,0),14),Limits!$B$9*Assets!$S3),MIN(Limits!$B$9*Assets!$S3,MAX(0,$F3-SUM($I3:U3)))),IF($E3=1,$F3-$I3,$H3)*INDEX(Rates!$C$2:$AP$60,MATCH($B3,Rates!$A$2:$A$60,0),14))) | W3: =IF($B3="",0,IF($D3=1,IF(15<=$C3,MIN(IF($E3=1,$F3-$I3,$H3)*INDEX(Rates!$C$2:$AP$60,MATCH($B3,Rates!$A$2:$A$60,0),15),Limits!$B$9*Assets!$S3),MIN(Limits!$B$9*Assets!$S3,MAX(0,$F3-SUM($I3:V3)))),IF($E3=1,$F3-$I3,$H3)*INDEX(Rates!$C$2:$AP$60,MATCH($B3,Rates!$A$2:$A$60,0),15))) | X3: =IF($B3="",0,IF($D3=1,IF(16<=$C3,MIN(IF($E3=1,$F3-$I3,$H3)*INDEX(Rates!$C$2:$AP$60,MATCH($B3,Rates!$A$2:$A$60,0),16),Limits!$B$9*Assets!$S3),MIN(Limits!$B$9*Assets!$S3,MAX(0,$F3-SUM($I3:W3)))),IF($E3=1,$F3-$I3,$H3)*INDEX(Rates!$C$2:$AP$60,MATCH($B3,Rates!$A$2:$A$60,0),16))) | Y3: =IF($B3="",0,IF($D3=1,IF(17<=$C3,MIN(IF($E3=1,$F3-$I3,$H3)*INDEX(Rates!$C$2:$AP$60,MATCH($B3,Rates!$A$2:$A$60,0),17),Limits!$B$9*Assets!$S3),MIN(Limits!$B$9*Assets!$S3,MAX(0,$F3-SUM($I3:X3)))),IF($E3=1,$F3-$I3,$H3)*INDEX(Rates!$C$2:$AP$60,MATCH($B3,Rates!$A$2:$A$60,0),17))) | Z3: =IF($B3="",0,IF($D3=1,IF(18<=$C3,MIN(IF($E3=1,$F3-$I3,$H3)*INDEX(Rates!$C$2:$AP$60,MATCH($B3,Rates!$A$2:$A$60,0),18),Limits!$B$9*Assets!$S3),MIN(Limits!$B$9*Assets!$S3,MAX(0,$F3-SUM($I3:Y3)))),IF($E3=1,$F3-$I3,$H3)*INDEX(Rates!$C$2:$AP$60,MATCH($B3,Rates!$A$2:$A$60,0),18))) | AA3: =IF($B3="",0,IF($D3=1,IF(19<=$C3,MIN(IF($E3=1,$F3-$I3,$H3)*INDEX(Rates!$C$2:$AP$60,MATCH($B3,Rates!$A$2:$A$60,0),19),Limits!$B$9*Assets!$S3),MIN(Limits!$B$9*Assets!$S3,MAX(0,$F3-SUM($I3:Z3)))),IF($E3=1,$F3-$I3,$H3)*INDEX(Rates!$C$2:$AP$60,MATCH($B3,Rates!$A$2:$A$60,0),19))) | AB3: =IF($B3="",0,IF($D3=1,IF(20<=$C3,MIN(IF($E3=1,$F3-$I3,$H3)*INDEX(Rates!$C$2:$AP$60,MATCH($B3,Rates!$A$2:$A$60,0),20),Limits!$B$9*Assets!$S3),MIN(Limits!$B$9*Assets!$S3,MAX(0,$F3-SUM($I3:AA3)))),IF($E3=1,$F3-$I3,$H3)*INDEX(Rates!$C$2:$AP$60,MATCH($B3,Rates!$A$2:$A$60,0),20))) | AC3: =IF($B3="",0,IF($D3=1,IF(21<=$C3,MIN(IF($E3=1,$F3-$I3,$H3)*INDEX(Rates!$C$2:$AP$60,MATCH($B3,Rates!$A$2:$A$60,0),21),Limits!$B$9*Assets!$S3),MIN(Limits!$B$9*Assets!$S3,MAX(0,$F3-SUM($I3:AB3)))),IF($E3=1,$F3-$I3,$H3)*INDEX(Rates!$C$2:$AP$60,MATCH($B3,Rates!$A$2:$A$60,0),21))) | AD3: =IF($B3="",0,IF($D3=1,IF(22<=$C3,MIN(IF($E3=1,$F3-$I3,$H3)*INDEX(Rates!$C$2:$AP$60,MATCH($B3,Rates!$A$2:$A$60,0),22),Limits!$B$9*Assets!$S3),MIN(Limits!$B$9*Assets!$S3,MAX(0,$F3-SUM($I3:AC3)))),IF($E3=1,$F3-$I3,$H3)*INDEX(Rates!$C$2:$AP$60,MATCH($B3,Rates!$A$2:$A$60,0),22))) | AE3: =IF($B3="",0,IF($D3=1,IF(23<=$C3,MIN(IF($E3=1,$F3-$I3,$H3)*INDEX(Rates!$C$2:$AP$60,MATCH($B3,Rates!$A$2:$A$60,0),23),Limits!$B$9*Assets!$S3),MIN(Limits!$B$9*Assets!$S3,MAX(0,$F3-SUM($I3:AD3)))),IF($E3=1,$F3-$I3,$H3)*INDEX(Rates!$C$2:$AP$60,MATCH($B3,Rates!$A$2:$A$60,0),23))) | AF3: =IF($B3="",0,IF($D3=1,IF(24<=$C3,MIN(IF($E3=1,$F3-$I3,$H3)*INDEX(Rates!$C$2:$AP$60,MATCH($B3,Rates!$A$2:$A$60,0),24),Limits!$B$9*Assets!$S3),MIN(Limits!$B$9*Assets!$S3,MAX(0,$F3-SUM($I3:AE3)))),IF($E3=1,$F3-$I3,$H3)*INDEX(Rates!$C$2:$AP$60,MATCH($B3,Rates!$A$2:$A$60,0),24))) | AG3: =IF($B3="",0,IF($D3=1,IF(25<=$C3,MIN(IF($E3=1,$F3-$I3,$H3)*INDEX(Rates!$C$2:$AP$60,MATCH($B3,Rates!$A$2:$A$60,0),25),Limits!$B$9*Assets!$S3),MIN(Limits!$B$9*Assets!$S3,MAX(0,$F3-SUM($I3:AF3)))),IF($E3=1,$F3-$I3,$H3)*INDEX(Rates!$C$2:$AP$60,MATCH($B3,Rates!$A$2:$A$60,0),25))) | AH3: =IF($B3="",0,IF($D3=1,IF(26<=$C3,MIN(IF($E3=1,$F3-$I3,$H3)*INDEX(Rates!$C$2:$AP$60,MATCH($B3,Rates!$A$2:$A$60,0),26),Limits!$B$9*Assets!$S3),MIN(Limits!$B$9*Assets!$S3,MAX(0,$F3-SUM($I3:AG3)))),IF($E3=1,$F3-$I3,$H3)*INDEX(Rates!$C$2:$AP$60,MATCH($B3,Rates!$A$2:$A$60,0),26))) | AI3: =IF($B3="",0,IF($D3=1,IF(27<=$C3,MIN(IF($E3=1,$F3-$I3,$H3)*INDEX(Rates!$C$2:$AP$60,MATCH($B3,Rates!$A$2:$A$60,0),27),Limits!$B$9*Assets!$S3),MIN(Limits!$B$9*Assets!$S3,MAX(0,$F3-SUM($I3:AH3)))),IF($E3=1,$F3-$I3,$H3)*INDEX(Rates!$C$2:$AP$60,MATCH($B3,Rates!$A$2:$A$60,0),27))) | AJ3: =IF($B3="",0,IF($D3=1,IF(28<=$C3,MIN(IF($E3=1,$F3-$I3,$H3)*INDEX(Rates!$C$2:$AP$60,MATCH($B3,Rates!$A$2:$A$60,0),28),Limits!$B$9*Assets!$S3),MIN(Limits!$B$9*Assets!$S3,MAX(0,$F3-SUM($I3:AI3)))),IF($E3=1,$F3-$I3,$H3)*INDEX(Rates!$C$2:$AP$60,MATCH($B3,Rates!$A$2:$A$60,0),28))) | AK3: =IF($B3="",0,IF($D3=1,IF(29<=$C3,MIN(IF($E3=1,$F3-$I3,$H3)*INDEX(Rates!$C$2:$AP$60,MATCH($B3,Rates!$A$2:$A$60,0),29),Limits!$B$9*Assets!$S3),MIN(Limits!$B$9*Assets!$S3,MAX(0,$F3-SUM($I3:AJ3)))),IF($E3=1,$F3-$I3,$H3)*INDEX(Rates!$C$2:$AP$60,MATCH($B3,Rates!$A$2:$A$60,0),29))) | AL3: =IF($B3="",0,IF($D3=1,IF(30<=$C3,MIN(IF($E3=1,$F3-$I3,$H3)*INDEX(Rates!$C$2:$AP$60,MATCH($B3,Rates!$A$2:$A$60,0),30),Limits!$B$9*Assets!$S3),MIN(Limits!$B$9*Assets!$S3,MAX(0,$F3-SUM($I3:AK3)))),IF($E3=1,$F3-$I3,$H3)*INDEX(Rates!$C$2:$AP$60,MATCH($B3,Rates!$A$2:$A$60,0),30))) | AM3: =IF($B3="",0,IF($D3=1,IF(31<=$C3,MIN(IF($E3=1,$F3-$I3,$H3)*INDEX(Rates!$C$2:$AP$60,MATCH($B3,Rates!$A$2:$A$60,0),31),Limits!$B$9*Assets!$S3),MIN(Limits!$B$9*Assets!$S3,MAX(0,$F3-SUM($I3:AL3)))),IF($E3=1,$F3-$I3,$H3)*INDEX(Rates!$C$2:$AP$60,MATCH($B3,Rates!$A$2:$A$60,0),31))) | AN3: =IF($B3="",0,IF($D3=1,IF(32<=$C3,MIN(IF($E3=1,$F3-$I3,$H3)*INDEX(Rates!$C$2:$AP$60,MATCH($B3,Rates!$A$2:$A$60,0),32),Limits!$B$9*Assets!$S3),MIN(Limits!$B$9*Assets!$S3,MAX(0,$F3-SUM($I3:AM3)))),IF($E3=1,$F3-$I3,$H3)*INDEX(Rates!$C$2:$AP$60,MATCH($B3,Rates!$A$2:$A$60,0),32))) | AO3: =IF($B3="",0,IF($D3=1,IF(33<=$C3,MIN(IF($E3=1,$F3-$I3,$H3)*INDEX(Rates!$C$2:$AP$60,MATCH($B3,Rates!$A$2:$A$60,0),33),Limits!$B$9*Assets!$S3),MIN(Limits!$B$9*Assets!$S3,MAX(0,$F3-SUM($I3:AN3)))),IF($E3=1,$F3-$I3,$H3)*INDEX(Rates!$C$2:$AP$60,MATCH($B3,Rates!$A$2:$A$60,0),33))) | AP3: =IF($B3="",0,IF($D3=1,IF(34<=$C3,MIN(IF($E3=1,$F3-$I3,$H3)*INDEX(Rates!$C$2:$AP$60,MATCH($B3,Rates!$A$2:$A$60,0),34),Limits!$B$9*Assets!$S3),MIN(Limits!$B$9*Assets!$S3,MAX(0,$F3-SUM($I3:AO3)))),IF($E3=1,$F3-$I3,$H3)*INDEX(Rates!$C$2:$AP$60,MATCH($B3,Rates!$A$2:$A$60,0),34))) | AQ3: =IF($B3="",0,IF($D3=1,IF(35<=$C3,MIN(IF($E3=1,$F3-$I3,$H3)*INDEX(Rates!$C$2:$AP$60,MATCH($B3,Rates!$A$2:$A$60,0),35),Limits!$B$9*Assets!$S3),MIN(Limits!$B$9*Assets!$S3,MAX(0,$F3-SUM($I3:AP3)))),IF($E3=1,$F3-$I3,$H3)*INDEX(Rates!$C$2:$AP$60,MATCH($B3,Rates!$A$2:$A$60,0),35))) | AR3: =IF($B3="",0,IF($D3=1,IF(36<=$C3,MIN(IF($E3=1,$F3-$I3,$H3)*INDEX(Rates!$C$2:$AP$60,MATCH($B3,Rates!$A$2:$A$60,0),36),Limits!$B$9*Assets!$S3),MIN(Limits!$B$9*Assets!$S3,MAX(0,$F3-SUM($I3:AQ3)))),IF($E3=1,$F3-$I3,$H3)*INDEX(Rates!$C$2:$AP$60,MATCH($B3,Rates!$A$2:$A$60,0),36))) | AS3: =IF($B3="",0,IF($D3=1,IF(37<=$C3,MIN(IF($E3=1,$F3-$I3,$H3)*INDEX(Rates!$C$2:$AP$60,MATCH($B3,Rates!$A$2:$A$60,0),37),Limits!$B$9*Assets!$S3),MIN(Limits!$B$9*Assets!$S3,MAX(0,$F3-SUM($I3:AR3)))),IF($E3=1,$F3-$I3,$H3)*INDEX(Rates!$C$2:$AP$60,MATCH($B3,Rates!$A$2:$A$60,0),37))) | AT3: =IF($B3="",0,IF($D3=1,IF(38<=$C3,MIN(IF($E3=1,$F3-$I3,$H3)*INDEX(Rates!$C$2:$AP$60,MATCH($B3,Rates!$A$2:$A$60,0),38),Limits!$B$9*Assets!$S3),MIN(Limits!$B$9*Assets!$S3,MAX(0,$F3-SUM($I3:AS3)))),IF($E3=1,$F3-$I3,$H3)*INDEX(Rates!$C$2:$AP$60,MATCH($B3,Rates!$A$2:$A$60,0),38))) | AU3: =IF($B3="",0,IF($D3=1,IF(39<=$C3,MIN(IF($E3=1,$F3-$I3,$H3)*INDEX(Rates!$C$2:$AP$60,MATCH($B3,Rates!$A$2:$A$60,0),39),Limits!$B$9*Assets!$S3),MIN(Limits!$B$9*Assets!$S3,MAX(0,$F3-SUM($I3:AT3)))),IF($E3=1,$F3-$I3,$H3)*INDEX(Rates!$C$2:$AP$60,MATCH($B3,Rates!$A$2:$A$60,0),39))) | AV3: =IF($B3="",0,IF($D3=1,IF(40<=$C3,MIN(IF($E3=1,$F3-$I3,$H3)*INDEX(Rates!$C$2:$AP$60,MATCH($B3,Rates!$A$2:$A$60,0),40),Limits!$B$9*Assets!$S3),MIN(Limits!$B$9*Assets!$S3,MAX(0,$F3-SUM($I3:AU3)))),IF($E3=1,$F3-$I3,$H3)*INDEX(Rates!$C$2:$AP$60,MATCH($B3,Rates!$A$2:$A$60,0),40)))
A4: =IF(Assets!A4="","",Assets!A4) | B4: =Assets!AD4 | C4: =IF(B4="",0,INDEX(Rates!$B$2:$B$60,MATCH(B4,Rates!$A$2:$A$60,0))) | D4: =Assets!X4 | E4: =IF(AND(D4=1,Assets!J4=1,Assets!K4=0),1,0) | F4: =Assets!T4 | G4: =Assets!AF4+Assets!L4 | H4: =Assets!M4 | I4: =IF($B4="",0,IF($D4=1,IF(1<=$C4,MIN($G4+$H4*INDEX(Rates!$C$2:$AP$60,MATCH($B4,Rates!$A$2:$A$60,0),1),Assets!$Z4),MIN($G4+$H4*INDEX(Rates!$C$2:$AP$60,MATCH($B4,Rates!$A$2:$A$60,0),1),Assets!$Z4)),$G4+$H4*INDEX(Rates!$C$2:$AP$60,MATCH($B4,Rates!$A$2:$A$60,0),1))) | J4: =IF($B4="",0,IF($D4=1,IF(2<=$C4,MIN(IF($E4=1,$F4-$I4,$H4)*INDEX(Rates!$C$2:$AP$60,MATCH($B4,Rates!$A$2:$A$60,0),2),Limits!$B$7*Assets!$S4),MIN(Limits!$B$9*Assets!$S4,MAX(0,$F4-SUM($I4:I4)))),IF($E4=1,$F4-$I4,$H4)*INDEX(Rates!$C$2:$AP$60,MATCH($B4,Rates!$A$2:$A$60,0),2))) | K4: =IF($B4="",0,IF($D4=1,IF(3<=$C4,MIN(IF($E4=1,$F4-$I4,$H4)*INDEX(Rates!$C$2:$AP$60,MATCH($B4,Rates!$A$2:$A$60,0),3),Limits!$B$8*Assets!$S4),MIN(Limits!$B$9*Assets!$S4,MAX(0,$F4-SUM($I4:J4)))),IF($E4=1,$F4-$I4,$H4)*INDEX(Rates!$C$2:$AP$60,MATCH($B4,Rates!$A$2:$A$60,0),3))) | L4: =IF($B4="",0,IF($D4=1,IF(4<=$C4,MIN(IF($E4=1,$F4-$I4,$H4)*INDEX(Rates!$C$2:$AP$60,MATCH($B4,Rates!$A$2:$A$60,0),4),Limits!$B$9*Assets!$S4),MIN(Limits!$B$9*Assets!$S4,MAX(0,$F4-SUM($I4:K4)))),IF($E4=1,$F4-$I4,$H4)*INDEX(Rates!$C$2:$AP$60,MATCH($B4,Rates!$A$2:$A$60,0),4))) | M4: =IF($B4="",0,IF($D4=1,IF(5<=$C4,MIN(IF($E4=1,$F4-$I4,$H4)*INDEX(Rates!$C$2:$AP$60,MATCH($B4,Rates!$A$2:$A$60,0),5),Limits!$B$9*Assets!$S4),MIN(Limits!$B$9*Assets!$S4,MAX(0,$F4-SUM($I4:L4)))),IF($E4=1,$F4-$I4,$H4)*INDEX(Rates!$C$2:$AP$60,MATCH($B4,Rates!$A$2:$A$60,0),5))) | N4: =IF($B4="",0,IF($D4=1,IF(6<=$C4,MIN(IF($E4=1,$F4-$I4,$H4)*INDEX(Rates!$C$2:$AP$60,MATCH($B4,Rates!$A$2:$A$60,0),6),Limits!$B$9*Assets!$S4),MIN(Limits!$B$9*Assets!$S4,MAX(0,$F4-SUM($I4:M4)))),IF($E4=1,$F4-$I4,$H4)*INDEX(Rates!$C$2:$AP$60,MATCH($B4,Rates!$A$2:$A$60,0),6))) | O4: =IF($B4="",0,IF($D4=1,IF(7<=$C4,MIN(IF($E4=1,$F4-$I4,$H4)*INDEX(Rates!$C$2:$AP$60,MATCH($B4,Rates!$A$2:$A$60,0),7),Limits!$B$9*Assets!$S4),MIN(Limits!$B$9*Assets!$S4,MAX(0,$F4-SUM($I4:N4)))),IF($E4=1,$F4-$I4,$H4)*INDEX(Rates!$C$2:$AP$60,MATCH($B4,Rates!$A$2:$A$60,0),7))) | P4: =IF($B4="",0,IF($D4=1,IF(8<=$C4,MIN(IF($E4=1,$F4-$I4,$H4)*INDEX(Rates!$C$2:$AP$60,MATCH($B4,Rates!$A$2:$A$60,0),8),Limits!$B$9*Assets!$S4),MIN(Limits!$B$9*Assets!$S4,MAX(0,$F4-SUM($I4:O4)))),IF($E4=1,$F4-$I4,$H4)*INDEX(Rates!$C$2:$AP$60,MATCH($B4,Rates!$A$2:$A$60,0),8))) | Q4: =IF($B4="",0,IF($D4=1,IF(9<=$C4,MIN(IF($E4=1,$F4-$I4,$H4)*INDEX(Rates!$C$2:$AP$60,MATCH($B4,Rates!$A$2:$A$60,0),9),Limits!$B$9*Assets!$S4),MIN(Limits!$B$9*Assets!$S4,MAX(0,$F4-SUM($I4:P4)))),IF($E4=1,$F4-$I4,$H4)*INDEX(Rates!$C$2:$AP$60,MATCH($B4,Rates!$A$2:$A$60,0),9))) | R4: =IF($B4="",0,IF($D4=1,IF(10<=$C4,MIN(IF($E4=1,$F4-$I4,$H4)*INDEX(Rates!$C$2:$AP$60,MATCH($B4,Rates!$A$2:$A$60,0),10),Limits!$B$9*Assets!$S4),MIN(Limits!$B$9*Assets!$S4,MAX(0,$F4-SUM($I4:Q4)))),IF($E4=1,$F4-$I4,$H4)*INDEX(Rates!$C$2:$AP$60,MATCH($B4,Rates!$A$2:$A$60,0),10))) | S4: =IF($B4="",0,IF($D4=1,IF(11<=$C4,MIN(IF($E4=1,$F4-$I4,$H4)*INDEX(Rates!$C$2:$AP$60,MATCH($B4,Rates!$A$2:$A$60,0),11),Limits!$B$9*Assets!$S4),MIN(Limits!$B$9*Assets!$S4,MAX(0,$F4-SUM($I4:R4)))),IF($E4=1,$F4-$I4,$H4)*INDEX(Rates!$C$2:$AP$60,MATCH($B4,Rates!$A$2:$A$60,0),11))) | T4: =IF($B4="",0,IF($D4=1,IF(12<=$C4,MIN(IF($E4=1,$F4-$I4,$H4)*INDEX(Rates!$C$2:$AP$60,MATCH($B4,Rates!$A$2:$A$60,0),12),Limits!$B$9*Assets!$S4),MIN(Limits!$B$9*Assets!$S4,MAX(0,$F4-SUM($I4:S4)))),IF($E4=1,$F4-$I4,$H4)*INDEX(Rates!$C$2:$AP$60,MATCH($B4,Rates!$A$2:$A$60,0),12))) | U4: =IF($B4="",0,IF($D4=1,IF(13<=$C4,MIN(IF($E4=1,$F4-$I4,$H4)*INDEX(Rates!$C$2:$AP$60,MATCH($B4,Rates!$A$2:$A$60,0),13),Limits!$B$9*Assets!$S4),MIN(Limits!$B$9*Assets!$S4,MAX(0,$F4-SUM($I4:T4)))),IF($E4=1,$F4-$I4,$H4)*INDEX(Rates!$C$2:$AP$60,MATCH($B4,Rates!$A$2:$A$60,0),13))) | V4: =IF($B4="",0,IF($D4=1,IF(14<=$C4,MIN(IF($E4=1,$F4-$I4,$H4)*INDEX(Rates!$C$2:$AP$60,MATCH($B4,Rates!$A$2:$A$60,0),14),Limits!$B$9*Assets!$S4),MIN(Limits!$B$9*Assets!$S4,MAX(0,$F4-SUM($I4:U4)))),IF($E4=1,$F4-$I4,$H4)*INDEX(Rates!$C$2:$AP$60,MATCH($B4,Rates!$A$2:$A$60,0),14))) | W4: =IF($B4="",0,IF($D4=1,IF(15<=$C4,MIN(IF($E4=1,$F4-$I4,$H4)*INDEX(Rates!$C$2:$AP$60,MATCH($B4,Rates!$A$2:$A$60,0),15),Limits!$B$9*Assets!$S4),MIN(Limits!$B$9*Assets!$S4,MAX(0,$F4-SUM($I4:V4)))),IF($E4=1,$F4-$I4,$H4)*INDEX(Rates!$C$2:$AP$60,MATCH($B4,Rates!$A$2:$A$60,0),15))) | X4: =IF($B4="",0,IF($D4=1,IF(16<=$C4,MIN(IF($E4=1,$F4-$I4,$H4)*INDEX(Rates!$C$2:$AP$60,MATCH($B4,Rates!$A$2:$A$60,0),16),Limits!$B$9*Assets!$S4),MIN(Limits!$B$9*Assets!$S4,MAX(0,$F4-SUM($I4:W4)))),IF($E4=1,$F4-$I4,$H4)*INDEX(Rates!$C$2:$AP$60,MATCH($B4,Rates!$A$2:$A$60,0),16))) | Y4: =IF($B4="",0,IF($D4=1,IF(17<=$C4,MIN(IF($E4=1,$F4-$I4,$H4)*INDEX(Rates!$C$2:$AP$60,MATCH($B4,Rates!$A$2:$A$60,0),17),Limits!$B$9*Assets!$S4),MIN(Limits!$B$9*Assets!$S4,MAX(0,$F4-SUM($I4:X4)))),IF($E4=1,$F4-$I4,$H4)*INDEX(Rates!$C$2:$AP$60,MATCH($B4,Rates!$A$2:$A$60,0),17))) | Z4: =IF($B4="",0,IF($D4=1,IF(18<=$C4,MIN(IF($E4=1,$F4-$I4,$H4)*INDEX(Rates!$C$2:$AP$60,MATCH($B4,Rates!$A$2:$A$60,0),18),Limits!$B$9*Assets!$S4),MIN(Limits!$B$9*Assets!$S4,MAX(0,$F4-SUM($I4:Y4)))),IF($E4=1,$F4-$I4,$H4)*INDEX(Rates!$C$2:$AP$60,MATCH($B4,Rates!$A$2:$A$60,0),18))) | AA4: =IF($B4="",0,IF($D4=1,IF(19<=$C4,MIN(IF($E4=1,$F4-$I4,$H4)*INDEX(Rates!$C$2:$AP$60,MATCH($B4,Rates!$A$2:$A$60,0),19),Limits!$B$9*Assets!$S4),MIN(Limits!$B$9*Assets!$S4,MAX(0,$F4-SUM($I4:Z4)))),IF($E4=1,$F4-$I4,$H4)*INDEX(Rates!$C$2:$AP$60,MATCH($B4,Rates!$A$2:$A$60,0),19))) | AB4: =IF($B4="",0,IF($D4=1,IF(20<=$C4,MIN(IF($E4=1,$F4-$I4,$H4)*INDEX(Rates!$C$2:$AP$60,MATCH($B4,Rates!$A$2:$A$60,0),20),Limits!$B$9*Assets!$S4),MIN(Limits!$B$9*Assets!$S4,MAX(0,$F4-SUM($I4:AA4)))),IF($E4=1,$F4-$I4,$H4)*INDEX(Rates!$C$2:$AP$60,MATCH($B4,Rates!$A$2:$A$60,0),20))) | AC4: =IF($B4="",0,IF($D4=1,IF(21<=$C4,MIN(IF($E4=1,$F4-$I4,$H4)*INDEX(Rates!$C$2:$AP$60,MATCH($B4,Rates!$A$2:$A$60,0),21),Limits!$B$9*Assets!$S4),MIN(Limits!$B$9*Assets!$S4,MAX(0,$F4-SUM($I4:AB4)))),IF($E4=1,$F4-$I4,$H4)*INDEX(Rates!$C$2:$AP$60,MATCH($B4,Rates!$A$2:$A$60,0),21))) | AD4: =IF($B4="",0,IF($D4=1,IF(22<=$C4,MIN(IF($E4=1,$F4-$I4,$H4)*INDEX(Rates!$C$2:$AP$60,MATCH($B4,Rates!$A$2:$A$60,0),22),Limits!$B$9*Assets!$S4),MIN(Limits!$B$9*Assets!$S4,MAX(0,$F4-SUM($I4:AC4)))),IF($E4=1,$F4-$I4,$H4)*INDEX(Rates!$C$2:$AP$60,MATCH($B4,Rates!$A$2:$A$60,0),22))) | AE4: =IF($B4="",0,IF($D4=1,IF(23<=$C4,MIN(IF($E4=1,$F4-$I4,$H4)*INDEX(Rates!$C$2:$AP$60,MATCH($B4,Rates!$A$2:$A$60,0),23),Limits!$B$9*Assets!$S4),MIN(Limits!$B$9*Assets!$S4,MAX(0,$F4-SUM($I4:AD4)))),IF($E4=1,$F4-$I4,$H4)*INDEX(Rates!$C$2:$AP$60,MATCH($B4,Rates!$A$2:$A$60,0),23))) | AF4: =IF($B4="",0,IF($D4=1,IF(24<=$C4,MIN(IF($E4=1,$F4-$I4,$H4)*INDEX(Rates!$C$2:$AP$60,MATCH($B4,Rates!$A$2:$A$60,0),24),Limits!$B$9*Assets!$S4),MIN(Limits!$B$9*Assets!$S4,MAX(0,$F4-SUM($I4:AE4)))),IF($E4=1,$F4-$I4,$H4)*INDEX(Rates!$C$2:$AP$60,MATCH($B4,Rates!$A$2:$A$60,0),24))) | AG4: =IF($B4="",0,IF($D4=1,IF(25<=$C4,MIN(IF($E4=1,$F4-$I4,$H4)*INDEX(Rates!$C$2:$AP$60,MATCH($B4,Rates!$A$2:$A$60,0),25),Limits!$B$9*Assets!$S4),MIN(Limits!$B$9*Assets!$S4,MAX(0,$F4-SUM($I4:AF4)))),IF($E4=1,$F4-$I4,$H4)*INDEX(Rates!$C$2:$AP$60,MATCH($B4,Rates!$A$2:$A$60,0),25))) | AH4: =IF($B4="",0,IF($D4=1,IF(26<=$C4,MIN(IF($E4=1,$F4-$I4,$H4)*INDEX(Rates!$C$2:$AP$60,MATCH($B4,Rates!$A$2:$A$60,0),26),Limits!$B$9*Assets!$S4),MIN(Limits!$B$9*Assets!$S4,MAX(0,$F4-SUM($I4:AG4)))),IF($E4=1,$F4-$I4,$H4)*INDEX(Rates!$C$2:$AP$60,MATCH($B4,Rates!$A$2:$A$60,0),26))) | AI4: =IF($B4="",0,IF($D4=1,IF(27<=$C4,MIN(IF($E4=1,$F4-$I4,$H4)*INDEX(Rates!$C$2:$AP$60,MATCH($B4,Rates!$A$2:$A$60,0),27),Limits!$B$9*Assets!$S4),MIN(Limits!$B$9*Assets!$S4,MAX(0,$F4-SUM($I4:AH4)))),IF($E4=1,$F4-$I4,$H4)*INDEX(Rates!$C$2:$AP$60,MATCH($B4,Rates!$A$2:$A$60,0),27))) | AJ4: =IF($B4="",0,IF($D4=1,IF(28<=$C4,MIN(IF($E4=1,$F4-$I4,$H4)*INDEX(Rates!$C$2:$AP$60,MATCH($B4,Rates!$A$2:$A$60,0),28),Limits!$B$9*Assets!$S4),MIN(Limits!$B$9*Assets!$S4,MAX(0,$F4-SUM($I4:AI4)))),IF($E4=1,$F4-$I4,$H4)*INDEX(Rates!$C$2:$AP$60,MATCH($B4,Rates!$A$2:$A$60,0),28))) | AK4: =IF($B4="",0,IF($D4=1,IF(29<=$C4,MIN(IF($E4=1,$F4-$I4,$H4)*INDEX(Rates!$C$2:$AP$60,MATCH($B4,Rates!$A$2:$A$60,0),29),Limits!$B$9*Assets!$S4),MIN(Limits!$B$9*Assets!$S4,MAX(0,$F4-SUM($I4:AJ4)))),IF($E4=1,$F4-$I4,$H4)*INDEX(Rates!$C$2:$AP$60,MATCH($B4,Rates!$A$2:$A$60,0),29))) | AL4: =IF($B4="",0,IF($D4=1,IF(30<=$C4,MIN(IF($E4=1,$F4-$I4,$H4)*INDEX(Rates!$C$2:$AP$60,MATCH($B4,Rates!$A$2:$A$60,0),30),Limits!$B$9*Assets!$S4),MIN(Limits!$B$9*Assets!$S4,MAX(0,$F4-SUM($I4:AK4)))),IF($E4=1,$F4-$I4,$H4)*INDEX(Rates!$C$2:$AP$60,MATCH($B4,Rates!$A$2:$A$60,0),30))) | AM4: =IF($B4="",0,IF($D4=1,IF(31<=$C4,MIN(IF($E4=1,$F4-$I4,$H4)*INDEX(Rates!$C$2:$AP$60,MATCH($B4,Rates!$A$2:$A$60,0),31),Limits!$B$9*Assets!$S4),MIN(Limits!$B$9*Assets!$S4,MAX(0,$F4-SUM($I4:AL4)))),IF($E4=1,$F4-$I4,$H4)*INDEX(Rates!$C$2:$AP$60,MATCH($B4,Rates!$A$2:$A$60,0),31))) | AN4: =IF($B4="",0,IF($D4=1,IF(32<=$C4,MIN(IF($E4=1,$F4-$I4,$H4)*INDEX(Rates!$C$2:$AP$60,MATCH($B4,Rates!$A$2:$A$60,0),32),Limits!$B$9*Assets!$S4),MIN(Limits!$B$9*Assets!$S4,MAX(0,$F4-SUM($I4:AM4)))),IF($E4=1,$F4-$I4,$H4)*INDEX(Rates!$C$2:$AP$60,MATCH($B4,Rates!$A$2:$A$60,0),32))) | AO4: =IF($B4="",0,IF($D4=1,IF(33<=$C4,MIN(IF($E4=1,$F4-$I4,$H4)*INDEX(Rates!$C$2:$AP$60,MATCH($B4,Rates!$A$2:$A$60,0),33),Limits!$B$9*Assets!$S4),MIN(Limits!$B$9*Assets!$S4,MAX(0,$F4-SUM($I4:AN4)))),IF($E4=1,$F4-$I4,$H4)*INDEX(Rates!$C$2:$AP$60,MATCH($B4,Rates!$A$2:$A$60,0),33))) | AP4: =IF($B4="",0,IF($D4=1,IF(34<=$C4,MIN(IF($E4=1,$F4-$I4,$H4)*INDEX(Rates!$C$2:$AP$60,MATCH($B4,Rates!$A$2:$A$60,0),34),Limits!$B$9*Assets!$S4),MIN(Limits!$B$9*Assets!$S4,MAX(0,$F4-SUM($I4:AO4)))),IF($E4=1,$F4-$I4,$H4)*INDEX(Rates!$C$2:$AP$60,MATCH($B4,Rates!$A$2:$A$60,0),34))) | AQ4: =IF($B4="",0,IF($D4=1,IF(35<=$C4,MIN(IF($E4=1,$F4-$I4,$H4)*INDEX(Rates!$C$2:$AP$60,MATCH($B4,Rates!$A$2:$A$60,0),35),Limits!$B$9*Assets!$S4),MIN(Limits!$B$9*Assets!$S4,MAX(0,$F4-SUM($I4:AP4)))),IF($E4=1,$F4-$I4,$H4)*INDEX(Rates!$C$2:$AP$60,MATCH($B4,Rates!$A$2:$A$60,0),35))) | AR4: =IF($B4="",0,IF($D4=1,IF(36<=$C4,MIN(IF($E4=1,$F4-$I4,$H4)*INDEX(Rates!$C$2:$AP$60,MATCH($B4,Rates!$A$2:$A$60,0),36),Limits!$B$9*Assets!$S4),MIN(Limits!$B$9*Assets!$S4,MAX(0,$F4-SUM($I4:AQ4)))),IF($E4=1,$F4-$I4,$H4)*INDEX(Rates!$C$2:$AP$60,MATCH($B4,Rates!$A$2:$A$60,0),36))) | AS4: =IF($B4="",0,IF($D4=1,IF(37<=$C4,MIN(IF($E4=1,$F4-$I4,$H4)*INDEX(Rates!$C$2:$AP$60,MATCH($B4,Rates!$A$2:$A$60,0),37),Limits!$B$9*Assets!$S4),MIN(Limits!$B$9*Assets!$S4,MAX(0,$F4-SUM($I4:AR4)))),IF($E4=1,$F4-$I4,$H4)*INDEX(Rates!$C$2:$AP$60,MATCH($B4,Rates!$A$2:$A$60,0),37))) | AT4: =IF($B4="",0,IF($D4=1,IF(38<=$C4,MIN(IF($E4=1,$F4-$I4,$H4)*INDEX(Rates!$C$2:$AP$60,MATCH($B4,Rates!$A$2:$A$60,0),38),Limits!$B$9*Assets!$S4),MIN(Limits!$B$9*Assets!$S4,MAX(0,$F4-SUM($I4:AS4)))),IF($E4=1,$F4-$I4,$H4)*INDEX(Rates!$C$2:$AP$60,MATCH($B4,Rates!$A$2:$A$60,0),38))) | AU4: =IF($B4="",0,IF($D4=1,IF(39<=$C4,MIN(IF($E4=1,$F4-$I4,$H4)*INDEX(Rates!$C$2:$AP$60,MATCH($B4,Rates!$A$2:$A$60,0),39),Limits!$B$9*Assets!$S4),MIN(Limits!$B$9*Assets!$S4,MAX(0,$F4-SUM($I4:AT4)))),IF($E4=1,$F4-$I4,$H4)*INDEX(Rates!$C$2:$AP$60,MATCH($B4,Rates!$A$2:$A$60,0),39))) | AV4: =IF($B4="",0,IF($D4=1,IF(40<=$C4,MIN(IF($E4=1,$F4-$I4,$H4)*INDEX(Rates!$C$2:$AP$60,MATCH($B4,Rates!$A$2:$A$60,0),40),Limits!$B$9*Assets!$S4),MIN(Limits!$B$9*Assets!$S4,MAX(0,$F4-SUM($I4:AU4)))),IF($E4=1,$F4-$I4,$H4)*INDEX(Rates!$C$2:$AP$60,MATCH($B4,Rates!$A$2:$A$60,0),40)))
A5: =IF(Assets!A5="","",Assets!A5) | B5: =Assets!AD5 | C5: =IF(B5="",0,INDEX(Rates!$B$2:$B$60,MATCH(B5,Rates!$A$2:$A$60,0))) | D5: =Assets!X5 | E5: =IF(AND(D5=1,Assets!J5=1,Assets!K5=0),1,0) | F5: =Assets!T5 | G5: =Assets!AF5+Assets!L5 | H5: =Assets!M5 | I5: =IF($B5="",0,IF($D5=1,IF(1<=$C5,MIN($G5+$H5*INDEX(Rates!$C$2:$AP$60,MATCH($B5,Rates!$A$2:$A$60,0),1),Assets!$Z5),MIN($G5+$H5*INDEX(Rates!$C$2:$AP$60,MATCH($B5,Rates!$A$2:$A$60,0),1),Assets!$Z5)),$G5+$H5*INDEX(Rates!$C$2:$AP$60,MATCH($B5,Rates!$A$2:$A$60,0),1))) | J5: =IF($B5="",0,IF($D5=1,IF(2<=$C5,MIN(IF($E5=1,$F5-$I5,$H5)*INDEX(Rates!$C$2:$AP$60,MATCH($B5,Rates!$A$2:$A$60,0),2),Limits!$B$7*Assets!$S5),MIN(Limits!$B$9*Assets!$S5,MAX(0,$F5-SUM($I5:I5)))),IF($E5=1,$F5-$I5,$H5)*INDEX(Rates!$C$2:$AP$60,MATCH($B5,Rates!$A$2:$A$60,0),2))) | K5: =IF($B5="",0,IF($D5=1,IF(3<=$C5,MIN(IF($E5=1,$F5-$I5,$H5)*INDEX(Rates!$C$2:$AP$60,MATCH($B5,Rates!$A$2:$A$60,0),3),Limits!$B$8*Assets!$S5),MIN(Limits!$B$9*Assets!$S5,MAX(0,$F5-SUM($I5:J5)))),IF($E5=1,$F5-$I5,$H5)*INDEX(Rates!$C$2:$AP$60,MATCH($B5,Rates!$A$2:$A$60,0),3))) | L5: =IF($B5="",0,IF($D5=1,IF(4<=$C5,MIN(IF($E5=1,$F5-$I5,$H5)*INDEX(Rates!$C$2:$AP$60,MATCH($B5,Rates!$A$2:$A$60,0),4),Limits!$B$9*Assets!$S5),MIN(Limits!$B$9*Assets!$S5,MAX(0,$F5-SUM($I5:K5)))),IF($E5=1,$F5-$I5,$H5)*INDEX(Rates!$C$2:$AP$60,MATCH($B5,Rates!$A$2:$A$60,0),4))) | M5: =IF($B5="",0,IF($D5=1,IF(5<=$C5,MIN(IF($E5=1,$F5-$I5,$H5)*INDEX(Rates!$C$2:$AP$60,MATCH($B5,Rates!$A$2:$A$60,0),5),Limits!$B$9*Assets!$S5),MIN(Limits!$B$9*Assets!$S5,MAX(0,$F5-SUM($I5:L5)))),IF($E5=1,$F5-$I5,$H5)*INDEX(Rates!$C$2:$AP$60,MATCH($B5,Rates!$A$2:$A$60,0),5))) | N5: =IF($B5="",0,IF($D5=1,IF(6<=$C5,MIN(IF($E5=1,$F5-$I5,$H5)*INDEX(Rates!$C$2:$AP$60,MATCH($B5,Rates!$A$2:$A$60,0),6),Limits!$B$9*Assets!$S5),MIN(Limits!$B$9*Assets!$S5,MAX(0,$F5-SUM($I5:M5)))),IF($E5=1,$F5-$I5,$H5)*INDEX(Rates!$C$2:$AP$60,MATCH($B5,Rates!$A$2:$A$60,0),6))) | O5: =IF($B5="",0,IF($D5=1,IF(7<=$C5,MIN(IF($E5=1,$F5-$I5,$H5)*INDEX(Rates!$C$2:$AP$60,MATCH($B5,Rates!$A$2:$A$60,0),7),Limits!$B$9*Assets!$S5),MIN(Limits!$B$9*Assets!$S5,MAX(0,$F5-SUM($I5:N5)))),IF($E5=1,$F5-$I5,$H5)*INDEX(Rates!$C$2:$AP$60,MATCH($B5,Rates!$A$2:$A$60,0),7))) | P5: =IF($B5="",0,IF($D5=1,IF(8<=$C5,MIN(IF($E5=1,$F5-$I5,$H5)*INDEX(Rates!$C$2:$AP$60,MATCH($B5,Rates!$A$2:$A$60,0),8),Limits!$B$9*Assets!$S5),MIN(Limits!$B$9*Assets!$S5,MAX(0,$F5-SUM($I5:O5)))),IF($E5=1,$F5-$I5,$H5)*INDEX(Rates!$C$2:$AP$60,MATCH($B5,Rates!$A$2:$A$60,0),8))) | Q5: =IF($B5="",0,IF($D5=1,IF(9<=$C5,MIN(IF($E5=1,$F5-$I5,$H5)*INDEX(Rates!$C$2:$AP$60,MATCH($B5,Rates!$A$2:$A$60,0),9),Limits!$B$9*Assets!$S5),MIN(Limits!$B$9*Assets!$S5,MAX(0,$F5-SUM($I5:P5)))),IF($E5=1,$F5-$I5,$H5)*INDEX(Rates!$C$2:$AP$60,MATCH($B5,Rates!$A$2:$A$60,0),9))) | R5: =IF($B5="",0,IF($D5=1,IF(10<=$C5,MIN(IF($E5=1,$F5-$I5,$H5)*INDEX(Rates!$C$2:$AP$60,MATCH($B5,Rates!$A$2:$A$60,0),10),Limits!$B$9*Assets!$S5),MIN(Limits!$B$9*Assets!$S5,MAX(0,$F5-SUM($I5:Q5)))),IF($E5=1,$F5-$I5,$H5)*INDEX(Rates!$C$2:$AP$60,MATCH($B5,Rates!$A$2:$A$60,0),10))) | S5: =IF($B5="",0,IF($D5=1,IF(11<=$C5,MIN(IF($E5=1,$F5-$I5,$H5)*INDEX(Rates!$C$2:$AP$60,MATCH($B5,Rates!$A$2:$A$60,0),11),Limits!$B$9*Assets!$S5),MIN(Limits!$B$9*Assets!$S5,MAX(0,$F5-SUM($I5:R5)))),IF($E5=1,$F5-$I5,$H5)*INDEX(Rates!$C$2:$AP$60,MATCH($B5,Rates!$A$2:$A$60,0),11))) | T5: =IF($B5="",0,IF($D5=1,IF(12<=$C5,MIN(IF($E5=1,$F5-$I5,$H5)*INDEX(Rates!$C$2:$AP$60,MATCH($B5,Rates!$A$2:$A$60,0),12),Limits!$B$9*Assets!$S5),MIN(Limits!$B$9*Assets!$S5,MAX(0,$F5-SUM($I5:S5)))),IF($E5=1,$F5-$I5,$H5)*INDEX(Rates!$C$2:$AP$60,MATCH($B5,Rates!$A$2:$A$60,0),12))) | U5: =IF($B5="",0,IF($D5=1,IF(13<=$C5,MIN(IF($E5=1,$F5-$I5,$H5)*INDEX(Rates!$C$2:$AP$60,MATCH($B5,Rates!$A$2:$A$60,0),13),Limits!$B$9*Assets!$S5),MIN(Limits!$B$9*Assets!$S5,MAX(0,$F5-SUM($I5:T5)))),IF($E5=1,$F5-$I5,$H5)*INDEX(Rates!$C$2:$AP$60,MATCH($B5,Rates!$A$2:$A$60,0),13))) | V5: =IF($B5="",0,IF($D5=1,IF(14<=$C5,MIN(IF($E5=1,$F5-$I5,$H5)*INDEX(Rates!$C$2:$AP$60,MATCH($B5,Rates!$A$2:$A$60,0),14),Limits!$B$9*Assets!$S5),MIN(Limits!$B$9*Assets!$S5,MAX(0,$F5-SUM($I5:U5)))),IF($E5=1,$F5-$I5,$H5)*INDEX(Rates!$C$2:$AP$60,MATCH($B5,Rates!$A$2:$A$60,0),14))) | W5: =IF($B5="",0,IF($D5=1,IF(15<=$C5,MIN(IF($E5=1,$F5-$I5,$H5)*INDEX(Rates!$C$2:$AP$60,MATCH($B5,Rates!$A$2:$A$60,0),15),Limits!$B$9*Assets!$S5),MIN(Limits!$B$9*Assets!$S5,MAX(0,$F5-SUM($I5:V5)))),IF($E5=1,$F5-$I5,$H5)*INDEX(Rates!$C$2:$AP$60,MATCH($B5,Rates!$A$2:$A$60,0),15))) | X5: =IF($B5="",0,IF($D5=1,IF(16<=$C5,MIN(IF($E5=1,$F5-$I5,$H5)*INDEX(Rates!$C$2:$AP$60,MATCH($B5,Rates!$A$2:$A$60,0),16),Limits!$B$9*Assets!$S5),MIN(Limits!$B$9*Assets!$S5,MAX(0,$F5-SUM($I5:W5)))),IF($E5=1,$F5-$I5,$H5)*INDEX(Rates!$C$2:$AP$60,MATCH($B5,Rates!$A$2:$A$60,0),16))) | Y5: =IF($B5="",0,IF($D5=1,IF(17<=$C5,MIN(IF($E5=1,$F5-$I5,$H5)*INDEX(Rates!$C$2:$AP$60,MATCH($B5,Rates!$A$2:$A$60,0),17),Limits!$B$9*Assets!$S5),MIN(Limits!$B$9*Assets!$S5,MAX(0,$F5-SUM($I5:X5)))),IF($E5=1,$F5-$I5,$H5)*INDEX(Rates!$C$2:$AP$60,MATCH($B5,Rates!$A$2:$A$60,0),17))) | Z5: =IF($B5="",0,IF($D5=1,IF(18<=$C5,MIN(IF($E5=1,$F5-$I5,$H5)*INDEX(Rates!$C$2:$AP$60,MATCH($B5,Rates!$A$2:$A$60,0),18),Limits!$B$9*Assets!$S5),MIN(Limits!$B$9*Assets!$S5,MAX(0,$F5-SUM($I5:Y5)))),IF($E5=1,$F5-$I5,$H5)*INDEX(Rates!$C$2:$AP$60,MATCH($B5,Rates!$A$2:$A$60,0),18))) | AA5: =IF($B5="",0,IF($D5=1,IF(19<=$C5,MIN(IF($E5=1,$F5-$I5,$H5)*INDEX(Rates!$C$2:$AP$60,MATCH($B5,Rates!$A$2:$A$60,0),19),Limits!$B$9*Assets!$S5),MIN(Limits!$B$9*Assets!$S5,MAX(0,$F5-SUM($I5:Z5)))),IF($E5=1,$F5-$I5,$H5)*INDEX(Rates!$C$2:$AP$60,MATCH($B5,Rates!$A$2:$A$60,0),19))) | AB5: =IF($B5="",0,IF($D5=1,IF(20<=$C5,MIN(IF($E5=1,$F5-$I5,$H5)*INDEX(Rates!$C$2:$AP$60,MATCH($B5,Rates!$A$2:$A$60,0),20),Limits!$B$9*Assets!$S5),MIN(Limits!$B$9*Assets!$S5,MAX(0,$F5-SUM($I5:AA5)))),IF($E5=1,$F5-$I5,$H5)*INDEX(Rates!$C$2:$AP$60,MATCH($B5,Rates!$A$2:$A$60,0),20))) | AC5: =IF($B5="",0,IF($D5=1,IF(21<=$C5,MIN(IF($E5=1,$F5-$I5,$H5)*INDEX(Rates!$C$2:$AP$60,MATCH($B5,Rates!$A$2:$A$60,0),21),Limits!$B$9*Assets!$S5),MIN(Limits!$B$9*Assets!$S5,MAX(0,$F5-SUM($I5:AB5)))),IF($E5=1,$F5-$I5,$H5)*INDEX(Rates!$C$2:$AP$60,MATCH($B5,Rates!$A$2:$A$60,0),21))) | AD5: =IF($B5="",0,IF($D5=1,IF(22<=$C5,MIN(IF($E5=1,$F5-$I5,$H5)*INDEX(Rates!$C$2:$AP$60,MATCH($B5,Rates!$A$2:$A$60,0),22),Limits!$B$9*Assets!$S5),MIN(Limits!$B$9*Assets!$S5,MAX(0,$F5-SUM($I5:AC5)))),IF($E5=1,$F5-$I5,$H5)*INDEX(Rates!$C$2:$AP$60,MATCH($B5,Rates!$A$2:$A$60,0),22))) | AE5: =IF($B5="",0,IF($D5=1,IF(23<=$C5,MIN(IF($E5=1,$F5-$I5,$H5)*INDEX(Rates!$C$2:$AP$60,MATCH($B5,Rates!$A$2:$A$60,0),23),Limits!$B$9*Assets!$S5),MIN(Limits!$B$9*Assets!$S5,MAX(0,$F5-SUM($I5:AD5)))),IF($E5=1,$F5-$I5,$H5)*INDEX(Rates!$C$2:$AP$60,MATCH($B5,Rates!$A$2:$A$60,0),23))) | AF5: =IF($B5="",0,IF($D5=1,IF(24<=$C5,MIN(IF($E5=1,$F5-$I5,$H5)*INDEX(Rates!$C$2:$AP$60,MATCH($B5,Rates!$A$2:$A$60,0),24),Limits!$B$9*Assets!$S5),MIN(Limits!$B$9*Assets!$S5,MAX(0,$F5-SUM($I5:AE5)))),IF($E5=1,$F5-$I5,$H5)*INDEX(Rates!$C$2:$AP$60,MATCH($B5,Rates!$A$2:$A$60,0),24))) | AG5: =IF($B5="",0,IF($D5=1,IF(25<=$C5,MIN(IF($E5=1,$F5-$I5,$H5)*INDEX(Rates!$C$2:$AP$60,MATCH($B5,Rates!$A$2:$A$60,0),25),Limits!$B$9*Assets!$S5),MIN(Limits!$B$9*Assets!$S5,MAX(0,$F5-SUM($I5:AF5)))),IF($E5=1,$F5-$I5,$H5)*INDEX(Rates!$C$2:$AP$60,MATCH($B5,Rates!$A$2:$A$60,0),25))) | AH5: =IF($B5="",0,IF($D5=1,IF(26<=$C5,MIN(IF($E5=1,$F5-$I5,$H5)*INDEX(Rates!$C$2:$AP$60,MATCH($B5,Rates!$A$2:$A$60,0),26),Limits!$B$9*Assets!$S5),MIN(Limits!$B$9*Assets!$S5,MAX(0,$F5-SUM($I5:AG5)))),IF($E5=1,$F5-$I5,$H5)*INDEX(Rates!$C$2:$AP$60,MATCH($B5,Rates!$A$2:$A$60,0),26))) | AI5: =IF($B5="",0,IF($D5=1,IF(27<=$C5,MIN(IF($E5=1,$F5-$I5,$H5)*INDEX(Rates!$C$2:$AP$60,MATCH($B5,Rates!$A$2:$A$60,0),27),Limits!$B$9*Assets!$S5),MIN(Limits!$B$9*Assets!$S5,MAX(0,$F5-SUM($I5:AH5)))),IF($E5=1,$F5-$I5,$H5)*INDEX(Rates!$C$2:$AP$60,MATCH($B5,Rates!$A$2:$A$60,0),27))) | AJ5: =IF($B5="",0,IF($D5=1,IF(28<=$C5,MIN(IF($E5=1,$F5-$I5,$H5)*INDEX(Rates!$C$2:$AP$60,MATCH($B5,Rates!$A$2:$A$60,0),28),Limits!$B$9*Assets!$S5),MIN(Limits!$B$9*Assets!$S5,MAX(0,$F5-SUM($I5:AI5)))),IF($E5=1,$F5-$I5,$H5)*INDEX(Rates!$C$2:$AP$60,MATCH($B5,Rates!$A$2:$A$60,0),28))) | AK5: =IF($B5="",0,IF($D5=1,IF(29<=$C5,MIN(IF($E5=1,$F5-$I5,$H5)*INDEX(Rates!$C$2:$AP$60,MATCH($B5,Rates!$A$2:$A$60,0),29),Limits!$B$9*Assets!$S5),MIN(Limits!$B$9*Assets!$S5,MAX(0,$F5-SUM($I5:AJ5)))),IF($E5=1,$F5-$I5,$H5)*INDEX(Rates!$C$2:$AP$60,MATCH($B5,Rates!$A$2:$A$60,0),29))) | AL5: =IF($B5="",0,IF($D5=1,IF(30<=$C5,MIN(IF($E5=1,$F5-$I5,$H5)*INDEX(Rates!$C$2:$AP$60,MATCH($B5,Rates!$A$2:$A$60,0),30),Limits!$B$9*Assets!$S5),MIN(Limits!$B$9*Assets!$S5,MAX(0,$F5-SUM($I5:AK5)))),IF($E5=1,$F5-$I5,$H5)*INDEX(Rates!$C$2:$AP$60,MATCH($B5,Rates!$A$2:$A$60,0),30))) | AM5: =IF($B5="",0,IF($D5=1,IF(31<=$C5,MIN(IF($E5=1,$F5-$I5,$H5)*INDEX(Rates!$C$2:$AP$60,MATCH($B5,Rates!$A$2:$A$60,0),31),Limits!$B$9*Assets!$S5),MIN(Limits!$B$9*Assets!$S5,MAX(0,$F5-SUM($I5:AL5)))),IF($E5=1,$F5-$I5,$H5)*INDEX(Rates!$C$2:$AP$60,MATCH($B5,Rates!$A$2:$A$60,0),31))) | AN5: =IF($B5="",0,IF($D5=1,IF(32<=$C5,MIN(IF($E5=1,$F5-$I5,$H5)*INDEX(Rates!$C$2:$AP$60,MATCH($B5,Rates!$A$2:$A$60,0),32),Limits!$B$9*Assets!$S5),MIN(Limits!$B$9*Assets!$S5,MAX(0,$F5-SUM($I5:AM5)))),IF($E5=1,$F5-$I5,$H5)*INDEX(Rates!$C$2:$AP$60,MATCH($B5,Rates!$A$2:$A$60,0),32))) | AO5: =IF($B5="",0,IF($D5=1,IF(33<=$C5,MIN(IF($E5=1,$F5-$I5,$H5)*INDEX(Rates!$C$2:$AP$60,MATCH($B5,Rates!$A$2:$A$60,0),33),Limits!$B$9*Assets!$S5),MIN(Limits!$B$9*Assets!$S5,MAX(0,$F5-SUM($I5:AN5)))),IF($E5=1,$F5-$I5,$H5)*INDEX(Rates!$C$2:$AP$60,MATCH($B5,Rates!$A$2:$A$60,0),33))) | AP5: =IF($B5="",0,IF($D5=1,IF(34<=$C5,MIN(IF($E5=1,$F5-$I5,$H5)*INDEX(Rates!$C$2:$AP$60,MATCH($B5,Rates!$A$2:$A$60,0),34),Limits!$B$9*Assets!$S5),MIN(Limits!$B$9*Assets!$S5,MAX(0,$F5-SUM($I5:AO5)))),IF($E5=1,$F5-$I5,$H5)*INDEX(Rates!$C$2:$AP$60,MATCH($B5,Rates!$A$2:$A$60,0),34))) | AQ5: =IF($B5="",0,IF($D5=1,IF(35<=$C5,MIN(IF($E5=1,$F5-$I5,$H5)*INDEX(Rates!$C$2:$AP$60,MATCH($B5,Rates!$A$2:$A$60,0),35),Limits!$B$9*Assets!$S5),MIN(Limits!$B$9*Assets!$S5,MAX(0,$F5-SUM($I5:AP5)))),IF($E5=1,$F5-$I5,$H5)*INDEX(Rates!$C$2:$AP$60,MATCH($B5,Rates!$A$2:$A$60,0),35))) | AR5: =IF($B5="",0,IF($D5=1,IF(36<=$C5,MIN(IF($E5=1,$F5-$I5,$H5)*INDEX(Rates!$C$2:$AP$60,MATCH($B5,Rates!$A$2:$A$60,0),36),Limits!$B$9*Assets!$S5),MIN(Limits!$B$9*Assets!$S5,MAX(0,$F5-SUM($I5:AQ5)))),IF($E5=1,$F5-$I5,$H5)*INDEX(Rates!$C$2:$AP$60,MATCH($B5,Rates!$A$2:$A$60,0),36))) | AS5: =IF($B5="",0,IF($D5=1,IF(37<=$C5,MIN(IF($E5=1,$F5-$I5,$H5)*INDEX(Rates!$C$2:$AP$60,MATCH($B5,Rates!$A$2:$A$60,0),37),Limits!$B$9*Assets!$S5),MIN(Limits!$B$9*Assets!$S5,MAX(0,$F5-SUM($I5:AR5)))),IF($E5=1,$F5-$I5,$H5)*INDEX(Rates!$C$2:$AP$60,MATCH($B5,Rates!$A$2:$A$60,0),37))) | AT5: =IF($B5="",0,IF($D5=1,IF(38<=$C5,MIN(IF($E5=1,$F5-$I5,$H5)*INDEX(Rates!$C$2:$AP$60,MATCH($B5,Rates!$A$2:$A$60,0),38),Limits!$B$9*Assets!$S5),MIN(Limits!$B$9*Assets!$S5,MAX(0,$F5-SUM($I5:AS5)))),IF($E5=1,$F5-$I5,$H5)*INDEX(Rates!$C$2:$AP$60,MATCH($B5,Rates!$A$2:$A$60,0),38))) | AU5: =IF($B5="",0,IF($D5=1,IF(39<=$C5,MIN(IF($E5=1,$F5-$I5,$H5)*INDEX(Rates!$C$2:$AP$60,MATCH($B5,Rates!$A$2:$A$60,0),39),Limits!$B$9*Assets!$S5),MIN(Limits!$B$9*Assets!$S5,MAX(0,$F5-SUM($I5:AT5)))),IF($E5=1,$F5-$I5,$H5)*INDEX(Rates!$C$2:$AP$60,MATCH($B5,Rates!$A$2:$A$60,0),39))) | AV5: =IF($B5="",0,IF($D5=1,IF(40<=$C5,MIN(IF($E5=1,$F5-$I5,$H5)*INDEX(Rates!$C$2:$AP$60,MATCH($B5,Rates!$A$2:$A$60,0),40),Limits!$B$9*Assets!$S5),MIN(Limits!$B$9*Assets!$S5,MAX(0,$F5-SUM($I5:AU5)))),IF($E5=1,$F5-$I5,$H5)*INDEX(Rates!$C$2:$AP$60,MATCH($B5,Rates!$A$2:$A$60,0),40)))
